Workbook
Name _Hlk39130726: '1-Uitgangspunten'!$A$16
Name _Toc106114456: '1-Uitgangspunten'!$A$2
Name _Toc106114457: '1-Uitgangspunten'!$A$5
Name _Toc106114458: '1-Uitgangspunten'!$A$9
Name _Toc106114459: '1-Uitgangspunten'!$A$13
Name _Toc518445846: '1-Uitgangspunten'!$A$17
Name berichtok: #N/A
Name berichtok: '2-Kosten per locatie'!berichtok
Name berichtok: '2-Kosten per locatie'!berichtok
Name berichtoke: #N/A
Name berichtoke: '2-Kosten per locatie'!berichtoke
Name berichtoke: '2-Kosten per locatie'!berichtoke
Name berichtoke1: #N/A
Name berichtoke1: '2-Kosten per locatie'!berichtoke1
Name berichtoke1: '2-Kosten per locatie'!berichtoke1
Name Berkt: #N/A
Name Berkt: '2-Kosten per locatie'!Berkt
Name Berkt: '2-Kosten per locatie'!Berkt
Name einde: #N/A
Name einde: '2-Kosten per locatie'!einde
Name einde: '2-Kosten per locatie'!einde
Name Gan_R: #N/A
Name Gan_R: '2-Kosten per locatie'!Gan_R
Name Gan_R: '2-Kosten per locatie'!Gan_R
Name glas: #N/A
Name Kengetal: #REF!
Name uren_mavr: #REF!
Name VloerM: #REF!

Sheet 0-prijsformulier
A1: Invoervelden
A3: Naam opdrachtgever | B3: ='2-Kosten per locatie'!B3 -> Veiligheidsregio Rotterdam-Rijnmond
A4: Calculatie onderdeel | B4: =MID(CELL("bestandsnaam",$B$11),SEARCH("]",CELL("bestandsnaam",$B$11),1)+1,256) -> 0-prijsformulier | C4: VERSIE 3
A5: Gebouw/plaats | B5: ='2-Kosten per locatie'!B5 -> Perceel 1 schoonmaak en glasbewassing
A6: Referentie nummer | B6: ='2-Kosten per locatie'!B6 -> 522549
A7: Naam dienstverlener
A8: Prijspeil | B8: ='2-Kosten per locatie'!B8 -> 46023
A9: Versie | B9: v3
A11: Prijsformulier
A13: Schoonmaak onderhoud, Glasbewassing en Sanitaire verbruiksartikelen
A14: Perceel 1 | B14: Perceel 1
A16: Opdrachtnemer verklaart zich door ondertekening van het prijsformulier, bereid op zich te nemen de werkzaamheden ten behoeve van het uitvoeren van de opdracht m.b.t. Schoonmaak onderhoud, Glasbewassing en Sanitaire verbruiksartikelen perceel 1 aan de VRR, overeenkomstig de bepalingen en inhoud van de offerteaanvraag (inclusief bijlagen en nota's van inlichtingen) en aan te nemen voor de onderstaande totaalprijs, weergegeven inclusief btw.
C18: Totaal kosten dienstverlening
A20: Inschrijfprijs incl. btw | C20: ='2-Kosten per locatie'!P3 -> #DIV/0!
A22: Totaal | B22: =C20 -> #DIV/0!
A23: Zegge :
A24: ………………...............euro, incl. btw)
A26: Opdrachtnemer verklaart dat deze opgegeven inschrijfprijs de totaalprijs is voor de uitvoering van de opdracht zoals beschreven in het aanbestedingsdocument van de aanbesteding schoonmaakonderhoud, glasbewassing en sanitaire verbruiksartikelen perceel 1
A28: Naam Inschrijver: | B28: …
A30: Naam rechtsgeldige vertegenwoordiger: | B30: …
A32: Aldus naar waarheid ingevuld: | B32: Datum: ... Plaats: …
A34: Handtekening van de rechtsgeldige vertegenwoordiger:
A35: Ondertekening van dit document geschied via het formulier ‘conformiteitverklaring inschrijving’ (zie Tenderned bijlage 12 onder ‘Aanbestedingsdocumenten’), welke geldig is voor alle in Tenderned door de inschrijver ge-uploadde en ingevulde digitale documenten behorende bij onderhavige aanbesteding.

Sheet 1-Uitgangspunten
A1: Naam opdrachtgever | B1: ='2-Kosten per locatie'!B3 -> Veiligheidsregio Rotterdam-Rijnmond
A2: Calculatie onderdeel | B2: =MID(CELL("bestandsnaam",$B$11),SEARCH("]",CELL("bestandsnaam",$B$11),1)+1,256) -> 1-Uitgangspunten
A3: Gebouw/plaats | B3: ='2-Kosten per locatie'!B5 -> Perceel 1 schoonmaak en glasbewassing
A4: Referentie nummer | B4: ='2-Kosten per locatie'!B6 -> 522549

Sheet 2-Kosten per locatie
A1: Invoervelden | E1: Minimale taakgrootte | J1: EINDTOTAAL KOSTEN PER JAAR EXCLUSIEF BTW INSCHRIJVINGSBEDRAG | P1: =U117 -> #DIV/0!
F2: uur per dag | J2: B.T.W. | O2: 0.21 | P2: =O2*P1 -> #DIV/0!
A3: Naam opdrachtgever | B3: Veiligheidsregio Rotterdam-Rijnmond | J3: Totale kosten per jaar inclusief B.T.W. | P3: =P1+P2 -> #DIV/0!
A4: Calculatie onderdeel | B4: =MID(CELL("bestandsnaam",$B$12),SEARCH("]",CELL("bestandsnaam",$B$12),1)+1,256) -> 2-Kosten per locatie | E4: Toezicht percentage
A5: Gebouw/plaats | B5: Perceel 1 schoonmaak en glasbewassing | F5: per prod. Uur | J5: MAXIMALE BOVENGRENS PLAFONDBEDRAG INSCHRIJVINGSBEDRAG EXCL BTW | P5: 710000
A6: Referentie nummer | B6: 522549 | J6: MAXIMALE ONDERGRENS INSCHRIJVINGSBEDRAG EXCL BTW | P6: 650000
A7: Naam dienstverlener
A8: Prijspeil | B8: 46023 | J8: SUPPLETIEKOSTEN OVERNAME PERSONEEL EXCL BTW**
A9: Versie | B9: v3 | J9: ** Dit is het maximale bedrag dat door de dienstverlener aan suppletiekosten in rekening wordt gebracht. Indien hier niets wordt ingevuld betekent dit dat er geen suppletiekosten door de dienstverlener in rekening worden gebracht.
J12: PRODUCTIE UREN PER JAAR | P12: UREN OPSLAG MINIMALE TAAKGROOTTE PER JAAR | V12: TOEZICHTUREN PER JAAR
A13: Locatie | B13: Totaal m2 | C13: Locatie factor | D13: Hoogste frequentie ma t/m vr | E13: Hoogste frequentie ma t/m vr naloop | F13: Hoogste frequentie za - zo | G13: Hoogste frequentie za - zo naloop | H13: Hoogste frequentie feestdag | I13: Hoogste frequentie feestdag naloop | J13: Productie uren ma t/m vr | K13: Productie uren ma t/m vr naloop | L13: Productie uren za - zo | M13: Productie uren za - zo naloop | N13: Productie uren feestdag | O13: Productie uren feestdag naloop | P13: Uren minimale taakgrootte ma t/m vrij | Q13: Uren minimale taakgrootte ma t/m vrij naloop | R13: Uren minimale taakgrootte za - zo | S13: Uren minimale taakgrootte za - zo naloop | T13: Uren minimale taakgrootte feestdag | U13: Uren minimale taakgrootte feestdag naloop | V13: Toezicht uren per jaar ma t/m vr | W13: Toezicht uren per jaar ma t/m vr naloop | X13: Toezicht uren per jaar za - zo | Y13: Toezicht uren per jaar za - zo naloop | Z13: Toezicht uren per jaar feestdag | AA13: Toezicht uren per jaar feestdag naloop
A14: Barendrecht - Breslau 2 | B14: =SUMIF('4-Basis ruimtestaat'!B:B,'2-Kosten per locatie'!A14,'4-Basis ruimtestaat'!H:H) -> 1541 | D14: =_xlfn.MAXIFS('4-Basis ruimtestaat'!K:K,'4-Basis ruimtestaat'!B:B,'2-Kosten per locatie'!A14) -> 255 | E14: =_xlfn.MAXIFS('4-Basis ruimtestaat'!L:L,'4-Basis ruimtestaat'!B:B,'2-Kosten per locatie'!A14) -> 0 | F14: =_xlfn.MAXIFS('4-Basis ruimtestaat'!M:M,'4-Basis ruimtestaat'!B:B,'2-Kosten per locatie'!A14) -> 102 | G14: =_xlfn.MAXIFS('4-Basis ruimtestaat'!N:N,'4-Basis ruimtestaat'!B:B,'2-Kosten per locatie'!A14) -> 0 | H14: =_xlfn.MAXIFS('4-Basis ruimtestaat'!O:O,'4-Basis ruimtestaat'!B:B,'2-Kosten per locatie'!A14) -> 8 | I14: =_xlfn.MAXIFS('4-Basis ruimtestaat'!P:P,'4-Basis ruimtestaat'!B:B,'2-Kosten per locatie'!A14) -> 0 | J14: =SUMIF('4-Basis ruimtestaat'!B:B,'2-Kosten per locatie'!A14,'4-Basis ruimtestaat'!Q:Q) -> #DIV/0! | K14: =SUMIF('4-Basis ruimtestaat'!B:B,'2-Kosten per locatie'!A14,'4-Basis ruimtestaat'!R:R) -> 0 | L14: =SUMIF('4-Basis ruimtestaat'!B:B,'2-Kosten per locatie'!A14,'4-Basis ruimtestaat'!S:S) -> #DIV/0! | M14: =SUMIF('4-Basis ruimtestaat'!B:B,'2-Kosten per locatie'!A14,'4-Basis ruimtestaat'!T:T) -> 0 | N14: =SUMIF('4-Basis ruimtestaat'!B:B,'2-Kosten per locatie'!A14,'4-Basis ruimtestaat'!U:U) -> #DIV/0! | O14: =SUMIF('4-Basis ruimtestaat'!B:B,'2-Kosten per locatie'!A14,'4-Basis ruimtestaat'!V:V) -> 0 | P14: =IF(J14<(D14*$E$2),D14*$E$2-J14,0) -> #DIV/0! | Q14: =IF(K14<(E14*$E$2),E14*$E$2-K14,0) -> 0 | R14: =IF(L14<(F14*$E$2),F14*$E$2-L14,0) -> #DIV/0! | S14: =IF(M14<(G14*$E$2),G14*$E$2-M14,0) -> 0 | T14: =IF(N14<(H14*$E$2),H14*$E$2-N14,0) -> #DIV/0! | U14: =IF(O14<(I14*$E$2),I14*$E$2-O14,0) -> 0 | V14: =J14*$E$5 -> #DIV/0! | W14: =K14*$E$5 -> 0 | X14: =L14*$E$5 -> #DIV/0! | Y14: =M14*$E$5 -> 0 | Z14: =N14*$E$5 -> #DIV/0! | AA14: =O14*$E$5 -> 0
A15: Barendrecht - Breslau 4 | B15: =SUMIF('4-Basis ruimtestaat'!B:B,'2-Kosten per locatie'!A15,'4-Basis ruimtestaat'!H:H) -> 1432 | D15: =_xlfn.MAXIFS('4-Basis ruimtestaat'!K:K,'4-Basis ruimtestaat'!B:B,'2-Kosten per locatie'!A15) -> 156 | E15: =_xlfn.MAXIFS('4-Basis ruimtestaat'!L:L,'4-Basis ruimtestaat'!B:B,'2-Kosten per locatie'!A15) -> 0 | F15: =_xlfn.MAXIFS('4-Basis ruimtestaat'!M:M,'4-Basis ruimtestaat'!B:B,'2-Kosten per locatie'!A15) -> 0 | G15: =_xlfn.MAXIFS('4-Basis ruimtestaat'!N:N,'4-Basis ruimtestaat'!B:B,'2-Kosten per locatie'!A15) -> 0 | H15: =_xlfn.MAXIFS('4-Basis ruimtestaat'!O:O,'4-Basis ruimtestaat'!B:B,'2-Kosten per locatie'!A15) -> 0 | I15: =_xlfn.MAXIFS('4-Basis ruimtestaat'!P:P,'4-Basis ruimtestaat'!B:B,'2-Kosten per locatie'!A15) -> 0 | J15: =SUMIF('4-Basis ruimtestaat'!B:B,'2-Kosten per locatie'!A15,'4-Basis ruimtestaat'!Q:Q) -> #DIV/0! | K15: =SUMIF('4-Basis ruimtestaat'!B:B,'2-Kosten per locatie'!A15,'4-Basis ruimtestaat'!R:R) -> 0 | L15: =SUMIF('4-Basis ruimtestaat'!B:B,'2-Kosten per locatie'!A15,'4-Basis ruimtestaat'!S:S) -> 0 | M15: =SUMIF('4-Basis ruimtestaat'!B:B,'2-Kosten per locatie'!A15,'4-Basis ruimtestaat'!T:T) -> 0 | N15: =SUMIF('4-Basis ruimtestaat'!B:B,'2-Kosten per locatie'!A15,'4-Basis ruimtestaat'!U:U) -> 0 | O15: =SUMIF('4-Basis ruimtestaat'!B:B,'2-Kosten per locatie'!A15,'4-Basis ruimtestaat'!V:V) -> 0 | P15: =IF(J15<(D15*$E$2),D15*$E$2-J15,0) -> #DIV/0! | Q15: =IF(K15<(E15*$E$2),E15*$E$2-K15,0) -> 0 | R15: =IF(L15<(F15*$E$2),F15*$E$2-L15,0) -> 0 | S15: =IF(M15<(G15*$E$2),G15*$E$2-M15,0) -> 0 | T15: =IF(N15<(H15*$E$2),H15*$E$2-N15,0) -> 0 | U15: =IF(O15<(I15*$E$2),I15*$E$2-O15,0) -> 0 | V15: =J15*$E$5 -> #DIV/0! | W15: =K15*$E$5 -> 0 | X15: =L15*$E$5 -> 0 | Y15: =M15*$E$5 -> 0 | Z15: =N15*$E$5 -> 0 | AA15: =O15*$E$5 -> 0
A16: Barendrecht - Dr. Kuijperstraat 25 | B16: =SUMIF('4-Basis ruimtestaat'!B:B,'2-Kosten per locatie'!A16,'4-Basis ruimtestaat'!H:H) -> 273.98 | D16: =_xlfn.MAXIFS('4-Basis ruimtestaat'!K:K,'4-Basis ruimtestaat'!B:B,'2-Kosten per locatie'!A16) -> 130 | E16: =_xlfn.MAXIFS('4-Basis ruimtestaat'!L:L,'4-Basis ruimtestaat'!B:B,'2-Kosten per locatie'!A16) -> 0 | F16: =_xlfn.MAXIFS('4-Basis ruimtestaat'!M:M,'4-Basis ruimtestaat'!B:B,'2-Kosten per locatie'!A16) -> 0 | G16: =_xlfn.MAXIFS('4-Basis ruimtestaat'!N:N,'4-Basis ruimtestaat'!B:B,'2-Kosten per locatie'!A16) -> 0 | H16: =_xlfn.MAXIFS('4-Basis ruimtestaat'!O:O,'4-Basis ruimtestaat'!B:B,'2-Kosten per locatie'!A16) -> 0 | I16: =_xlfn.MAXIFS('4-Basis ruimtestaat'!P:P,'4-Basis ruimtestaat'!B:B,'2-Kosten per locatie'!A16) -> 0 | J16: =SUMIF('4-Basis ruimtestaat'!B:B,'2-Kosten per locatie'!A16,'4-Basis ruimtestaat'!Q:Q) -> #DIV/0! | K16: =SUMIF('4-Basis ruimtestaat'!B:B,'2-Kosten per locatie'!A16,'4-Basis ruimtestaat'!R:R) -> 0 | L16: =SUMIF('4-Basis ruimtestaat'!B:B,'2-Kosten per locatie'!A16,'4-Basis ruimtestaat'!S:S) -> 0 | M16: =SUMIF('4-Basis ruimtestaat'!B:B,'2-Kosten per locatie'!A16,'4-Basis ruimtestaat'!T:T) -> 0 | N16: =SUMIF('4-Basis ruimtestaat'!B:B,'2-Kosten per locatie'!A16,'4-Basis ruimtestaat'!U:U) -> 0 | O16: =SUMIF('4-Basis ruimtestaat'!B:B,'2-Kosten per locatie'!A16,'4-Basis ruimtestaat'!V:V) -> 0 | P16: =IF(J16<(D16*$E$2),D16*$E$2-J16,0) -> #DIV/0! | Q16: =IF(K16<(E16*$E$2),E16*$E$2-K16,0) -> 0 | R16: =IF(L16<(F16*$E$2),F16*$E$2-L16,0) -> 0 | S16: =IF(M16<(G16*$E$2),G16*$E$2-M16,0) -> 0 | T16: =IF(N16<(H16*$E$2),H16*$E$2-N16,0) -> 0 | U16: =IF(O16<(I16*$E$2),I16*$E$2-O16,0) -> 0 | V16: =J16*$E$5 -> #DIV/0! | W16: =K16*$E$5 -> 0 | X16: =L16*$E$5 -> 0 | Y16: =M16*$E$5 -> 0 | Z16: =N16*$E$5 -> 0 | AA16: =O16*$E$5 -> 0
A17: Berkel - Berkelse Poort 25 | B17: =SUMIF('4-Basis ruimtestaat'!B:B,'2-Kosten per locatie'!A17,'4-Basis ruimtestaat'!H:H) -> 895.02 | D17: =_xlfn.MAXIFS('4-Basis ruimtestaat'!K:K,'4-Basis ruimtestaat'!B:B,'2-Kosten per locatie'!A17) -> 255 | E17: =_xlfn.MAXIFS('4-Basis ruimtestaat'!L:L,'4-Basis ruimtestaat'!B:B,'2-Kosten per locatie'!A17) -> 0 | F17: =_xlfn.MAXIFS('4-Basis ruimtestaat'!M:M,'4-Basis ruimtestaat'!B:B,'2-Kosten per locatie'!A17) -> 0 | G17: =_xlfn.MAXIFS('4-Basis ruimtestaat'!N:N,'4-Basis ruimtestaat'!B:B,'2-Kosten per locatie'!A17) -> 0 | H17: =_xlfn.MAXIFS('4-Basis ruimtestaat'!O:O,'4-Basis ruimtestaat'!B:B,'2-Kosten per locatie'!A17) -> 0 | I17: =_xlfn.MAXIFS('4-Basis ruimtestaat'!P:P,'4-Basis ruimtestaat'!B:B,'2-Kosten per locatie'!A17) -> 0 | J17: =SUMIF('4-Basis ruimtestaat'!B:B,'2-Kosten per locatie'!A17,'4-Basis ruimtestaat'!Q:Q) -> #DIV/0! | K17: =SUMIF('4-Basis ruimtestaat'!B:B,'2-Kosten per locatie'!A17,'4-Basis ruimtestaat'!R:R) -> 0 | L17: =SUMIF('4-Basis ruimtestaat'!B:B,'2-Kosten per locatie'!A17,'4-Basis ruimtestaat'!S:S) -> 0 | M17: =SUMIF('4-Basis ruimtestaat'!B:B,'2-Kosten per locatie'!A17,'4-Basis ruimtestaat'!T:T) -> 0 | N17: =SUMIF('4-Basis ruimtestaat'!B:B,'2-Kosten per locatie'!A17,'4-Basis ruimtestaat'!U:U) -> 0 | O17: =SUMIF('4-Basis ruimtestaat'!B:B,'2-Kosten per locatie'!A17,'4-Basis ruimtestaat'!V:V) -> 0 | P17: =IF(J17<(D17*$E$2),D17*$E$2-J17,0) -> #DIV/0! | Q17: =IF(K17<(E17*$E$2),E17*$E$2-K17,0) -> 0 | R17: =IF(L17<(F17*$E$2),F17*$E$2-L17,0) -> 0 | S17: =IF(M17<(G17*$E$2),G17*$E$2-M17,0) -> 0 | T17: =IF(N17<(H17*$E$2),H17*$E$2-N17,0) -> 0 | U17: =IF(O17<(I17*$E$2),I17*$E$2-O17,0) -> 0 | V17: =J17*$E$5 -> #DIV/0! | W17: =K17*$E$5 -> 0 | X17: =L17*$E$5 -> 0 | Y17: =M17*$E$5 -> 0 | Z17: =N17*$E$5 -> 0 | AA17: =O17*$E$5 -> 0
A18: Bleiswijk - J. v/d Heydenstraat 6 | B18: =SUMIF('4-Basis ruimtestaat'!B:B,'2-Kosten per locatie'!A18,'4-Basis ruimtestaat'!H:H) -> 166.005 | D18: =_xlfn.MAXIFS('4-Basis ruimtestaat'!K:K,'4-Basis ruimtestaat'!B:B,'2-Kosten per locatie'!A18) -> 52 | E18: =_xlfn.MAXIFS('4-Basis ruimtestaat'!L:L,'4-Basis ruimtestaat'!B:B,'2-Kosten per locatie'!A18) -> 0 | F18: =_xlfn.MAXIFS('4-Basis ruimtestaat'!M:M,'4-Basis ruimtestaat'!B:B,'2-Kosten per locatie'!A18) -> 0 | G18: =_xlfn.MAXIFS('4-Basis ruimtestaat'!N:N,'4-Basis ruimtestaat'!B:B,'2-Kosten per locatie'!A18) -> 0 | H18: =_xlfn.MAXIFS('4-Basis ruimtestaat'!O:O,'4-Basis ruimtestaat'!B:B,'2-Kosten per locatie'!A18) -> 0 | I18: =_xlfn.MAXIFS('4-Basis ruimtestaat'!P:P,'4-Basis ruimtestaat'!B:B,'2-Kosten per locatie'!A18) -> 0 | J18: =SUMIF('4-Basis ruimtestaat'!B:B,'2-Kosten per locatie'!A18,'4-Basis ruimtestaat'!Q:Q) -> #DIV/0! | K18: =SUMIF('4-Basis ruimtestaat'!B:B,'2-Kosten per locatie'!A18,'4-Basis ruimtestaat'!R:R) -> 0 | L18: =SUMIF('4-Basis ruimtestaat'!B:B,'2-Kosten per locatie'!A18,'4-Basis ruimtestaat'!S:S) -> 0 | M18: =SUMIF('4-Basis ruimtestaat'!B:B,'2-Kosten per locatie'!A18,'4-Basis ruimtestaat'!T:T) -> 0 | N18: =SUMIF('4-Basis ruimtestaat'!B:B,'2-Kosten per locatie'!A18,'4-Basis ruimtestaat'!U:U) -> 0 | O18: =SUMIF('4-Basis ruimtestaat'!B:B,'2-Kosten per locatie'!A18,'4-Basis ruimtestaat'!V:V) -> 0 | P18: =IF(J18<(D18*$E$2),D18*$E$2-J18,0) -> #DIV/0! | Q18: =IF(K18<(E18*$E$2),E18*$E$2-K18,0) -> 0 | R18: =IF(L18<(F18*$E$2),F18*$E$2-L18,0) -> 0 | S18: =IF(M18<(G18*$E$2),G18*$E$2-M18,0) -> 0 | T18: =IF(N18<(H18*$E$2),H18*$E$2-N18,0) -> 0 | U18: =IF(O18<(I18*$E$2),I18*$E$2-O18,0) -> 0 | V18: =J18*$E$5 -> #DIV/0! | W18: =K18*$E$5 -> 0 | X18: =L18*$E$5 -> 0 | Y18: =M18*$E$5 -> 0 | Z18: =N18*$E$5 -> 0 | AA18: =O18*$E$5 -> 0
A19: Brielle - Amer 7 | B19: =SUMIF('4-Basis ruimtestaat'!B:B,'2-Kosten per locatie'!A19,'4-Basis ruimtestaat'!H:H) -> 114.7545 | D19: =_xlfn.MAXIFS('4-Basis ruimtestaat'!K:K,'4-Basis ruimtestaat'!B:B,'2-Kosten per locatie'!A19) -> 255 | E19: =_xlfn.MAXIFS('4-Basis ruimtestaat'!L:L,'4-Basis ruimtestaat'!B:B,'2-Kosten per locatie'!A19) -> 0 | F19: =_xlfn.MAXIFS('4-Basis ruimtestaat'!M:M,'4-Basis ruimtestaat'!B:B,'2-Kosten per locatie'!A19) -> 52 | G19: =_xlfn.MAXIFS('4-Basis ruimtestaat'!N:N,'4-Basis ruimtestaat'!B:B,'2-Kosten per locatie'!A19) -> 0 | H19: =_xlfn.MAXIFS('4-Basis ruimtestaat'!O:O,'4-Basis ruimtestaat'!B:B,'2-Kosten per locatie'!A19) -> 6 | I19: =_xlfn.MAXIFS('4-Basis ruimtestaat'!P:P,'4-Basis ruimtestaat'!B:B,'2-Kosten per locatie'!A19) -> 0 | J19: =SUMIF('4-Basis ruimtestaat'!B:B,'2-Kosten per locatie'!A19,'4-Basis ruimtestaat'!Q:Q) -> #DIV/0! | K19: =SUMIF('4-Basis ruimtestaat'!B:B,'2-Kosten per locatie'!A19,'4-Basis ruimtestaat'!R:R) -> 0 | L19: =SUMIF('4-Basis ruimtestaat'!B:B,'2-Kosten per locatie'!A19,'4-Basis ruimtestaat'!S:S) -> #DIV/0! | M19: =SUMIF('4-Basis ruimtestaat'!B:B,'2-Kosten per locatie'!A19,'4-Basis ruimtestaat'!T:T) -> 0 | N19: =SUMIF('4-Basis ruimtestaat'!B:B,'2-Kosten per locatie'!A19,'4-Basis ruimtestaat'!U:U) -> #DIV/0! | O19: =SUMIF('4-Basis ruimtestaat'!B:B,'2-Kosten per locatie'!A19,'4-Basis ruimtestaat'!V:V) -> 0 | P19: =IF(J19<(D19*$E$2),D19*$E$2-J19,0) -> #DIV/0! | Q19: =IF(K19<(E19*$E$2),E19*$E$2-K19,0) -> 0 | R19: =IF(L19<(F19*$E$2),F19*$E$2-L19,0) -> #DIV/0! | S19: =IF(M19<(G19*$E$2),G19*$E$2-M19,0) -> 0 | T19: =IF(N19<(H19*$E$2),H19*$E$2-N19,0) -> #DIV/0! | U19: =IF(O19<(I19*$E$2),I19*$E$2-O19,0) -> 0 | V19: =J19*$E$5 -> #DIV/0! | W19: =K19*$E$5 -> 0 | X19: =L19*$E$5 -> #DIV/0! | Y19: =M19*$E$5 -> 0 | Z19: =N19*$E$5 -> #DIV/0! | AA19: =O19*$E$5 -> 0
A20: Brielle - Krammer 2 | B20: =SUMIF('4-Basis ruimtestaat'!B:B,'2-Kosten per locatie'!A20,'4-Basis ruimtestaat'!H:H) -> 0 | D20: =_xlfn.MAXIFS('4-Basis ruimtestaat'!K:K,'4-Basis ruimtestaat'!B:B,'2-Kosten per locatie'!A20) -> 0 | E20: =_xlfn.MAXIFS('4-Basis ruimtestaat'!L:L,'4-Basis ruimtestaat'!B:B,'2-Kosten per locatie'!A20) -> 0 | F20: =_xlfn.MAXIFS('4-Basis ruimtestaat'!M:M,'4-Basis ruimtestaat'!B:B,'2-Kosten per locatie'!A20) -> 0 | G20: =_xlfn.MAXIFS('4-Basis ruimtestaat'!N:N,'4-Basis ruimtestaat'!B:B,'2-Kosten per locatie'!A20) -> 0 | H20: =_xlfn.MAXIFS('4-Basis ruimtestaat'!O:O,'4-Basis ruimtestaat'!B:B,'2-Kosten per locatie'!A20) -> 0 | I20: =_xlfn.MAXIFS('4-Basis ruimtestaat'!P:P,'4-Basis ruimtestaat'!B:B,'2-Kosten per locatie'!A20) -> 0 | J20: =SUMIF('4-Basis ruimtestaat'!B:B,'2-Kosten per locatie'!A20,'4-Basis ruimtestaat'!Q:Q) -> 0 | K20: =SUMIF('4-Basis ruimtestaat'!B:B,'2-Kosten per locatie'!A20,'4-Basis ruimtestaat'!R:R) -> 0 | L20: =SUMIF('4-Basis ruimtestaat'!B:B,'2-Kosten per locatie'!A20,'4-Basis ruimtestaat'!S:S) -> 0 | M20: =SUMIF('4-Basis ruimtestaat'!B:B,'2-Kosten per locatie'!A20,'4-Basis ruimtestaat'!T:T) -> 0 | N20: =SUMIF('4-Basis ruimtestaat'!B:B,'2-Kosten per locatie'!A20,'4-Basis ruimtestaat'!U:U) -> 0 | O20: =SUMIF('4-Basis ruimtestaat'!B:B,'2-Kosten per locatie'!A20,'4-Basis ruimtestaat'!V:V) -> 0 | P20: =IF(J20<(D20*$E$2),D20*$E$2-J20,0) -> 0 | Q20: =IF(K20<(E20*$E$2),E20*$E$2-K20,0) -> 0 | R20: =IF(L20<(F20*$E$2),F20*$E$2-L20,0) -> 0 | S20: =IF(M20<(G20*$E$2),G20*$E$2-M20,0) -> 0 | T20: =IF(N20<(H20*$E$2),H20*$E$2-N20,0) -> 0 | U20: =IF(O20<(I20*$E$2),I20*$E$2-O20,0) -> 0 | V20: =J20*$E$5 -> 0 | W20: =K20*$E$5 -> 0 | X20: =L20*$E$5 -> 0 | Y20: =M20*$E$5 -> 0 | Z20: =N20*$E$5 -> 0 | AA20: =O20*$E$5 -> 0
A21: Capelle a/d Ijssel - Slotlaan 121 | B21: =SUMIF('4-Basis ruimtestaat'!B:B,'2-Kosten per locatie'!A21,'4-Basis ruimtestaat'!H:H) -> 1103.66 | D21: =_xlfn.MAXIFS('4-Basis ruimtestaat'!K:K,'4-Basis ruimtestaat'!B:B,'2-Kosten per locatie'!A21) -> 255 | E21: =_xlfn.MAXIFS('4-Basis ruimtestaat'!L:L,'4-Basis ruimtestaat'!B:B,'2-Kosten per locatie'!A21) -> 0 | F21: =_xlfn.MAXIFS('4-Basis ruimtestaat'!M:M,'4-Basis ruimtestaat'!B:B,'2-Kosten per locatie'!A21) -> 0 | G21: =_xlfn.MAXIFS('4-Basis ruimtestaat'!N:N,'4-Basis ruimtestaat'!B:B,'2-Kosten per locatie'!A21) -> 0 | H21: =_xlfn.MAXIFS('4-Basis ruimtestaat'!O:O,'4-Basis ruimtestaat'!B:B,'2-Kosten per locatie'!A21) -> 0 | I21: =_xlfn.MAXIFS('4-Basis ruimtestaat'!P:P,'4-Basis ruimtestaat'!B:B,'2-Kosten per locatie'!A21) -> 0 | J21: =SUMIF('4-Basis ruimtestaat'!B:B,'2-Kosten per locatie'!A21,'4-Basis ruimtestaat'!Q:Q) -> #DIV/0! | K21: =SUMIF('4-Basis ruimtestaat'!B:B,'2-Kosten per locatie'!A21,'4-Basis ruimtestaat'!R:R) -> 0 | L21: =SUMIF('4-Basis ruimtestaat'!B:B,'2-Kosten per locatie'!A21,'4-Basis ruimtestaat'!S:S) -> 0 | M21: =SUMIF('4-Basis ruimtestaat'!B:B,'2-Kosten per locatie'!A21,'4-Basis ruimtestaat'!T:T) -> 0 | N21: =SUMIF('4-Basis ruimtestaat'!B:B,'2-Kosten per locatie'!A21,'4-Basis ruimtestaat'!U:U) -> 0 | O21: =SUMIF('4-Basis ruimtestaat'!B:B,'2-Kosten per locatie'!A21,'4-Basis ruimtestaat'!V:V) -> 0 | P21: =IF(J21<(D21*$E$2),D21*$E$2-J21,0) -> #DIV/0! | Q21: =IF(K21<(E21*$E$2),E21*$E$2-K21,0) -> 0 | R21: =IF(L21<(F21*$E$2),F21*$E$2-L21,0) -> 0 | S21: =IF(M21<(G21*$E$2),G21*$E$2-M21,0) -> 0 | T21: =IF(N21<(H21*$E$2),H21*$E$2-N21,0) -> 0 | U21: =IF(O21<(I21*$E$2),I21*$E$2-O21,0) -> 0 | V21: =J21*$E$5 -> #DIV/0! | W21: =K21*$E$5 -> 0 | X21: =L21*$E$5 -> 0 | Y21: =M21*$E$5 -> 0 | Z21: =N21*$E$5 -> 0 | AA21: =O21*$E$5 -> 0
A22: Dirksland - Philipshoofjesweg 57a | B22: =SUMIF('4-Basis ruimtestaat'!B:B,'2-Kosten per locatie'!A22,'4-Basis ruimtestaat'!H:H) -> 0 | D22: =_xlfn.MAXIFS('4-Basis ruimtestaat'!K:K,'4-Basis ruimtestaat'!B:B,'2-Kosten per locatie'!A22) -> 0 | E22: =_xlfn.MAXIFS('4-Basis ruimtestaat'!L:L,'4-Basis ruimtestaat'!B:B,'2-Kosten per locatie'!A22) -> 0 | F22: =_xlfn.MAXIFS('4-Basis ruimtestaat'!M:M,'4-Basis ruimtestaat'!B:B,'2-Kosten per locatie'!A22) -> 0 | G22: =_xlfn.MAXIFS('4-Basis ruimtestaat'!N:N,'4-Basis ruimtestaat'!B:B,'2-Kosten per locatie'!A22) -> 0 | H22: =_xlfn.MAXIFS('4-Basis ruimtestaat'!O:O,'4-Basis ruimtestaat'!B:B,'2-Kosten per locatie'!A22) -> 0 | I22: =_xlfn.MAXIFS('4-Basis ruimtestaat'!P:P,'4-Basis ruimtestaat'!B:B,'2-Kosten per locatie'!A22) -> 0 | J22: =SUMIF('4-Basis ruimtestaat'!B:B,'2-Kosten per locatie'!A22,'4-Basis ruimtestaat'!Q:Q) -> 0 | K22: =SUMIF('4-Basis ruimtestaat'!B:B,'2-Kosten per locatie'!A22,'4-Basis ruimtestaat'!R:R) -> 0 | L22: =SUMIF('4-Basis ruimtestaat'!B:B,'2-Kosten per locatie'!A22,'4-Basis ruimtestaat'!S:S) -> 0 | M22: =SUMIF('4-Basis ruimtestaat'!B:B,'2-Kosten per locatie'!A22,'4-Basis ruimtestaat'!T:T) -> 0 | N22: =SUMIF('4-Basis ruimtestaat'!B:B,'2-Kosten per locatie'!A22,'4-Basis ruimtestaat'!U:U) -> 0 | O22: =SUMIF('4-Basis ruimtestaat'!B:B,'2-Kosten per locatie'!A22,'4-Basis ruimtestaat'!V:V) -> 0 | P22: =IF(J22<(D22*$E$2),D22*$E$2-J22,0) -> 0 | Q22: =IF(K22<(E22*$E$2),E22*$E$2-K22,0) -> 0 | R22: =IF(L22<(F22*$E$2),F22*$E$2-L22,0) -> 0 | S22: =IF(M22<(G22*$E$2),G22*$E$2-M22,0) -> 0 | T22: =IF(N22<(H22*$E$2),H22*$E$2-N22,0) -> 0 | U22: =IF(O22<(I22*$E$2),I22*$E$2-O22,0) -> 0 | V22: =J22*$E$5 -> 0 | W22: =K22*$E$5 -> 0 | X22: =L22*$E$5 -> 0 | Y22: =M22*$E$5 -> 0 | Z22: =N22*$E$5 -> 0 | AA22: =O22*$E$5 -> 0
A23: Dirksland - Watertoren 45d | B23: =SUMIF('4-Basis ruimtestaat'!B:B,'2-Kosten per locatie'!A23,'4-Basis ruimtestaat'!H:H) -> 114.03 | D23: =_xlfn.MAXIFS('4-Basis ruimtestaat'!K:K,'4-Basis ruimtestaat'!B:B,'2-Kosten per locatie'!A23) -> 156 | E23: =_xlfn.MAXIFS('4-Basis ruimtestaat'!L:L,'4-Basis ruimtestaat'!B:B,'2-Kosten per locatie'!A23) -> 0 | F23: =_xlfn.MAXIFS('4-Basis ruimtestaat'!M:M,'4-Basis ruimtestaat'!B:B,'2-Kosten per locatie'!A23) -> 0 | G23: =_xlfn.MAXIFS('4-Basis ruimtestaat'!N:N,'4-Basis ruimtestaat'!B:B,'2-Kosten per locatie'!A23) -> 0 | H23: =_xlfn.MAXIFS('4-Basis ruimtestaat'!O:O,'4-Basis ruimtestaat'!B:B,'2-Kosten per locatie'!A23) -> 0 | I23: =_xlfn.MAXIFS('4-Basis ruimtestaat'!P:P,'4-Basis ruimtestaat'!B:B,'2-Kosten per locatie'!A23) -> 0 | J23: =SUMIF('4-Basis ruimtestaat'!B:B,'2-Kosten per locatie'!A23,'4-Basis ruimtestaat'!Q:Q) -> #DIV/0! | K23: =SUMIF('4-Basis ruimtestaat'!B:B,'2-Kosten per locatie'!A23,'4-Basis ruimtestaat'!R:R) -> 0 | L23: =SUMIF('4-Basis ruimtestaat'!B:B,'2-Kosten per locatie'!A23,'4-Basis ruimtestaat'!S:S) -> 0 | M23: =SUMIF('4-Basis ruimtestaat'!B:B,'2-Kosten per locatie'!A23,'4-Basis ruimtestaat'!T:T) -> 0 | N23: =SUMIF('4-Basis ruimtestaat'!B:B,'2-Kosten per locatie'!A23,'4-Basis ruimtestaat'!U:U) -> 0 | O23: =SUMIF('4-Basis ruimtestaat'!B:B,'2-Kosten per locatie'!A23,'4-Basis ruimtestaat'!V:V) -> 0 | P23: =IF(J23<(D23*$E$2),D23*$E$2-J23,0) -> #DIV/0! | Q23: =IF(K23<(E23*$E$2),E23*$E$2-K23,0) -> 0 | R23: =IF(L23<(F23*$E$2),F23*$E$2-L23,0) -> 0 | S23: =IF(M23<(G23*$E$2),G23*$E$2-M23,0) -> 0 | T23: =IF(N23<(H23*$E$2),H23*$E$2-N23,0) -> 0 | U23: =IF(O23<(I23*$E$2),I23*$E$2-O23,0) -> 0 | V23: =J23*$E$5 -> #DIV/0! | W23: =K23*$E$5 -> 0 | X23: =L23*$E$5 -> 0 | Y23: =M23*$E$5 -> 0 | Z23: =N23*$E$5 -> 0 | AA23: =O23*$E$5 -> 0
A24: Goedereede - Provincialeweg 18a | B24: =SUMIF('4-Basis ruimtestaat'!B:B,'2-Kosten per locatie'!A24,'4-Basis ruimtestaat'!H:H) -> 262.027 | D24: =_xlfn.MAXIFS('4-Basis ruimtestaat'!K:K,'4-Basis ruimtestaat'!B:B,'2-Kosten per locatie'!A24) -> 156 | E24: =_xlfn.MAXIFS('4-Basis ruimtestaat'!L:L,'4-Basis ruimtestaat'!B:B,'2-Kosten per locatie'!A24) -> 0 | F24: =_xlfn.MAXIFS('4-Basis ruimtestaat'!M:M,'4-Basis ruimtestaat'!B:B,'2-Kosten per locatie'!A24) -> 0 | G24: =_xlfn.MAXIFS('4-Basis ruimtestaat'!N:N,'4-Basis ruimtestaat'!B:B,'2-Kosten per locatie'!A24) -> 0 | H24: =_xlfn.MAXIFS('4-Basis ruimtestaat'!O:O,'4-Basis ruimtestaat'!B:B,'2-Kosten per locatie'!A24) -> 0 | I24: =_xlfn.MAXIFS('4-Basis ruimtestaat'!P:P,'4-Basis ruimtestaat'!B:B,'2-Kosten per locatie'!A24) -> 0 | J24: =SUMIF('4-Basis ruimtestaat'!B:B,'2-Kosten per locatie'!A24,'4-Basis ruimtestaat'!Q:Q) -> #DIV/0! | K24: =SUMIF('4-Basis ruimtestaat'!B:B,'2-Kosten per locatie'!A24,'4-Basis ruimtestaat'!R:R) -> 0 | L24: =SUMIF('4-Basis ruimtestaat'!B:B,'2-Kosten per locatie'!A24,'4-Basis ruimtestaat'!S:S) -> 0 | M24: =SUMIF('4-Basis ruimtestaat'!B:B,'2-Kosten per locatie'!A24,'4-Basis ruimtestaat'!T:T) -> 0 | N24: =SUMIF('4-Basis ruimtestaat'!B:B,'2-Kosten per locatie'!A24,'4-Basis ruimtestaat'!U:U) -> 0 | O24: =SUMIF('4-Basis ruimtestaat'!B:B,'2-Kosten per locatie'!A24,'4-Basis ruimtestaat'!V:V) -> 0 | P24: =IF(J24<(D24*$E$2),D24*$E$2-J24,0) -> #DIV/0! | Q24: =IF(K24<(E24*$E$2),E24*$E$2-K24,0) -> 0 | R24: =IF(L24<(F24*$E$2),F24*$E$2-L24,0) -> 0 | S24: =IF(M24<(G24*$E$2),G24*$E$2-M24,0) -> 0 | T24: =IF(N24<(H24*$E$2),H24*$E$2-N24,0) -> 0 | U24: =IF(O24<(I24*$E$2),I24*$E$2-O24,0) -> 0 | V24: =J24*$E$5 -> #DIV/0! | W24: =K24*$E$5 -> 0 | X24: =L24*$E$5 -> 0 | Y24: =M24*$E$5 -> 0 | Z24: =N24*$E$5 -> 0 | AA24: =O24*$E$5 -> 0
A25: Hellevoetsluis - Tolweg 45a | B25: =SUMIF('4-Basis ruimtestaat'!B:B,'2-Kosten per locatie'!A25,'4-Basis ruimtestaat'!H:H) -> 319.01 | D25: =_xlfn.MAXIFS('4-Basis ruimtestaat'!K:K,'4-Basis ruimtestaat'!B:B,'2-Kosten per locatie'!A25) -> 130 | E25: =_xlfn.MAXIFS('4-Basis ruimtestaat'!L:L,'4-Basis ruimtestaat'!B:B,'2-Kosten per locatie'!A25) -> 0 | F25: =_xlfn.MAXIFS('4-Basis ruimtestaat'!M:M,'4-Basis ruimtestaat'!B:B,'2-Kosten per locatie'!A25) -> 0 | G25: =_xlfn.MAXIFS('4-Basis ruimtestaat'!N:N,'4-Basis ruimtestaat'!B:B,'2-Kosten per locatie'!A25) -> 0 | H25: =_xlfn.MAXIFS('4-Basis ruimtestaat'!O:O,'4-Basis ruimtestaat'!B:B,'2-Kosten per locatie'!A25) -> 0 | I25: =_xlfn.MAXIFS('4-Basis ruimtestaat'!P:P,'4-Basis ruimtestaat'!B:B,'2-Kosten per locatie'!A25) -> 0 | J25: =SUMIF('4-Basis ruimtestaat'!B:B,'2-Kosten per locatie'!A25,'4-Basis ruimtestaat'!Q:Q) -> #DIV/0! | K25: =SUMIF('4-Basis ruimtestaat'!B:B,'2-Kosten per locatie'!A25,'4-Basis ruimtestaat'!R:R) -> 0 | L25: =SUMIF('4-Basis ruimtestaat'!B:B,'2-Kosten per locatie'!A25,'4-Basis ruimtestaat'!S:S) -> 0 | M25: =SUMIF('4-Basis ruimtestaat'!B:B,'2-Kosten per locatie'!A25,'4-Basis ruimtestaat'!T:T) -> 0 | N25: =SUMIF('4-Basis ruimtestaat'!B:B,'2-Kosten per locatie'!A25,'4-Basis ruimtestaat'!U:U) -> 0 | O25: =SUMIF('4-Basis ruimtestaat'!B:B,'2-Kosten per locatie'!A25,'4-Basis ruimtestaat'!V:V) -> 0 | P25: =IF(J25<(D25*$E$2),D25*$E$2-J25,0) -> #DIV/0! | Q25: =IF(K25<(E25*$E$2),E25*$E$2-K25,0) -> 0 | R25: =IF(L25<(F25*$E$2),F25*$E$2-L25,0) -> 0 | S25: =IF(M25<(G25*$E$2),G25*$E$2-M25,0) -> 0 | T25: =IF(N25<(H25*$E$2),H25*$E$2-N25,0) -> 0 | U25: =IF(O25<(I25*$E$2),I25*$E$2-O25,0) -> 0 | V25: =J25*$E$5 -> #DIV/0! | W25: =K25*$E$5 -> 0 | X25: =L25*$E$5 -> 0 | Y25: =M25*$E$5 -> 0 | Z25: =N25*$E$5 -> 0 | AA25: =O25*$E$5 -> 0
... A62: Rotterdam - Sicilieboulevard 227 | B62: =SUMIF('4-Basis ruimtestaat'!B:B,'2-Kosten per locatie'!A62,'4-Basis ruimtestaat'!H:H) -> 0 | D62: =_xlfn.MAXIFS('4-Basis ruimtestaat'!K:K,'4-Basis ruimtestaat'!B:B,'2-Kosten per locatie'!A62) -> 0 | E62: =_xlfn.MAXIFS('4-Basis ruimtestaat'!L:L,'4-Basis ruimtestaat'!B:B,'2-Kosten per locatie'!A62) -> 0 | F62: =_xlfn.MAXIFS('4-Basis ruimtestaat'!M:M,'4-Basis ruimtestaat'!B:B,'2-Kosten per locatie'!A62) -> 0 | G62: =_xlfn.MAXIFS('4-Basis ruimtestaat'!N:N,'4-Basis ruimtestaat'!B:B,'2-Kosten per locatie'!A62) -> 0 | H62: =_xlfn.MAXIFS('4-Basis ruimtestaat'!O:O,'4-Basis ruimtestaat'!B:B,'2-Kosten per locatie'!A62) -> 0 | I62: =_xlfn.MAXIFS('4-Basis ruimtestaat'!P:P,'4-Basis ruimtestaat'!B:B,'2-Kosten per locatie'!A62) -> 0 | J62: =SUMIF('4-Basis ruimtestaat'!B:B,'2-Kosten per locatie'!A62,'4-Basis ruimtestaat'!Q:Q) -> 0 | K62: =SUMIF('4-Basis ruimtestaat'!B:B,'2-Kosten per locatie'!A62,'4-Basis ruimtestaat'!R:R) -> 0 | L62: =SUMIF('4-Basis ruimtestaat'!B:B,'2-Kosten per locatie'!A62,'4-Basis ruimtestaat'!S:S) -> 0 | M62: =SUMIF('4-Basis ruimtestaat'!B:B,'2-Kosten per locatie'!A62,'4-Basis ruimtestaat'!T:T) -> 0 | N62: =SUMIF('4-Basis ruimtestaat'!B:B,'2-Kosten per locatie'!A62,'4-Basis ruimtestaat'!U:U) -> 0 | O62: =SUMIF('4-Basis ruimtestaat'!B:B,'2-Kosten per locatie'!A62,'4-Basis ruimtestaat'!V:V) -> 0 | P62: =IF(J62<(D62*$E$2),D62*$E$2-J62,0) -> 0 | Q62: =IF(K62<(E62*$E$2),E62*$E$2-K62,0) -> 0 | R62: =IF(L62<(F62*$E$2),F62*$E$2-L62,0) -> 0 | S62: =IF(M62<(G62*$E$2),G62*$E$2-M62,0) -> 0 | T62: =IF(N62<(H62*$E$2),H62*$E$2-N62,0) -> 0 | U62: =IF(O62<(I62*$E$2),I62*$E$2-O62,0) -> 0 | V62: =J62*$E$5 -> 0 | W62: =K62*$E$5 -> 0 | X62: =L62*$E$5 -> 0 | Y62: =M62*$E$5 -> 0 | Z62: =N62*$E$5 -> 0 | AA62: =O62*$E$5 -> 0
A63: Algemeen | B63: =SUMIF('4-Basis ruimtestaat'!B:B,'2-Kosten per locatie'!A63,'4-Basis ruimtestaat'!H:H) -> 0 | C63: =SUMIF('4-Basis ruimtestaat'!C:C,'2-Kosten per locatie'!B63,'4-Basis ruimtestaat'!I:I) -> 0 | D63: =_xlfn.MAXIFS('4-Basis ruimtestaat'!K:K,'4-Basis ruimtestaat'!B:B,'2-Kosten per locatie'!A63) -> 0 | E63: =_xlfn.MAXIFS('4-Basis ruimtestaat'!L:L,'4-Basis ruimtestaat'!B:B,'2-Kosten per locatie'!A63) -> 0 | F63: =_xlfn.MAXIFS('4-Basis ruimtestaat'!M:M,'4-Basis ruimtestaat'!B:B,'2-Kosten per locatie'!A63) -> 0 | G63: =_xlfn.MAXIFS('4-Basis ruimtestaat'!N:N,'4-Basis ruimtestaat'!B:B,'2-Kosten per locatie'!A63) -> 0 | H63: =_xlfn.MAXIFS('4-Basis ruimtestaat'!O:O,'4-Basis ruimtestaat'!B:B,'2-Kosten per locatie'!A63) -> 0 | I63: =_xlfn.MAXIFS('4-Basis ruimtestaat'!P:P,'4-Basis ruimtestaat'!B:B,'2-Kosten per locatie'!A63) -> 0 | J63: =SUMIF('4-Basis ruimtestaat'!B:B,'2-Kosten per locatie'!A63,'4-Basis ruimtestaat'!Q:Q) -> 0 | K63: =SUMIF('4-Basis ruimtestaat'!B:B,'2-Kosten per locatie'!A63,'4-Basis ruimtestaat'!R:R) -> 0 | L63: =SUMIF('4-Basis ruimtestaat'!B:B,'2-Kosten per locatie'!A63,'4-Basis ruimtestaat'!S:S) -> 0 | M63: =SUMIF('4-Basis ruimtestaat'!B:B,'2-Kosten per locatie'!A63,'4-Basis ruimtestaat'!T:T) -> 0 | N63: =SUMIF('4-Basis ruimtestaat'!B:B,'2-Kosten per locatie'!A63,'4-Basis ruimtestaat'!U:U) -> 0 | O63: =SUMIF('4-Basis ruimtestaat'!B:B,'2-Kosten per locatie'!A63,'4-Basis ruimtestaat'!V:V) -> 0 | P63: =IF(J63<(D63*$E$2),D63*$E$2-J63,0) -> 0 | Q63: =IF(K63<(E63*$E$2),E63*$E$2-K63,0) -> 0 | R63: =IF(L63<(F63*$E$2),F63*$E$2-L63,0) -> 0 | S63: =IF(M63<(G63*$E$2),G63*$E$2-M63,0) -> 0 | T63: =IF(N63<(H63*$E$2),H63*$E$2-N63,0) -> 0 | U63: =IF(O63<(I63*$E$2),I63*$E$2-O63,0) -> 0 | V63: =J63*$E$5 -> 0 | W63: =K63*$E$5 -> 0 | X63: =L63*$E$5 -> 0 | Y63: =M63*$E$5 -> 0 | Z63: =N63*$E$5 -> 0 | AA63: =O63*$E$5 -> 0
A64: Totaal | B64: =SUM(B14:B63) -> 23201.22 | J64: =SUM(J14:J63) -> #DIV/0! | K64: =SUM(K14:K63) -> 0 | L64: =SUM(L14:L63) -> #DIV/0! | M64: =SUM(M14:M63) -> 0 | N64: =SUM(N14:N63) -> #DIV/0! | O64: =SUM(O14:O63) -> 0 | P64: =SUM(P14:P63) -> #DIV/0! | Q64: =SUM(Q14:Q63) -> 0 | ... AA64: =SUM(AA14:AA63) -> 0
A66: Locatie | B66: Kosten productie per jaar ma t/m vr incl minimale taakgrootte | C66: Kosten productie per jaar ma t/m vr naloop incl minimale taakgrootte | D66: Kosten productie per jaar za - zo incl minimale taakgrootte | E66: Kosten productie per jaar za / zo / fe naloop incl minimale taakgrootte | F66: Kosten productie per jaar feestdag incl minimale taakgrootte | G66: Kosten productie per jaar feestdag naloop incl minimale taakgrootte | H66: Totale kosten productie per jaar | I66: Kosten toezicht per jaar ma t/m vr | J66: Kosten toezicht per jaar ma t/m vr naloop | K66: Kosten toezicht per jaar za - zo | L66: Kosten toezicht per jaar za / zo / fe naloop | M66: Kosten toezicht per jaar feestdag | N66: Kosten toezicht per jaar feestdag naloop | O66: Totale kosten toezicht per jaar | P66: Kosten vloeronderhoud per jaar | Q66: Kosten Additioneel per jaar | R66: Kosten glasbewassing per jaar | S66: Kosten diep reiniging sanitair | T66: Kosten diep reiniging keukens | U66: Totaal kosten per jaar excl. btw | V66: Totaal kosten per maand excl. btw
A67: =A14 -> Barendrecht - Breslau 2 | B67: =(J14+P14)*'6-Opbouw uurtarief productie'!$E$46 -> #DIV/0! | C67: =(K14+Q14)*'6-Opbouw uurtarief productie'!$E$46 -> #DIV/0! | D67: =(L14+R14)*'6-Opbouw uurtarief productie'!$E$50 -> #DIV/0! | E67: =(M14+S14)*'6-Opbouw uurtarief productie'!$E$50 -> #DIV/0! | F67: =(N14+T14)*'6-Opbouw uurtarief productie'!$E$52 -> #DIV/0! | G67: =(O14+U14)*'6-Opbouw uurtarief productie'!$E$52 -> #DIV/0! | H67: =SUM(B67:G67) -> #DIV/0! | I67: =V14*'7-Opbouw uurtarief toezicht'!$E$46 -> #DIV/0! | J67: =W14*'7-Opbouw uurtarief toezicht'!$E$46 -> #DIV/0! | K67: =X14*'7-Opbouw uurtarief toezicht'!$E$50 -> #DIV/0! | L67: =Y14*'7-Opbouw uurtarief toezicht'!$E$50 -> #DIV/0! | M67: =Z14*'7-Opbouw uurtarief toezicht'!$E$52 -> #DIV/0! | N67: =AA14*'7-Opbouw uurtarief toezicht'!$E$52 -> #DIV/0! | O67: =SUM(I67:N67) -> #DIV/0! | P67: =SUMIF('11-Vloeronderhoud'!A:A,'2-Kosten per locatie'!A67,'11-Vloeronderhoud'!H:H) -> 0 | Q67: =SUMIF('8-Additionele kosten'!A:A,'2-Kosten per locatie'!A67,'8-Additionele kosten'!H:H) -> 0 | R67: =SUMIF('10-Glasbewassing'!A:A,'2-Kosten per locatie'!A67,'10-Glasbewassing'!H:H) -> 0 | S67: =SUMIF('12-Diepreiniging sanitair'!A:A,'2-Kosten per locatie'!A67,'12-Diepreiniging sanitair'!Q:Q) -> 0 | T67: =SUMIF('13-Diepreiniging keuken'!A:A,A67,'13-Diepreiniging keuken'!H:H) -> 0 | U67: =H67+O67+P67+Q67+R67+S67+T67 -> #DIV/0! | V67: =U67/12 -> #DIV/0!
A68: =A15 -> Barendrecht - Breslau 4 | B68: =(J15+P15)*'6-Opbouw uurtarief productie'!$E$46 -> #DIV/0! | C68: =(K15+Q15)*'6-Opbouw uurtarief productie'!$E$46 -> #DIV/0! | D68: =(L15+R15)*'6-Opbouw uurtarief productie'!$E$50 -> #DIV/0! | E68: =(M15+S15)*'6-Opbouw uurtarief productie'!$E$50 -> #DIV/0! | F68: =(N15+T15)*'6-Opbouw uurtarief productie'!$E$52 -> #DIV/0! | G68: =(O15+U15)*'6-Opbouw uurtarief productie'!$E$52 -> #DIV/0! | H68: =SUM(B68:G68) -> #DIV/0! | I68: =V15*'7-Opbouw uurtarief toezicht'!$E$46 -> #DIV/0! | J68: =W15*'7-Opbouw uurtarief toezicht'!$E$46 -> #DIV/0! | K68: =X15*'7-Opbouw uurtarief toezicht'!$E$50 -> #DIV/0! | L68: =Y15*'7-Opbouw uurtarief toezicht'!$E$50 -> #DIV/0! | M68: =Z15*'7-Opbouw uurtarief toezicht'!$E$52 -> #DIV/0! | N68: =AA15*'7-Opbouw uurtarief toezicht'!$E$52 -> #DIV/0! | O68: =SUM(I68:N68) -> #DIV/0! | P68: =SUMIF('11-Vloeronderhoud'!A:A,'2-Kosten per locatie'!A68,'11-Vloeronderhoud'!H:H) -> 0 | Q68: =SUMIF('8-Additionele kosten'!A:A,'2-Kosten per locatie'!A68,'8-Additionele kosten'!H:H) -> 0 | R68: =SUMIF('10-Glasbewassing'!A:A,'2-Kosten per locatie'!A68,'10-Glasbewassing'!H:H) -> 0 | S68: =SUMIF('12-Diepreiniging sanitair'!A:A,'2-Kosten per locatie'!A68,'12-Diepreiniging sanitair'!Q:Q) -> 0 | T68: =SUMIF('13-Diepreiniging keuken'!A:A,A68,'13-Diepreiniging keuken'!H:H) -> 0 | U68: =H68+O68+P68+Q68+R68+S68+T68 -> #DIV/0! | V68: =U68/12 -> #DIV/0!
A69: =A16 -> Barendrecht - Dr. Kuijperstraat 25 | B69: =(J16+P16)*'6-Opbouw uurtarief productie'!$E$46 -> #DIV/0! | C69: =(K16+Q16)*'6-Opbouw uurtarief productie'!$E$46 -> #DIV/0! | D69: =(L16+R16)*'6-Opbouw uurtarief productie'!$E$50 -> #DIV/0! | E69: =(M16+S16)*'6-Opbouw uurtarief productie'!$E$50 -> #DIV/0! | F69: =(N16+T16)*'6-Opbouw uurtarief productie'!$E$52 -> #DIV/0! | G69: =(O16+U16)*'6-Opbouw uurtarief productie'!$E$52 -> #DIV/0! | H69: =SUM(B69:G69) -> #DIV/0! | I69: =V16*'7-Opbouw uurtarief toezicht'!$E$46 -> #DIV/0! | J69: =W16*'7-Opbouw uurtarief toezicht'!$E$46 -> #DIV/0! | K69: =X16*'7-Opbouw uurtarief toezicht'!$E$50 -> #DIV/0! | L69: =Y16*'7-Opbouw uurtarief toezicht'!$E$50 -> #DIV/0! | M69: =Z16*'7-Opbouw uurtarief toezicht'!$E$52 -> #DIV/0! | N69: =AA16*'7-Opbouw uurtarief toezicht'!$E$52 -> #DIV/0! | O69: =SUM(I69:N69) -> #DIV/0! | P69: =SUMIF('11-Vloeronderhoud'!A:A,'2-Kosten per locatie'!A69,'11-Vloeronderhoud'!H:H) -> 0 | Q69: =SUMIF('8-Additionele kosten'!A:A,'2-Kosten per locatie'!A69,'8-Additionele kosten'!H:H) -> 0 | R69: =SUMIF('10-Glasbewassing'!A:A,'2-Kosten per locatie'!A69,'10-Glasbewassing'!H:H) -> 0 | S69: =SUMIF('12-Diepreiniging sanitair'!A:A,'2-Kosten per locatie'!A69,'12-Diepreiniging sanitair'!Q:Q) -> 0 | T69: =SUMIF('13-Diepreiniging keuken'!A:A,A69,'13-Diepreiniging keuken'!H:H) -> 0 | U69: =H69+O69+P69+Q69+R69+S69+T69 -> #DIV/0! | V69: =U69/12 -> #DIV/0!
A70: =A17 -> Berkel - Berkelse Poort 25 | B70: =(J17+P17)*'6-Opbouw uurtarief productie'!$E$46 -> #DIV/0! | C70: =(K17+Q17)*'6-Opbouw uurtarief productie'!$E$46 -> #DIV/0! | D70: =(L17+R17)*'6-Opbouw uurtarief productie'!$E$50 -> #DIV/0! | E70: =(M17+S17)*'6-Opbouw uurtarief productie'!$E$50 -> #DIV/0! | F70: =(N17+T17)*'6-Opbouw uurtarief productie'!$E$52 -> #DIV/0! | G70: =(O17+U17)*'6-Opbouw uurtarief productie'!$E$52 -> #DIV/0! | H70: =SUM(B70:G70) -> #DIV/0! | I70: =V17*'7-Opbouw uurtarief toezicht'!$E$46 -> #DIV/0! | J70: =W17*'7-Opbouw uurtarief toezicht'!$E$46 -> #DIV/0! | K70: =X17*'7-Opbouw uurtarief toezicht'!$E$50 -> #DIV/0! | L70: =Y17*'7-Opbouw uurtarief toezicht'!$E$50 -> #DIV/0! | M70: =Z17*'7-Opbouw uurtarief toezicht'!$E$52 -> #DIV/0! | N70: =AA17*'7-Opbouw uurtarief toezicht'!$E$52 -> #DIV/0! | O70: =SUM(I70:N70) -> #DIV/0! | P70: =SUMIF('11-Vloeronderhoud'!A:A,'2-Kosten per locatie'!A70,'11-Vloeronderhoud'!H:H) -> 0 | Q70: =SUMIF('8-Additionele kosten'!A:A,'2-Kosten per locatie'!A70,'8-Additionele kosten'!H:H) -> 0 | R70: =SUMIF('10-Glasbewassing'!A:A,'2-Kosten per locatie'!A70,'10-Glasbewassing'!H:H) -> 0 | S70: =SUMIF('12-Diepreiniging sanitair'!A:A,'2-Kosten per locatie'!A70,'12-Diepreiniging sanitair'!Q:Q) -> 0 | T70: =SUMIF('13-Diepreiniging keuken'!A:A,A70,'13-Diepreiniging keuken'!H:H) -> 0 | U70: =H70+O70+P70+Q70+R70+S70+T70 -> #DIV/0! | V70: =U70/12 -> #DIV/0!
A71: =A18 -> Bleiswijk - J. v/d Heydenstraat 6 | B71: =(J18+P18)*'6-Opbouw uurtarief productie'!$E$46 -> #DIV/0! | C71: =(K18+Q18)*'6-Opbouw uurtarief productie'!$E$46 -> #DIV/0! | D71: =(L18+R18)*'6-Opbouw uurtarief productie'!$E$50 -> #DIV/0! | E71: =(M18+S18)*'6-Opbouw uurtarief productie'!$E$50 -> #DIV/0! | F71: =(N18+T18)*'6-Opbouw uurtarief productie'!$E$52 -> #DIV/0! | G71: =(O18+U18)*'6-Opbouw uurtarief productie'!$E$52 -> #DIV/0! | H71: =SUM(B71:G71) -> #DIV/0! | I71: =V18*'7-Opbouw uurtarief toezicht'!$E$46 -> #DIV/0! | J71: =W18*'7-Opbouw uurtarief toezicht'!$E$46 -> #DIV/0! | K71: =X18*'7-Opbouw uurtarief toezicht'!$E$50 -> #DIV/0! | L71: =Y18*'7-Opbouw uurtarief toezicht'!$E$50 -> #DIV/0! | M71: =Z18*'7-Opbouw uurtarief toezicht'!$E$52 -> #DIV/0! | N71: =AA18*'7-Opbouw uurtarief toezicht'!$E$52 -> #DIV/0! | O71: =SUM(I71:N71) -> #DIV/0! | P71: =SUMIF('11-Vloeronderhoud'!A:A,'2-Kosten per locatie'!A71,'11-Vloeronderhoud'!H:H) -> 0 | Q71: =SUMIF('8-Additionele kosten'!A:A,'2-Kosten per locatie'!A71,'8-Additionele kosten'!H:H) -> 0 | R71: =SUMIF('10-Glasbewassing'!A:A,'2-Kosten per locatie'!A71,'10-Glasbewassing'!H:H) -> 0 | S71: =SUMIF('12-Diepreiniging sanitair'!A:A,'2-Kosten per locatie'!A71,'12-Diepreiniging sanitair'!Q:Q) -> 0 | T71: =SUMIF('13-Diepreiniging keuken'!A:A,A71,'13-Diepreiniging keuken'!H:H) -> 0 | U71: =H71+O71+P71+Q71+R71+S71+T71 -> #DIV/0! | V71: =U71/12 -> #DIV/0!
A72: =A19 -> Brielle - Amer 7 | B72: =(J19+P19)*'6-Opbouw uurtarief productie'!$E$46 -> #DIV/0! | C72: =(K19+Q19)*'6-Opbouw uurtarief productie'!$E$46 -> #DIV/0! | D72: =(L19+R19)*'6-Opbouw uurtarief productie'!$E$50 -> #DIV/0! | E72: =(M19+S19)*'6-Opbouw uurtarief productie'!$E$50 -> #DIV/0! | F72: =(N19+T19)*'6-Opbouw uurtarief productie'!$E$52 -> #DIV/0! | G72: =(O19+U19)*'6-Opbouw uurtarief productie'!$E$52 -> #DIV/0! | H72: =SUM(B72:G72) -> #DIV/0! | I72: =V19*'7-Opbouw uurtarief toezicht'!$E$46 -> #DIV/0! | J72: =W19*'7-Opbouw uurtarief toezicht'!$E$46 -> #DIV/0! | K72: =X19*'7-Opbouw uurtarief toezicht'!$E$50 -> #DIV/0! | L72: =Y19*'7-Opbouw uurtarief toezicht'!$E$50 -> #DIV/0! | M72: =Z19*'7-Opbouw uurtarief toezicht'!$E$52 -> #DIV/0! | N72: =AA19*'7-Opbouw uurtarief toezicht'!$E$52 -> #DIV/0! | O72: =SUM(I72:N72) -> #DIV/0! | P72: =SUMIF('11-Vloeronderhoud'!A:A,'2-Kosten per locatie'!A72,'11-Vloeronderhoud'!H:H) -> 0 | Q72: =SUMIF('8-Additionele kosten'!A:A,'2-Kosten per locatie'!A72,'8-Additionele kosten'!H:H) -> 0 | R72: =SUMIF('10-Glasbewassing'!A:A,'2-Kosten per locatie'!A72,'10-Glasbewassing'!H:H) -> 0 | S72: =SUMIF('12-Diepreiniging sanitair'!A:A,'2-Kosten per locatie'!A72,'12-Diepreiniging sanitair'!Q:Q) -> 0 | T72: =SUMIF('13-Diepreiniging keuken'!A:A,A72,'13-Diepreiniging keuken'!H:H) -> 0 | U72: =H72+O72+P72+Q72+R72+S72+T72 -> #DIV/0! | V72: =U72/12 -> #DIV/0!
A73: =A20 -> Brielle - Krammer 2 | B73: =(J20+P20)*'6-Opbouw uurtarief productie'!$E$46 -> #DIV/0! | C73: =(K20+Q20)*'6-Opbouw uurtarief productie'!$E$46 -> #DIV/0! | D73: =(L20+R20)*'6-Opbouw uurtarief productie'!$E$50 -> #DIV/0! | E73: =(M20+S20)*'6-Opbouw uurtarief productie'!$E$50 -> #DIV/0! | F73: =(N20+T20)*'6-Opbouw uurtarief productie'!$E$52 -> #DIV/0! | G73: =(O20+U20)*'6-Opbouw uurtarief productie'!$E$52 -> #DIV/0! | H73: =SUM(B73:G73) -> #DIV/0! | I73: =V20*'7-Opbouw uurtarief toezicht'!$E$46 -> #DIV/0! | J73: =W20*'7-Opbouw uurtarief toezicht'!$E$46 -> #DIV/0! | K73: =X20*'7-Opbouw uurtarief toezicht'!$E$50 -> #DIV/0! | L73: =Y20*'7-Opbouw uurtarief toezicht'!$E$50 -> #DIV/0! | M73: =Z20*'7-Opbouw uurtarief toezicht'!$E$52 -> #DIV/0! | N73: =AA20*'7-Opbouw uurtarief toezicht'!$E$52 -> #DIV/0! | O73: =SUM(I73:N73) -> #DIV/0! | P73: =SUMIF('11-Vloeronderhoud'!A:A,'2-Kosten per locatie'!A73,'11-Vloeronderhoud'!H:H) -> 0 | Q73: =SUMIF('8-Additionele kosten'!A:A,'2-Kosten per locatie'!A73,'8-Additionele kosten'!H:H) -> 0 | R73: =SUMIF('10-Glasbewassing'!A:A,'2-Kosten per locatie'!A73,'10-Glasbewassing'!H:H) -> 0 | S73: =SUMIF('12-Diepreiniging sanitair'!A:A,'2-Kosten per locatie'!A73,'12-Diepreiniging sanitair'!Q:Q) -> 0 | T73: =SUMIF('13-Diepreiniging keuken'!A:A,A73,'13-Diepreiniging keuken'!H:H) -> 0 | U73: =H73+O73+P73+Q73+R73+S73+T73 -> #DIV/0! | V73: =U73/12 -> #DIV/0!
A74: =A21 -> Capelle a/d Ijssel - Slotlaan 121 | B74: =(J21+P21)*'6-Opbouw uurtarief productie'!$E$46 -> #DIV/0! | C74: =(K21+Q21)*'6-Opbouw uurtarief productie'!$E$46 -> #DIV/0! | D74: =(L21+R21)*'6-Opbouw uurtarief productie'!$E$50 -> #DIV/0! | E74: =(M21+S21)*'6-Opbouw uurtarief productie'!$E$50 -> #DIV/0! | F74: =(N21+T21)*'6-Opbouw uurtarief productie'!$E$52 -> #DIV/0! | G74: =(O21+U21)*'6-Opbouw uurtarief productie'!$E$52 -> #DIV/0! | H74: =SUM(B74:G74) -> #DIV/0! | I74: =V21*'7-Opbouw uurtarief toezicht'!$E$46 -> #DIV/0! | J74: =W21*'7-Opbouw uurtarief toezicht'!$E$46 -> #DIV/0! | K74: =X21*'7-Opbouw uurtarief toezicht'!$E$50 -> #DIV/0! | L74: =Y21*'7-Opbouw uurtarief toezicht'!$E$50 -> #DIV/0! | M74: =Z21*'7-Opbouw uurtarief toezicht'!$E$52 -> #DIV/0! | N74: =AA21*'7-Opbouw uurtarief toezicht'!$E$52 -> #DIV/0! | O74: =SUM(I74:N74) -> #DIV/0! | P74: =SUMIF('11-Vloeronderhoud'!A:A,'2-Kosten per locatie'!A74,'11-Vloeronderhoud'!H:H) -> 0 | Q74: =SUMIF('8-Additionele kosten'!A:A,'2-Kosten per locatie'!A74,'8-Additionele kosten'!H:H) -> 0 | R74: =SUMIF('10-Glasbewassing'!A:A,'2-Kosten per locatie'!A74,'10-Glasbewassing'!H:H) -> 0 | S74: =SUMIF('12-Diepreiniging sanitair'!A:A,'2-Kosten per locatie'!A74,'12-Diepreiniging sanitair'!Q:Q) -> 0 | T74: =SUMIF('13-Diepreiniging keuken'!A:A,A74,'13-Diepreiniging keuken'!H:H) -> 0 | U74: =H74+O74+P74+Q74+R74+S74+T74 -> #DIV/0! | V74: =U74/12 -> #DIV/0!
A75: =A22 -> Dirksland - Philipshoofjesweg 57a | B75: =(J22+P22)*'6-Opbouw uurtarief productie'!$E$46 -> #DIV/0! | C75: =(K22+Q22)*'6-Opbouw uurtarief productie'!$E$46 -> #DIV/0! | D75: =(L22+R22)*'6-Opbouw uurtarief productie'!$E$50 -> #DIV/0! | E75: =(M22+S22)*'6-Opbouw uurtarief productie'!$E$50 -> #DIV/0! | F75: =(N22+T22)*'6-Opbouw uurtarief productie'!$E$52 -> #DIV/0! | G75: =(O22+U22)*'6-Opbouw uurtarief productie'!$E$52 -> #DIV/0! | H75: =SUM(B75:G75) -> #DIV/0! | I75: =V22*'7-Opbouw uurtarief toezicht'!$E$46 -> #DIV/0! | J75: =W22*'7-Opbouw uurtarief toezicht'!$E$46 -> #DIV/0! | K75: =X22*'7-Opbouw uurtarief toezicht'!$E$50 -> #DIV/0! | L75: =Y22*'7-Opbouw uurtarief toezicht'!$E$50 -> #DIV/0! | M75: =Z22*'7-Opbouw uurtarief toezicht'!$E$52 -> #DIV/0! | N75: =AA22*'7-Opbouw uurtarief toezicht'!$E$52 -> #DIV/0! | O75: =SUM(I75:N75) -> #DIV/0! | P75: =SUMIF('11-Vloeronderhoud'!A:A,'2-Kosten per locatie'!A75,'11-Vloeronderhoud'!H:H) -> 0 | Q75: =SUMIF('8-Additionele kosten'!A:A,'2-Kosten per locatie'!A75,'8-Additionele kosten'!H:H) -> 0 | R75: =SUMIF('10-Glasbewassing'!A:A,'2-Kosten per locatie'!A75,'10-Glasbewassing'!H:H) -> 0 | S75: =SUMIF('12-Diepreiniging sanitair'!A:A,'2-Kosten per locatie'!A75,'12-Diepreiniging sanitair'!Q:Q) -> 0 | T75: =SUMIF('13-Diepreiniging keuken'!A:A,A75,'13-Diepreiniging keuken'!H:H) -> 0 | U75: =H75+O75+P75+Q75+R75+S75+T75 -> #DIV/0! | V75: =U75/12 -> #DIV/0!
A76: =A23 -> Dirksland - Watertoren 45d | B76: =(J23+P23)*'6-Opbouw uurtarief productie'!$E$46 -> #DIV/0! | C76: =(K23+Q23)*'6-Opbouw uurtarief productie'!$E$46 -> #DIV/0! | D76: =(L23+R23)*'6-Opbouw uurtarief productie'!$E$50 -> #DIV/0! | E76: =(M23+S23)*'6-Opbouw uurtarief productie'!$E$50 -> #DIV/0! | F76: =(N23+T23)*'6-Opbouw uurtarief productie'!$E$52 -> #DIV/0! | G76: =(O23+U23)*'6-Opbouw uurtarief productie'!$E$52 -> #DIV/0! | H76: =SUM(B76:G76) -> #DIV/0! | I76: =V23*'7-Opbouw uurtarief toezicht'!$E$46 -> #DIV/0! | J76: =W23*'7-Opbouw uurtarief toezicht'!$E$46 -> #DIV/0! | K76: =X23*'7-Opbouw uurtarief toezicht'!$E$50 -> #DIV/0! | L76: =Y23*'7-Opbouw uurtarief toezicht'!$E$50 -> #DIV/0! | M76: =Z23*'7-Opbouw uurtarief toezicht'!$E$52 -> #DIV/0! | N76: =AA23*'7-Opbouw uurtarief toezicht'!$E$52 -> #DIV/0! | O76: =SUM(I76:N76) -> #DIV/0! | P76: =SUMIF('11-Vloeronderhoud'!A:A,'2-Kosten per locatie'!A76,'11-Vloeronderhoud'!H:H) -> 0 | Q76: =SUMIF('8-Additionele kosten'!A:A,'2-Kosten per locatie'!A76,'8-Additionele kosten'!H:H) -> 0 | R76: =SUMIF('10-Glasbewassing'!A:A,'2-Kosten per locatie'!A76,'10-Glasbewassing'!H:H) -> 0 | S76: =SUMIF('12-Diepreiniging sanitair'!A:A,'2-Kosten per locatie'!A76,'12-Diepreiniging sanitair'!Q:Q) -> 0 | T76: =SUMIF('13-Diepreiniging keuken'!A:A,A76,'13-Diepreiniging keuken'!H:H) -> 0 | U76: =H76+O76+P76+Q76+R76+S76+T76 -> #DIV/0! | V76: =U76/12 -> #DIV/0!
A77: =A24 -> Goedereede - Provincialeweg 18a | B77: =(J24+P24)*'6-Opbouw uurtarief productie'!$E$46 -> #DIV/0! | C77: =(K24+Q24)*'6-Opbouw uurtarief productie'!$E$46 -> #DIV/0! | D77: =(L24+R24)*'6-Opbouw uurtarief productie'!$E$50 -> #DIV/0! | E77: =(M24+S24)*'6-Opbouw uurtarief productie'!$E$50 -> #DIV/0! | F77: =(N24+T24)*'6-Opbouw uurtarief productie'!$E$52 -> #DIV/0! | G77: =(O24+U24)*'6-Opbouw uurtarief productie'!$E$52 -> #DIV/0! | H77: =SUM(B77:G77) -> #DIV/0! | I77: =V24*'7-Opbouw uurtarief toezicht'!$E$46 -> #DIV/0! | J77: =W24*'7-Opbouw uurtarief toezicht'!$E$46 -> #DIV/0! | K77: =X24*'7-Opbouw uurtarief toezicht'!$E$50 -> #DIV/0! | L77: =Y24*'7-Opbouw uurtarief toezicht'!$E$50 -> #DIV/0! | M77: =Z24*'7-Opbouw uurtarief toezicht'!$E$52 -> #DIV/0! | N77: =AA24*'7-Opbouw uurtarief toezicht'!$E$52 -> #DIV/0! | O77: =SUM(I77:N77) -> #DIV/0! | P77: =SUMIF('11-Vloeronderhoud'!A:A,'2-Kosten per locatie'!A77,'11-Vloeronderhoud'!H:H) -> 0 | Q77: =SUMIF('8-Additionele kosten'!A:A,'2-Kosten per locatie'!A77,'8-Additionele kosten'!H:H) -> 0 | R77: =SUMIF('10-Glasbewassing'!A:A,'2-Kosten per locatie'!A77,'10-Glasbewassing'!H:H) -> 0 | S77: =SUMIF('12-Diepreiniging sanitair'!A:A,'2-Kosten per locatie'!A77,'12-Diepreiniging sanitair'!Q:Q) -> 0 | T77: =SUMIF('13-Diepreiniging keuken'!A:A,A77,'13-Diepreiniging keuken'!H:H) -> 0 | U77: =H77+O77+P77+Q77+R77+S77+T77 -> #DIV/0! | V77: =U77/12 -> #DIV/0!
A78: =A25 -> Hellevoetsluis - Tolweg 45a | B78: =(J25+P25)*'6-Opbouw uurtarief productie'!$E$46 -> #DIV/0! | C78: =(K25+Q25)*'6-Opbouw uurtarief productie'!$E$46 -> #DIV/0! | D78: =(L25+R25)*'6-Opbouw uurtarief productie'!$E$50 -> #DIV/0! | E78: =(M25+S25)*'6-Opbouw uurtarief productie'!$E$50 -> #DIV/0! | F78: =(N25+T25)*'6-Opbouw uurtarief productie'!$E$52 -> #DIV/0! | G78: =(O25+U25)*'6-Opbouw uurtarief productie'!$E$52 -> #DIV/0! | H78: =SUM(B78:G78) -> #DIV/0! | I78: =V25*'7-Opbouw uurtarief toezicht'!$E$46 -> #DIV/0! | J78: =W25*'7-Opbouw uurtarief toezicht'!$E$46 -> #DIV/0! | K78: =X25*'7-Opbouw uurtarief toezicht'!$E$50 -> #DIV/0! | L78: =Y25*'7-Opbouw uurtarief toezicht'!$E$50 -> #DIV/0! | M78: =Z25*'7-Opbouw uurtarief toezicht'!$E$52 -> #DIV/0! | N78: =AA25*'7-Opbouw uurtarief toezicht'!$E$52 -> #DIV/0! | O78: =SUM(I78:N78) -> #DIV/0! | P78: =SUMIF('11-Vloeronderhoud'!A:A,'2-Kosten per locatie'!A78,'11-Vloeronderhoud'!H:H) -> 0 | Q78: =SUMIF('8-Additionele kosten'!A:A,'2-Kosten per locatie'!A78,'8-Additionele kosten'!H:H) -> 0 | R78: =SUMIF('10-Glasbewassing'!A:A,'2-Kosten per locatie'!A78,'10-Glasbewassing'!H:H) -> 0 | S78: =SUMIF('12-Diepreiniging sanitair'!A:A,'2-Kosten per locatie'!A78,'12-Diepreiniging sanitair'!Q:Q) -> 0 | T78: =SUMIF('13-Diepreiniging keuken'!A:A,A78,'13-Diepreiniging keuken'!H:H) -> 0 | U78: =H78+O78+P78+Q78+R78+S78+T78 -> #DIV/0! | V78: =U78/12 -> #DIV/0!
... A116: =A63 -> Algemeen | B116: =(J63+P63)*'6-Opbouw uurtarief productie'!$E$46 -> #DIV/0! | C116: =(K63+Q63)*'6-Opbouw uurtarief productie'!$E$46 -> #DIV/0! | D116: =(L63+R63)*'6-Opbouw uurtarief productie'!$E$50 -> #DIV/0! | E116: =(M63+S63)*'6-Opbouw uurtarief productie'!$E$50 -> #DIV/0! | F116: =(N63+T63)*'6-Opbouw uurtarief productie'!$E$52 -> #DIV/0! | G116: =(O63+U63)*'6-Opbouw uurtarief productie'!$E$52 -> #DIV/0! | H116: =SUM(B116:G116) -> #DIV/0! | I116: =V63*'7-Opbouw uurtarief toezicht'!$E$46 -> #DIV/0! | J116: =W63*'7-Opbouw uurtarief toezicht'!$E$46 -> #DIV/0! | K116: =X63*'7-Opbouw uurtarief toezicht'!$E$50 -> #DIV/0! | L116: =Y63*'7-Opbouw uurtarief toezicht'!$E$50 -> #DIV/0! | M116: =Z63*'7-Opbouw uurtarief toezicht'!$E$52 -> #DIV/0! | N116: =AA63*'7-Opbouw uurtarief toezicht'!$E$52 -> #DIV/0! | O116: =SUM(I116:N116) -> #DIV/0! | P116: =SUMIF('11-Vloeronderhoud'!A:A,'2-Kosten per locatie'!A116,'11-Vloeronderhoud'!H:H) -> 0 | Q116: =SUMIF('8-Additionele kosten'!A:A,'2-Kosten per locatie'!A116,'8-Additionele kosten'!H:H) -> 0 | R116: =SUMIF('10-Glasbewassing'!A:A,'2-Kosten per locatie'!A116,'10-Glasbewassing'!H:H) -> 0 | S116: =SUMIF('12-Diepreiniging sanitair'!A:A,'2-Kosten per locatie'!A116,'12-Diepreiniging sanitair'!Q:Q) -> 0 | T116: =SUMIF('13-Diepreiniging keuken'!A:A,A116,'13-Diepreiniging keuken'!H:H) -> 0 | U116: =H116+O116+P116+Q116+R116+S116+T116 -> #DIV/0! | V116: =U116/12 -> #DIV/0!
A117: Totaal | B117: =SUM(B67:B116) -> #DIV/0! | C117: =SUM(C67:C116) -> #DIV/0! | D117: =(L64+R64)*'6-Opbouw uurtarief productie'!$E$50 -> #DIV/0! | E117: =SUM(E67:E116) -> #DIV/0! | F117: =SUM(F67:F116) -> #DIV/0! | G117: =SUM(G67:G116) -> #DIV/0! | H117: =SUM(H67:H116) -> #DIV/0! | I117: =SUM(I67:I116) -> #DIV/0! | J117: =SUM(J67:J116) -> #DIV/0! | K117: =SUM(K67:K116) -> #DIV/0! | L117: =SUM(L67:L116) -> #DIV/0! | ... V117: =SUM(V67:V116) -> #DIV/0!

Sheet 3-Productie normen
A1: Invoervelden
A3: ='2-Kosten per locatie'!A3 -> Naam opdrachtgever | B3: ='2-Kosten per locatie'!B3 -> Veiligheidsregio Rotterdam-Rijnmond
A4: ='2-Kosten per locatie'!A4 -> Calculatie onderdeel | B4: =MID(CELL("bestandsnaam",$B$9),SEARCH("]",CELL("bestandsnaam",$B$9),1)+1,256) -> 3-Productie normen
A5: ='2-Kosten per locatie'!A5 -> Gebouw/plaats | B5: ='2-Kosten per locatie'!B5 -> Perceel 1 schoonmaak en glasbewassing
A6: ='2-Kosten per locatie'!A6 -> Referentie nummer | B6: ='2-Kosten per locatie'!B6 -> 522549
D8: Gewogen prestatie | G8: =SUM('4-Basis ruimtestaat'!AC:AC)/SUM('4-Basis ruimtestaat'!Q:V) -> #DIV/0! | H8: m2/uur
A10: Frequentie van uitvoering (per jaar): | B10: 12 | C10: 26 | D10: 52 | E10: 104 | F10: 130 | G10: 156 | H10: 255
A11: Ruimtecategorie | B11: Prestatienorm in aantal m2 per uur | J11: M2 Totaal | K11: Naloop opslag ma-vr | L11: Weekend / feestdag opslag | M11: Naloop weekend / feestdag opslag | O11: VSR Code
A12: Archieven | J12: =SUMIF('4-Basis ruimtestaat'!F:F,'3-Productie normen'!A12,'4-Basis ruimtestaat'!H:H) -> 5 | O12: V
A13: Douche | J13: =SUMIF('4-Basis ruimtestaat'!F:F,'3-Productie normen'!A13,'4-Basis ruimtestaat'!H:H) -> 165.296 | O13: S
A14: Entree | J14: =SUMIF('4-Basis ruimtestaat'!F:F,'3-Productie normen'!A14,'4-Basis ruimtestaat'!H:H) -> 668.528 | O14: V
A15: Gang | J15: =SUMIF('4-Basis ruimtestaat'!F:F,'3-Productie normen'!A15,'4-Basis ruimtestaat'!H:H) -> 3703.85 | O15: V
A16: Keuken | J16: =SUMIF('4-Basis ruimtestaat'!F:F,'3-Productie normen'!A16,'4-Basis ruimtestaat'!H:H) -> 273.31 | O16: V
A17: Kleedruimte | J17: =SUMIF('4-Basis ruimtestaat'!F:F,'3-Productie normen'!A17,'4-Basis ruimtestaat'!H:H) -> 1372.767 | O17: S
A18: Kantine | J18: =SUMIF('4-Basis ruimtestaat'!F:F,'3-Productie normen'!A18,'4-Basis ruimtestaat'!H:H) -> 1470.63 | O18: V
A19: Kantoor | J19: =SUMIF('4-Basis ruimtestaat'!F:F,'3-Productie normen'!A19,'4-Basis ruimtestaat'!H:H) -> 8861.0045 | O19: B
A20: Lift | J20: =SUMIF('4-Basis ruimtestaat'!F:F,'3-Productie normen'!A20,'4-Basis ruimtestaat'!H:H) -> 19.828 | O20: V
A21: Lokaal | J21: =SUMIF('4-Basis ruimtestaat'!F:F,'3-Productie normen'!A21,'4-Basis ruimtestaat'!H:H) -> 1472.347 | O21: V
A22: Magazijn | J22: =SUMIF('4-Basis ruimtestaat'!F:F,'3-Productie normen'!A22,'4-Basis ruimtestaat'!H:H) -> 140.97 | O22: V
A23: Pantry | J23: =SUMIF('4-Basis ruimtestaat'!F:F,'3-Productie normen'!A23,'4-Basis ruimtestaat'!H:H) -> 415.1 | O23: V
... A31: Slaapkamer | J31: =SUMIF('4-Basis ruimtestaat'!F:F,'3-Productie normen'!A31,'4-Basis ruimtestaat'!H:H) -> 25 | O31: V
A32: Niet in onderhoud | O32: -
A33: Totaal | J33: =SUM(J12:J32) -> 22415.821 | L33: =K33-J33 -> -22415.821
A35: Kolom voor matrix | B35: 2 | C35: 3 | D35: 4 | E35: 5 | F35: 6 | G35: 7 | H35: 8
A37: Frequentie verklaring | B37: Freq. | C37: Kolom
A38: 1 x per maand | B38: 12 | C38: 2
A39: Om de week | B39: 26 | C39: 3
A40: 1 x per week (52 weken) | B40: 52 | C40: 4
A41: 2 x per week (52 weken) | B41: 104 | C41: 5
A42: Om de dag (52 weken) | B42: 130 | C42: 6
A43: 3 x per week (52 weken) | B43: 156 | C43: 7
A44: 5 x per week (52 weken) | B44: 255 | C44: 8

Sheet 4-Basis ruimtestaat
A1: 1
A2: 2 | I2: Margriet, de cellen met 130 erin klopt dat?
A3: 3 | B3: ='2-Kosten per locatie'!A3 -> Naam opdrachtgever | C3: ='2-Kosten per locatie'!B3 -> Veiligheidsregio Rotterdam-Rijnmond
A4: 4 | B4: ='2-Kosten per locatie'!A4 -> Calculatie onderdeel | C4: =MID(CELL("bestandsnaam",$C$9),SEARCH("]",CELL("bestandsnaam",$C$9),1)+1,256) -> 4-Basis ruimtestaat
A5: 5 | B5: ='2-Kosten per locatie'!A5 -> Gebouw/plaats | C5: ='2-Kosten per locatie'!B5 -> Perceel 1 schoonmaak en glasbewassing
A6: 6 | B6: ='2-Kosten per locatie'!A6 -> Referentie nummer | C6: ='2-Kosten per locatie'!B6 -> 522549 | X6: % van reguliere norm
A7: 7 | B7: ='2-Kosten per locatie'!A7 -> Naam dienstverlener | C7: ='2-Kosten per locatie'!B7 -> 0
A8: 8 | X8: ='3-Productie normen'!K10 -> 0 | Y8: ='3-Productie normen'!L10 -> 0 | Z8: ='3-Productie normen'!M10 -> 0
A9: 9 | B9: Locatie | C9: Verdieping | D9: Ruimte nummer | E9: Ruimteomschrijving opdrachtgever | F9: Ruimte categorie | G9: Vloer soort | H9: M2 vloer | I9: M2 vloer NIO | J9: Totaal frequentie | K9: Freq. ma-vr | L9: Freq. ma-vr naloop | M9: Freq zat - zon | N9: Freq. zat-zon naloop | O9: Freq feestdag | P9: Freq feestdag naloop | Q9: Uren p/j ma t/m vrij | R9: Uren p/j ma t/m vrij naloop | S9: Uren p/j zat - zon | T9: Uren p/j zat-zonj naloop | U9: Uren p/j feestdag | V9: Uren p/j feestdag naloop | W9: Norm ma t/m vr | X9: Naloop opslag ma-vr | Y9: Weekend / feestdag opslag | Z9: Naloop weekend / feestdag opslag | AA9: VSR code | AC9: M2 per jaar
A10: 10 | B10: Ridderkerk - Mr. Troelstrastraat 2 | C10: BG | E10: Entrée | F10: Entree | G10: tapijt | H10: 9.7335 | J10: =SUM(K10:P10) -> 130 | K10: 130 | L10: 0 | M10: 0 | Q10: =IF(K10="nio",0,IF(K10>0,K10*H10/W10,0))*VLOOKUP(B10,'2-Kosten per locatie'!$A$13:$C$63,3,FALSE) -> #DIV/0! | R10: =IF(L10>0,L10*H10/X10,0)*VLOOKUP(B10,'2-Kosten per locatie'!$A$13:$C$63,3,FALSE) -> 0 | S10: =IF(M10>0,M10*H10/Y10,0)*VLOOKUP(B10,'2-Kosten per locatie'!$A$13:$C$63,3,FALSE) -> 0 | T10: =IF(N10>0,N10*H10/Z10,0)*VLOOKUP(B10,'2-Kosten per locatie'!$A$13:$C$63,3,FALSE) -> 0 | U10: =IF(O10>0,O10*H10/Y10,0)*VLOOKUP(B10,'2-Kosten per locatie'!$A$13:$C$63,3,FALSE) -> 0 | V10: =IF(P10>0,P10*H10/Z10,0)*VLOOKUP(B10,'2-Kosten per locatie'!$A$13:$C$63,3,FALSE) -> 0 | W10: =IF(K10="nio",0,IF(K10>0,VLOOKUP(F10,'3-Productie normen'!A:L,VLOOKUP(K10,'3-Productie normen'!$B$38:$C$44,2,FALSE),FALSE))) -> 0 | X10: =IF(L10>0,W10*$X$8,0) -> 0 | Y10: =IF((OR(M10>0,O10>0)),W10*$Y$8,0) -> 0 | Z10: =IF((OR(N10>0,P10>0)),W10*$Z$8,0) -> 0 | AA10: =VLOOKUP(F10,'3-Productie normen'!A:O,15,FALSE) -> V | AC10: =J10*H10 -> 1265.355
A11: 11 | B11: Ridderkerk - Mr. Troelstrastraat 2 | C11: BG | E11: Verkeersruimte | F11: Gang | G11: tapijt | H11: 9.45 | J11: =SUM(K11:P11) -> 130 | K11: 130 | L11: 0 | M11: 0 | Q11: =IF(K11="nio",0,IF(K11>0,K11*H11/W11,0))*VLOOKUP(B11,'2-Kosten per locatie'!$A$13:$C$63,3,FALSE) -> #DIV/0! | R11: =IF(L11>0,L11*H11/X11,0)*VLOOKUP(B11,'2-Kosten per locatie'!$A$13:$C$63,3,FALSE) -> 0 | S11: =IF(M11>0,M11*H11/Y11,0)*VLOOKUP(B11,'2-Kosten per locatie'!$A$13:$C$63,3,FALSE) -> 0 | T11: =IF(N11>0,N11*H11/Z11,0)*VLOOKUP(B11,'2-Kosten per locatie'!$A$13:$C$63,3,FALSE) -> 0 | U11: =IF(O11>0,O11*H11/Y11,0)*VLOOKUP(B11,'2-Kosten per locatie'!$A$13:$C$63,3,FALSE) -> 0 | V11: =IF(P11>0,P11*H11/Z11,0)*VLOOKUP(B11,'2-Kosten per locatie'!$A$13:$C$63,3,FALSE) -> 0 | W11: =IF(K11="nio",0,IF(K11>0,VLOOKUP(F11,'3-Productie normen'!A:L,VLOOKUP(K11,'3-Productie normen'!$B$38:$C$44,2,FALSE),FALSE))) -> 0 | X11: =IF(L11>0,W11*$X$8,0) -> 0 | Y11: =IF((OR(M11>0,O11>0)),W11*$Y$8,0) -> 0 | Z11: =IF((OR(N11>0,P11>0)),W11*$Z$8,0) -> 0 | AA11: =VLOOKUP(F11,'3-Productie normen'!A:O,15,FALSE) -> V | AC11: =J11*H11 -> 1228.5
A12: 12 | B12: Ridderkerk - Mr. Troelstrastraat 2 | C12: BG | E12: Verkeersruimte | F12: Gang | G12: steen | H12: 51.1245 | J12: =SUM(K12:P12) -> 52 | K12: 52 | L12: 0 | M12: 0 | Q12: =IF(K12="nio",0,IF(K12>0,K12*H12/W12,0))*VLOOKUP(B12,'2-Kosten per locatie'!$A$13:$C$63,3,FALSE) -> #DIV/0! | R12: =IF(L12>0,L12*H12/X12,0)*VLOOKUP(B12,'2-Kosten per locatie'!$A$13:$C$63,3,FALSE) -> 0 | S12: =IF(M12>0,M12*H12/Y12,0)*VLOOKUP(B12,'2-Kosten per locatie'!$A$13:$C$63,3,FALSE) -> 0 | T12: =IF(N12>0,N12*H12/Z12,0)*VLOOKUP(B12,'2-Kosten per locatie'!$A$13:$C$63,3,FALSE) -> 0 | U12: =IF(O12>0,O12*H12/Y12,0)*VLOOKUP(B12,'2-Kosten per locatie'!$A$13:$C$63,3,FALSE) -> 0 | V12: =IF(P12>0,P12*H12/Z12,0)*VLOOKUP(B12,'2-Kosten per locatie'!$A$13:$C$63,3,FALSE) -> 0 | W12: =IF(K12="nio",0,IF(K12>0,VLOOKUP(F12,'3-Productie normen'!A:L,VLOOKUP(K12,'3-Productie normen'!$B$38:$C$44,2,FALSE),FALSE))) -> 0 | X12: =IF(L12>0,W12*$X$8,0) -> 0 | Y12: =IF((OR(M12>0,O12>0)),W12*$Y$8,0) -> 0 | Z12: =IF((OR(N12>0,P12>0)),W12*$Z$8,0) -> 0 | AA12: =VLOOKUP(F12,'3-Productie normen'!A:O,15,FALSE) -> V | AC12: =J12*H12 -> 2658.474
A13: 13 | B13: Ridderkerk - Mr. Troelstrastraat 2 | C13: BG | E13: Verkeersruimte | F13: Gang | G13: pvc | H13: 49.308 | J13: =SUM(K13:P13) -> 52 | K13: 52 | L13: 0 | M13: 0 | Q13: =IF(K13="nio",0,IF(K13>0,K13*H13/W13,0))*VLOOKUP(B13,'2-Kosten per locatie'!$A$13:$C$63,3,FALSE) -> #DIV/0! | R13: =IF(L13>0,L13*H13/X13,0)*VLOOKUP(B13,'2-Kosten per locatie'!$A$13:$C$63,3,FALSE) -> 0 | S13: =IF(M13>0,M13*H13/Y13,0)*VLOOKUP(B13,'2-Kosten per locatie'!$A$13:$C$63,3,FALSE) -> 0 | T13: =IF(N13>0,N13*H13/Z13,0)*VLOOKUP(B13,'2-Kosten per locatie'!$A$13:$C$63,3,FALSE) -> 0 | U13: =IF(O13>0,O13*H13/Y13,0)*VLOOKUP(B13,'2-Kosten per locatie'!$A$13:$C$63,3,FALSE) -> 0 | V13: =IF(P13>0,P13*H13/Z13,0)*VLOOKUP(B13,'2-Kosten per locatie'!$A$13:$C$63,3,FALSE) -> 0 | W13: =IF(K13="nio",0,IF(K13>0,VLOOKUP(F13,'3-Productie normen'!A:L,VLOOKUP(K13,'3-Productie normen'!$B$38:$C$44,2,FALSE),FALSE))) -> 0 | X13: =IF(L13>0,W13*$X$8,0) -> 0 | Y13: =IF((OR(M13>0,O13>0)),W13*$Y$8,0) -> 0 | Z13: =IF((OR(N13>0,P13>0)),W13*$Z$8,0) -> 0 | AA13: =VLOOKUP(F13,'3-Productie normen'!A:O,15,FALSE) -> V | AC13: =J13*H13 -> 2564.016
A14: 14 | B14: Ridderkerk - Mr. Troelstrastraat 2 | C14: BG | E14: Kantine | F14: Kantine | G14: steen | H14: 21.525 | J14: =SUM(K14:P14) -> 130 | K14: 130 | L14: 0 | M14: 0 | Q14: =IF(K14="nio",0,IF(K14>0,K14*H14/W14,0))*VLOOKUP(B14,'2-Kosten per locatie'!$A$13:$C$63,3,FALSE) -> #DIV/0! | R14: =IF(L14>0,L14*H14/X14,0)*VLOOKUP(B14,'2-Kosten per locatie'!$A$13:$C$63,3,FALSE) -> 0 | S14: =IF(M14>0,M14*H14/Y14,0)*VLOOKUP(B14,'2-Kosten per locatie'!$A$13:$C$63,3,FALSE) -> 0 | T14: =IF(N14>0,N14*H14/Z14,0)*VLOOKUP(B14,'2-Kosten per locatie'!$A$13:$C$63,3,FALSE) -> 0 | U14: =IF(O14>0,O14*H14/Y14,0)*VLOOKUP(B14,'2-Kosten per locatie'!$A$13:$C$63,3,FALSE) -> 0 | V14: =IF(P14>0,P14*H14/Z14,0)*VLOOKUP(B14,'2-Kosten per locatie'!$A$13:$C$63,3,FALSE) -> 0 | W14: =IF(K14="nio",0,IF(K14>0,VLOOKUP(F14,'3-Productie normen'!A:L,VLOOKUP(K14,'3-Productie normen'!$B$38:$C$44,2,FALSE),FALSE))) -> 0 | X14: =IF(L14>0,W14*$X$8,0) -> 0 | Y14: =IF((OR(M14>0,O14>0)),W14*$Y$8,0) -> 0 | Z14: =IF((OR(N14>0,P14>0)),W14*$Z$8,0) -> 0 | AA14: =VLOOKUP(F14,'3-Productie normen'!A:O,15,FALSE) -> V | AC14: =J14*H14 -> 2798.25
A15: 15 | B15: Ridderkerk - Mr. Troelstrastraat 2 | C15: BG | E15: Centrale post | F15: Kantoor | G15: pvc | H15: 23.5935 | J15: =SUM(K15:P15) -> 130 | K15: 130 | L15: 0 | M15: 0 | Q15: =IF(K15="nio",0,IF(K15>0,K15*H15/W15,0))*VLOOKUP(B15,'2-Kosten per locatie'!$A$13:$C$63,3,FALSE) -> #DIV/0! | R15: =IF(L15>0,L15*H15/X15,0)*VLOOKUP(B15,'2-Kosten per locatie'!$A$13:$C$63,3,FALSE) -> 0 | S15: =IF(M15>0,M15*H15/Y15,0)*VLOOKUP(B15,'2-Kosten per locatie'!$A$13:$C$63,3,FALSE) -> 0 | T15: =IF(N15>0,N15*H15/Z15,0)*VLOOKUP(B15,'2-Kosten per locatie'!$A$13:$C$63,3,FALSE) -> 0 | U15: =IF(O15>0,O15*H15/Y15,0)*VLOOKUP(B15,'2-Kosten per locatie'!$A$13:$C$63,3,FALSE) -> 0 | V15: =IF(P15>0,P15*H15/Z15,0)*VLOOKUP(B15,'2-Kosten per locatie'!$A$13:$C$63,3,FALSE) -> 0 | W15: =IF(K15="nio",0,IF(K15>0,VLOOKUP(F15,'3-Productie normen'!A:L,VLOOKUP(K15,'3-Productie normen'!$B$38:$C$44,2,FALSE),FALSE))) -> 0 | X15: =IF(L15>0,W15*$X$8,0) -> 0 | Y15: =IF((OR(M15>0,O15>0)),W15*$Y$8,0) -> 0 | Z15: =IF((OR(N15>0,P15>0)),W15*$Z$8,0) -> 0 | AA15: =VLOOKUP(F15,'3-Productie normen'!A:O,15,FALSE) -> B | AC15: =J15*H15 -> 3067.155
A16: 16 | B16: Ridderkerk - Mr. Troelstrastraat 2 | C16: BG | E16: Pantry | F16: Pantry | G16: steen | H16: 3.885 | J16: =SUM(K16:P16) -> 130 | K16: 130 | L16: 0 | M16: 0 | Q16: =IF(K16="nio",0,IF(K16>0,K16*H16/W16,0))*VLOOKUP(B16,'2-Kosten per locatie'!$A$13:$C$63,3,FALSE) -> #DIV/0! | R16: =IF(L16>0,L16*H16/X16,0)*VLOOKUP(B16,'2-Kosten per locatie'!$A$13:$C$63,3,FALSE) -> 0 | S16: =IF(M16>0,M16*H16/Y16,0)*VLOOKUP(B16,'2-Kosten per locatie'!$A$13:$C$63,3,FALSE) -> 0 | T16: =IF(N16>0,N16*H16/Z16,0)*VLOOKUP(B16,'2-Kosten per locatie'!$A$13:$C$63,3,FALSE) -> 0 | U16: =IF(O16>0,O16*H16/Y16,0)*VLOOKUP(B16,'2-Kosten per locatie'!$A$13:$C$63,3,FALSE) -> 0 | V16: =IF(P16>0,P16*H16/Z16,0)*VLOOKUP(B16,'2-Kosten per locatie'!$A$13:$C$63,3,FALSE) -> 0 | W16: =IF(K16="nio",0,IF(K16>0,VLOOKUP(F16,'3-Productie normen'!A:L,VLOOKUP(K16,'3-Productie normen'!$B$38:$C$44,2,FALSE),FALSE))) -> 0 | X16: =IF(L16>0,W16*$X$8,0) -> 0 | Y16: =IF((OR(M16>0,O16>0)),W16*$Y$8,0) -> 0 | Z16: =IF((OR(N16>0,P16>0)),W16*$Z$8,0) -> 0 | AA16: =VLOOKUP(F16,'3-Productie normen'!A:O,15,FALSE) -> V | AC16: =J16*H16 -> 505.05
A17: 17 | B17: Ridderkerk - Mr. Troelstrastraat 2 | C17: BG | E17: Toilet dames | F17: Sanitaire ruimte | G17: steen | H17: 4.242 | J17: =SUM(K17:P17) -> 130 | K17: 130 | L17: 0 | M17: 0 | Q17: =IF(K17="nio",0,IF(K17>0,K17*H17/W17,0))*VLOOKUP(B17,'2-Kosten per locatie'!$A$13:$C$63,3,FALSE) -> #DIV/0! | R17: =IF(L17>0,L17*H17/X17,0)*VLOOKUP(B17,'2-Kosten per locatie'!$A$13:$C$63,3,FALSE) -> 0 | S17: =IF(M17>0,M17*H17/Y17,0)*VLOOKUP(B17,'2-Kosten per locatie'!$A$13:$C$63,3,FALSE) -> 0 | T17: =IF(N17>0,N17*H17/Z17,0)*VLOOKUP(B17,'2-Kosten per locatie'!$A$13:$C$63,3,FALSE) -> 0 | U17: =IF(O17>0,O17*H17/Y17,0)*VLOOKUP(B17,'2-Kosten per locatie'!$A$13:$C$63,3,FALSE) -> 0 | V17: =IF(P17>0,P17*H17/Z17,0)*VLOOKUP(B17,'2-Kosten per locatie'!$A$13:$C$63,3,FALSE) -> 0 | W17: =IF(K17="nio",0,IF(K17>0,VLOOKUP(F17,'3-Productie normen'!A:L,VLOOKUP(K17,'3-Productie normen'!$B$38:$C$44,2,FALSE),FALSE))) -> 0 | X17: =IF(L17>0,W17*$X$8,0) -> 0 | Y17: =IF((OR(M17>0,O17>0)),W17*$Y$8,0) -> 0 | Z17: =IF((OR(N17>0,P17>0)),W17*$Z$8,0) -> 0 | AA17: =VLOOKUP(F17,'3-Productie normen'!A:O,15,FALSE) -> S | AC17: =J17*H17 -> 551.46
A18: 18 | B18: Ridderkerk - Mr. Troelstrastraat 2 | C18: BG | E18: Toilet heren | F18: Sanitaire ruimte | G18: steen | H18: 9.7965 | J18: =SUM(K18:P18) -> 130 | K18: 130 | L18: 0 | M18: 0 | Q18: =IF(K18="nio",0,IF(K18>0,K18*H18/W18,0))*VLOOKUP(B18,'2-Kosten per locatie'!$A$13:$C$63,3,FALSE) -> #DIV/0! | R18: =IF(L18>0,L18*H18/X18,0)*VLOOKUP(B18,'2-Kosten per locatie'!$A$13:$C$63,3,FALSE) -> 0 | S18: =IF(M18>0,M18*H18/Y18,0)*VLOOKUP(B18,'2-Kosten per locatie'!$A$13:$C$63,3,FALSE) -> 0 | T18: =IF(N18>0,N18*H18/Z18,0)*VLOOKUP(B18,'2-Kosten per locatie'!$A$13:$C$63,3,FALSE) -> 0 | U18: =IF(O18>0,O18*H18/Y18,0)*VLOOKUP(B18,'2-Kosten per locatie'!$A$13:$C$63,3,FALSE) -> 0 | V18: =IF(P18>0,P18*H18/Z18,0)*VLOOKUP(B18,'2-Kosten per locatie'!$A$13:$C$63,3,FALSE) -> 0 | W18: =IF(K18="nio",0,IF(K18>0,VLOOKUP(F18,'3-Productie normen'!A:L,VLOOKUP(K18,'3-Productie normen'!$B$38:$C$44,2,FALSE),FALSE))) -> 0 | X18: =IF(L18>0,W18*$X$8,0) -> 0 | Y18: =IF((OR(M18>0,O18>0)),W18*$Y$8,0) -> 0 | Z18: =IF((OR(N18>0,P18>0)),W18*$Z$8,0) -> 0 | AA18: =VLOOKUP(F18,'3-Productie normen'!A:O,15,FALSE) -> S | AC18: =J18*H18 -> 1273.545
A19: 19 | B19: Ridderkerk - Mr. Troelstrastraat 2 | C19: BG | E19: Kantoor | F19: Kantoor | G19: pvc | H19: 24.507 | J19: =SUM(K19:P19) -> 130 | K19: 130 | Q19: =IF(K19="nio",0,IF(K19>0,K19*H19/W19,0))*VLOOKUP(B19,'2-Kosten per locatie'!$A$13:$C$63,3,FALSE) -> #DIV/0! | R19: =IF(L19>0,L19*H19/X19,0)*VLOOKUP(B19,'2-Kosten per locatie'!$A$13:$C$63,3,FALSE) -> 0 | S19: =IF(M19>0,M19*H19/Y19,0)*VLOOKUP(B19,'2-Kosten per locatie'!$A$13:$C$63,3,FALSE) -> 0 | T19: =IF(N19>0,N19*H19/Z19,0)*VLOOKUP(B19,'2-Kosten per locatie'!$A$13:$C$63,3,FALSE) -> 0 | U19: =IF(O19>0,O19*H19/Y19,0)*VLOOKUP(B19,'2-Kosten per locatie'!$A$13:$C$63,3,FALSE) -> 0 | V19: =IF(P19>0,P19*H19/Z19,0)*VLOOKUP(B19,'2-Kosten per locatie'!$A$13:$C$63,3,FALSE) -> 0 | W19: =IF(K19="nio",0,IF(K19>0,VLOOKUP(F19,'3-Productie normen'!A:L,VLOOKUP(K19,'3-Productie normen'!$B$38:$C$44,2,FALSE),FALSE))) -> 0 | X19: =IF(L19>0,W19*$X$8,0) -> 0 | Y19: =IF((OR(M19>0,O19>0)),W19*$Y$8,0) -> 0 | Z19: =IF((OR(N19>0,P19>0)),W19*$Z$8,0) -> 0 | AA19: =VLOOKUP(F19,'3-Productie normen'!A:O,15,FALSE) -> B | AC19: =J19*H19 -> 3185.91
A20: 20 | B20: Ridderkerk - Mr. Troelstrastraat 2 | C20: BG | E20: Kantoor | F20: Kantoor | G20: pvc | H20: 23.9085 | J20: =SUM(K20:P20) -> 130 | K20: 130 | Q20: =IF(K20="nio",0,IF(K20>0,K20*H20/W20,0))*VLOOKUP(B20,'2-Kosten per locatie'!$A$13:$C$63,3,FALSE) -> #DIV/0! | R20: =IF(L20>0,L20*H20/X20,0)*VLOOKUP(B20,'2-Kosten per locatie'!$A$13:$C$63,3,FALSE) -> 0 | S20: =IF(M20>0,M20*H20/Y20,0)*VLOOKUP(B20,'2-Kosten per locatie'!$A$13:$C$63,3,FALSE) -> 0 | T20: =IF(N20>0,N20*H20/Z20,0)*VLOOKUP(B20,'2-Kosten per locatie'!$A$13:$C$63,3,FALSE) -> 0 | U20: =IF(O20>0,O20*H20/Y20,0)*VLOOKUP(B20,'2-Kosten per locatie'!$A$13:$C$63,3,FALSE) -> 0 | V20: =IF(P20>0,P20*H20/Z20,0)*VLOOKUP(B20,'2-Kosten per locatie'!$A$13:$C$63,3,FALSE) -> 0 | W20: =IF(K20="nio",0,IF(K20>0,VLOOKUP(F20,'3-Productie normen'!A:L,VLOOKUP(K20,'3-Productie normen'!$B$38:$C$44,2,FALSE),FALSE))) -> 0 | X20: =IF(L20>0,W20*$X$8,0) -> 0 | Y20: =IF((OR(M20>0,O20>0)),W20*$Y$8,0) -> 0 | Z20: =IF((OR(N20>0,P20>0)),W20*$Z$8,0) -> 0 | AA20: =VLOOKUP(F20,'3-Productie normen'!A:O,15,FALSE) -> B | AC20: =J20*H20 -> 3108.105
A21: 21 | B21: Ridderkerk - Mr. Troelstrastraat 2 | C21: BG | E21: Vergaderzaal | F21: Vergaderruimte | G21: pvc | H21: 27.3 | J21: =SUM(K21:P21) -> 130 | K21: 130 | Q21: =IF(K21="nio",0,IF(K21>0,K21*H21/W21,0))*VLOOKUP(B21,'2-Kosten per locatie'!$A$13:$C$63,3,FALSE) -> #DIV/0! | R21: =IF(L21>0,L21*H21/X21,0)*VLOOKUP(B21,'2-Kosten per locatie'!$A$13:$C$63,3,FALSE) -> 0 | S21: =IF(M21>0,M21*H21/Y21,0)*VLOOKUP(B21,'2-Kosten per locatie'!$A$13:$C$63,3,FALSE) -> 0 | T21: =IF(N21>0,N21*H21/Z21,0)*VLOOKUP(B21,'2-Kosten per locatie'!$A$13:$C$63,3,FALSE) -> 0 | U21: =IF(O21>0,O21*H21/Y21,0)*VLOOKUP(B21,'2-Kosten per locatie'!$A$13:$C$63,3,FALSE) -> 0 | V21: =IF(P21>0,P21*H21/Z21,0)*VLOOKUP(B21,'2-Kosten per locatie'!$A$13:$C$63,3,FALSE) -> 0 | W21: =IF(K21="nio",0,IF(K21>0,VLOOKUP(F21,'3-Productie normen'!A:L,VLOOKUP(K21,'3-Productie normen'!$B$38:$C$44,2,FALSE),FALSE))) -> 0 | X21: =IF(L21>0,W21*$X$8,0) -> 0 | Y21: =IF((OR(M21>0,O21>0)),W21*$Y$8,0) -> 0 | Z21: =IF((OR(N21>0,P21>0)),W21*$Z$8,0) -> 0 | AA21: =VLOOKUP(F21,'3-Productie normen'!A:O,15,FALSE) -> V | AC21: =J21*H21 -> 3549
A22: 22 | B22: Ridderkerk - Mr. Troelstrastraat 2 | C22: BG | E22: Kantoor | F22: Kantoor | G22: pvc | H22: 74.6655 | J22: =SUM(K22:P22) -> 130 | K22: 130 | Q22: =IF(K22="nio",0,IF(K22>0,K22*H22/W22,0))*VLOOKUP(B22,'2-Kosten per locatie'!$A$13:$C$63,3,FALSE) -> #DIV/0! | R22: =IF(L22>0,L22*H22/X22,0)*VLOOKUP(B22,'2-Kosten per locatie'!$A$13:$C$63,3,FALSE) -> 0 | S22: =IF(M22>0,M22*H22/Y22,0)*VLOOKUP(B22,'2-Kosten per locatie'!$A$13:$C$63,3,FALSE) -> 0 | T22: =IF(N22>0,N22*H22/Z22,0)*VLOOKUP(B22,'2-Kosten per locatie'!$A$13:$C$63,3,FALSE) -> 0 | U22: =IF(O22>0,O22*H22/Y22,0)*VLOOKUP(B22,'2-Kosten per locatie'!$A$13:$C$63,3,FALSE) -> 0 | V22: =IF(P22>0,P22*H22/Z22,0)*VLOOKUP(B22,'2-Kosten per locatie'!$A$13:$C$63,3,FALSE) -> 0 | W22: =IF(K22="nio",0,IF(K22>0,VLOOKUP(F22,'3-Productie normen'!A:L,VLOOKUP(K22,'3-Productie normen'!$B$38:$C$44,2,FALSE),FALSE))) -> 0 | X22: =IF(L22>0,W22*$X$8,0) -> 0 | Y22: =IF((OR(M22>0,O22>0)),W22*$Y$8,0) -> 0 | Z22: =IF((OR(N22>0,P22>0)),W22*$Z$8,0) -> 0 | AA22: =VLOOKUP(F22,'3-Productie normen'!A:O,15,FALSE) -> B | AC22: =J22*H22 -> 9706.515
A23: 23 | B23: Ridderkerk - Mr. Troelstrastraat 2 | C23: BG | E23: Archief | F23: Niet in onderhoud | G23: pvc | H23: 0 | I23: 24.21 | J23: =SUM(K23:P23) -> 0 | K23: nio | Q23: =IF(K23="nio",0,IF(K23>0,K23*H23/W23,0))*VLOOKUP(B23,'2-Kosten per locatie'!$A$13:$C$63,3,FALSE) -> 0 | R23: =IF(L23>0,L23*H23/X23,0)*VLOOKUP(B23,'2-Kosten per locatie'!$A$13:$C$63,3,FALSE) -> 0 | S23: =IF(M23>0,M23*H23/Y23,0)*VLOOKUP(B23,'2-Kosten per locatie'!$A$13:$C$63,3,FALSE) -> 0 | T23: =IF(N23>0,N23*H23/Z23,0)*VLOOKUP(B23,'2-Kosten per locatie'!$A$13:$C$63,3,FALSE) -> 0 | U23: =IF(O23>0,O23*H23/Y23,0)*VLOOKUP(B23,'2-Kosten per locatie'!$A$13:$C$63,3,FALSE) -> 0 | V23: =IF(P23>0,P23*H23/Z23,0)*VLOOKUP(B23,'2-Kosten per locatie'!$A$13:$C$63,3,FALSE) -> 0 | W23: =IF(K23="nio",0,IF(K23>0,VLOOKUP(F23,'3-Productie normen'!A:L,VLOOKUP(K23,'3-Productie normen'!$B$38:$C$44,2,FALSE),FALSE))) -> 0 | X23: =IF(L23>0,W23*$X$8,0) -> 0 | Y23: =IF((OR(M23>0,O23>0)),W23*$Y$8,0) -> 0 | Z23: =IF((OR(N23>0,P23>0)),W23*$Z$8,0) -> 0 | AA23: =VLOOKUP(F23,'3-Productie normen'!A:O,15,FALSE) -> - | AC23: =J23*H23 -> 0
A24: 24 | B24: Ridderkerk - Mr. Troelstrastraat 2 | C24: BG | E24: Lift | F24: Lift | G24: pvc | H24: 1.743 | J24: =SUM(K24:P24) -> 52 | K24: 52 | Q24: =IF(K24="nio",0,IF(K24>0,K24*H24/W24,0))*VLOOKUP(B24,'2-Kosten per locatie'!$A$13:$C$63,3,FALSE) -> #DIV/0! | R24: =IF(L24>0,L24*H24/X24,0)*VLOOKUP(B24,'2-Kosten per locatie'!$A$13:$C$63,3,FALSE) -> 0 | S24: =IF(M24>0,M24*H24/Y24,0)*VLOOKUP(B24,'2-Kosten per locatie'!$A$13:$C$63,3,FALSE) -> 0 | T24: =IF(N24>0,N24*H24/Z24,0)*VLOOKUP(B24,'2-Kosten per locatie'!$A$13:$C$63,3,FALSE) -> 0 | U24: =IF(O24>0,O24*H24/Y24,0)*VLOOKUP(B24,'2-Kosten per locatie'!$A$13:$C$63,3,FALSE) -> 0 | V24: =IF(P24>0,P24*H24/Z24,0)*VLOOKUP(B24,'2-Kosten per locatie'!$A$13:$C$63,3,FALSE) -> 0 | W24: =IF(K24="nio",0,IF(K24>0,VLOOKUP(F24,'3-Productie normen'!A:L,VLOOKUP(K24,'3-Productie normen'!$B$38:$C$44,2,FALSE),FALSE))) -> 0 | X24: =IF(L24>0,W24*$X$8,0) -> 0 | Y24: =IF((OR(M24>0,O24>0)),W24*$Y$8,0) -> 0 | Z24: =IF((OR(N24>0,P24>0)),W24*$Z$8,0) -> 0 | AA24: =VLOOKUP(F24,'3-Productie normen'!A:O,15,FALSE) -> V | AC24: =J24*H24 -> 90.636
A25: 25 | B25: Ridderkerk - Mr. Troelstrastraat 2 | C25: BG | E25: Was/kleedruimte | F25: Kleedruimte | G25: steen | H25: 42.147 | J25: =SUM(K25:P25) -> 52 | K25: 52 | Q25: =IF(K25="nio",0,IF(K25>0,K25*H25/W25,0))*VLOOKUP(B25,'2-Kosten per locatie'!$A$13:$C$63,3,FALSE) -> #DIV/0! | R25: =IF(L25>0,L25*H25/X25,0)*VLOOKUP(B25,'2-Kosten per locatie'!$A$13:$C$63,3,FALSE) -> 0 | S25: =IF(M25>0,M25*H25/Y25,0)*VLOOKUP(B25,'2-Kosten per locatie'!$A$13:$C$63,3,FALSE) -> 0 | T25: =IF(N25>0,N25*H25/Z25,0)*VLOOKUP(B25,'2-Kosten per locatie'!$A$13:$C$63,3,FALSE) -> 0 | U25: =IF(O25>0,O25*H25/Y25,0)*VLOOKUP(B25,'2-Kosten per locatie'!$A$13:$C$63,3,FALSE) -> 0 | V25: =IF(P25>0,P25*H25/Z25,0)*VLOOKUP(B25,'2-Kosten per locatie'!$A$13:$C$63,3,FALSE) -> 0 | W25: =IF(K25="nio",0,IF(K25>0,VLOOKUP(F25,'3-Productie normen'!A:L,VLOOKUP(K25,'3-Productie normen'!$B$38:$C$44,2,FALSE),FALSE))) -> 0 | X25: =IF(L25>0,W25*$X$8,0) -> 0 | Y25: =IF((OR(M25>0,O25>0)),W25*$Y$8,0) -> 0 | Z25: =IF((OR(N25>0,P25>0)),W25*$Z$8,0) -> 0 | AA25: =VLOOKUP(F25,'3-Productie normen'!A:O,15,FALSE) -> S | AC25: =J25*H25 -> 2191.644
A26: 26 | B26: Ridderkerk - Mr. Troelstrastraat 2 | C26: BG | E26: Toilet heren | F26: Sanitaire ruimte | G26: steen | H26: 7.6545 | J26: =SUM(K26:P26) -> 130 | K26: 130 | Q26: =IF(K26="nio",0,IF(K26>0,K26*H26/W26,0))*VLOOKUP(B26,'2-Kosten per locatie'!$A$13:$C$63,3,FALSE) -> #DIV/0! | R26: =IF(L26>0,L26*H26/X26,0)*VLOOKUP(B26,'2-Kosten per locatie'!$A$13:$C$63,3,FALSE) -> 0 | S26: =IF(M26>0,M26*H26/Y26,0)*VLOOKUP(B26,'2-Kosten per locatie'!$A$13:$C$63,3,FALSE) -> 0 | T26: =IF(N26>0,N26*H26/Z26,0)*VLOOKUP(B26,'2-Kosten per locatie'!$A$13:$C$63,3,FALSE) -> 0 | U26: =IF(O26>0,O26*H26/Y26,0)*VLOOKUP(B26,'2-Kosten per locatie'!$A$13:$C$63,3,FALSE) -> 0 | V26: =IF(P26>0,P26*H26/Z26,0)*VLOOKUP(B26,'2-Kosten per locatie'!$A$13:$C$63,3,FALSE) -> 0 | W26: =IF(K26="nio",0,IF(K26>0,VLOOKUP(F26,'3-Productie normen'!A:L,VLOOKUP(K26,'3-Productie normen'!$B$38:$C$44,2,FALSE),FALSE))) -> 0 | X26: =IF(L26>0,W26*$X$8,0) -> 0 | Y26: =IF((OR(M26>0,O26>0)),W26*$Y$8,0) -> 0 | Z26: =IF((OR(N26>0,P26>0)),W26*$Z$8,0) -> 0 | AA26: =VLOOKUP(F26,'3-Productie normen'!A:O,15,FALSE) -> S | AC26: =J26*H26 -> 995.085
A27: 27 | B27: Ridderkerk - Mr. Troelstrastraat 2 | C27: BG | E27: Was/kleedruimte | F27: Kleedruimte | G27: steen | H27: 7.203 | J27: =SUM(K27:P27) -> 130 | K27: 130 | Q27: =IF(K27="nio",0,IF(K27>0,K27*H27/W27,0))*VLOOKUP(B27,'2-Kosten per locatie'!$A$13:$C$63,3,FALSE) -> #DIV/0! | R27: =IF(L27>0,L27*H27/X27,0)*VLOOKUP(B27,'2-Kosten per locatie'!$A$13:$C$63,3,FALSE) -> 0 | S27: =IF(M27>0,M27*H27/Y27,0)*VLOOKUP(B27,'2-Kosten per locatie'!$A$13:$C$63,3,FALSE) -> 0 | T27: =IF(N27>0,N27*H27/Z27,0)*VLOOKUP(B27,'2-Kosten per locatie'!$A$13:$C$63,3,FALSE) -> 0 | U27: =IF(O27>0,O27*H27/Y27,0)*VLOOKUP(B27,'2-Kosten per locatie'!$A$13:$C$63,3,FALSE) -> 0 | V27: =IF(P27>0,P27*H27/Z27,0)*VLOOKUP(B27,'2-Kosten per locatie'!$A$13:$C$63,3,FALSE) -> 0 | W27: =IF(K27="nio",0,IF(K27>0,VLOOKUP(F27,'3-Productie normen'!A:L,VLOOKUP(K27,'3-Productie normen'!$B$38:$C$44,2,FALSE),FALSE))) -> 0 | X27: =IF(L27>0,W27*$X$8,0) -> 0 | Y27: =IF((OR(M27>0,O27>0)),W27*$Y$8,0) -> 0 | Z27: =IF((OR(N27>0,P27>0)),W27*$Z$8,0) -> 0 | AA27: =VLOOKUP(F27,'3-Productie normen'!A:O,15,FALSE) -> S | AC27: =J27*H27 -> 936.39
A28: 28 | B28: Ridderkerk - Mr. Troelstrastraat 2 | C28: BG | E28: Toilet dames | F28: Sanitaire ruimte | G28: steen | H28: 1.47 | J28: =SUM(K28:P28) -> 130 | K28: 130 | Q28: =IF(K28="nio",0,IF(K28>0,K28*H28/W28,0))*VLOOKUP(B28,'2-Kosten per locatie'!$A$13:$C$63,3,FALSE) -> #DIV/0! | R28: =IF(L28>0,L28*H28/X28,0)*VLOOKUP(B28,'2-Kosten per locatie'!$A$13:$C$63,3,FALSE) -> 0 | S28: =IF(M28>0,M28*H28/Y28,0)*VLOOKUP(B28,'2-Kosten per locatie'!$A$13:$C$63,3,FALSE) -> 0 | T28: =IF(N28>0,N28*H28/Z28,0)*VLOOKUP(B28,'2-Kosten per locatie'!$A$13:$C$63,3,FALSE) -> 0 | U28: =IF(O28>0,O28*H28/Y28,0)*VLOOKUP(B28,'2-Kosten per locatie'!$A$13:$C$63,3,FALSE) -> 0 | V28: =IF(P28>0,P28*H28/Z28,0)*VLOOKUP(B28,'2-Kosten per locatie'!$A$13:$C$63,3,FALSE) -> 0 | W28: =IF(K28="nio",0,IF(K28>0,VLOOKUP(F28,'3-Productie normen'!A:L,VLOOKUP(K28,'3-Productie normen'!$B$38:$C$44,2,FALSE),FALSE))) -> 0 | X28: =IF(L28>0,W28*$X$8,0) -> 0 | Y28: =IF((OR(M28>0,O28>0)),W28*$Y$8,0) -> 0 | Z28: =IF((OR(N28>0,P28>0)),W28*$Z$8,0) -> 0 | AA28: =VLOOKUP(F28,'3-Productie normen'!A:O,15,FALSE) -> S | AC28: =J28*H28 -> 191.1
A29: 29 | B29: Ridderkerk - Mr. Troelstrastraat 2 | C29: BG | E29: Kantoor postcom. | F29: Kantoor | G29: pvc | H29: 24.507 | J29: =SUM(K29:P29) -> 130 | K29: 130 | Q29: =IF(K29="nio",0,IF(K29>0,K29*H29/W29,0))*VLOOKUP(B29,'2-Kosten per locatie'!$A$13:$C$63,3,FALSE) -> #DIV/0! | R29: =IF(L29>0,L29*H29/X29,0)*VLOOKUP(B29,'2-Kosten per locatie'!$A$13:$C$63,3,FALSE) -> 0 | S29: =IF(M29>0,M29*H29/Y29,0)*VLOOKUP(B29,'2-Kosten per locatie'!$A$13:$C$63,3,FALSE) -> 0 | T29: =IF(N29>0,N29*H29/Z29,0)*VLOOKUP(B29,'2-Kosten per locatie'!$A$13:$C$63,3,FALSE) -> 0 | U29: =IF(O29>0,O29*H29/Y29,0)*VLOOKUP(B29,'2-Kosten per locatie'!$A$13:$C$63,3,FALSE) -> 0 | V29: =IF(P29>0,P29*H29/Z29,0)*VLOOKUP(B29,'2-Kosten per locatie'!$A$13:$C$63,3,FALSE) -> 0 | W29: =IF(K29="nio",0,IF(K29>0,VLOOKUP(F29,'3-Productie normen'!A:L,VLOOKUP(K29,'3-Productie normen'!$B$38:$C$44,2,FALSE),FALSE))) -> 0 | X29: =IF(L29>0,W29*$X$8,0) -> 0 | Y29: =IF((OR(M29>0,O29>0)),W29*$Y$8,0) -> 0 | Z29: =IF((OR(N29>0,P29>0)),W29*$Z$8,0) -> 0 | AA29: =VLOOKUP(F29,'3-Productie normen'!A:O,15,FALSE) -> B | AC29: =J29*H29 -> 3185.91
A30: 30 | B30: Ridderkerk - Mr. Troelstrastraat 2 | C30: 1ste | E30: Trap | F30: Trap | G30: hout | H30: 9.45 | J30: =SUM(K30:P30) -> 52 | K30: 52 | Q30: =IF(K30="nio",0,IF(K30>0,K30*H30/W30,0))*VLOOKUP(B30,'2-Kosten per locatie'!$A$13:$C$63,3,FALSE) -> #DIV/0! | R30: =IF(L30>0,L30*H30/X30,0)*VLOOKUP(B30,'2-Kosten per locatie'!$A$13:$C$63,3,FALSE) -> 0 | S30: =IF(M30>0,M30*H30/Y30,0)*VLOOKUP(B30,'2-Kosten per locatie'!$A$13:$C$63,3,FALSE) -> 0 | T30: =IF(N30>0,N30*H30/Z30,0)*VLOOKUP(B30,'2-Kosten per locatie'!$A$13:$C$63,3,FALSE) -> 0 | U30: =IF(O30>0,O30*H30/Y30,0)*VLOOKUP(B30,'2-Kosten per locatie'!$A$13:$C$63,3,FALSE) -> 0 | V30: =IF(P30>0,P30*H30/Z30,0)*VLOOKUP(B30,'2-Kosten per locatie'!$A$13:$C$63,3,FALSE) -> 0 | W30: =IF(K30="nio",0,IF(K30>0,VLOOKUP(F30,'3-Productie normen'!A:L,VLOOKUP(K30,'3-Productie normen'!$B$38:$C$44,2,FALSE),FALSE))) -> 0 | X30: =IF(L30>0,W30*$X$8,0) -> 0 | Y30: =IF((OR(M30>0,O30>0)),W30*$Y$8,0) -> 0 | Z30: =IF((OR(N30>0,P30>0)),W30*$Z$8,0) -> 0 | AA30: =VLOOKUP(F30,'3-Productie normen'!A:O,15,FALSE) -> V | AC30: =J30*H30 -> 491.4
A31: 31 | B31: Ridderkerk - Mr. Troelstrastraat 2 | C31: 1ste | E31: Kantoor | F31: Kantoor | G31: pvc | H31: 24.8325 | J31: =SUM(K31:P31) -> 52 | K31: 52 | Q31: =IF(K31="nio",0,IF(K31>0,K31*H31/W31,0))*VLOOKUP(B31,'2-Kosten per locatie'!$A$13:$C$63,3,FALSE) -> #DIV/0! | R31: =IF(L31>0,L31*H31/X31,0)*VLOOKUP(B31,'2-Kosten per locatie'!$A$13:$C$63,3,FALSE) -> 0 | S31: =IF(M31>0,M31*H31/Y31,0)*VLOOKUP(B31,'2-Kosten per locatie'!$A$13:$C$63,3,FALSE) -> 0 | T31: =IF(N31>0,N31*H31/Z31,0)*VLOOKUP(B31,'2-Kosten per locatie'!$A$13:$C$63,3,FALSE) -> 0 | U31: =IF(O31>0,O31*H31/Y31,0)*VLOOKUP(B31,'2-Kosten per locatie'!$A$13:$C$63,3,FALSE) -> 0 | V31: =IF(P31>0,P31*H31/Z31,0)*VLOOKUP(B31,'2-Kosten per locatie'!$A$13:$C$63,3,FALSE) -> 0 | W31: =IF(K31="nio",0,IF(K31>0,VLOOKUP(F31,'3-Productie normen'!A:L,VLOOKUP(K31,'3-Productie normen'!$B$38:$C$44,2,FALSE),FALSE))) -> 0 | X31: =IF(L31>0,W31*$X$8,0) -> 0 | Y31: =IF((OR(M31>0,O31>0)),W31*$Y$8,0) -> 0 | Z31: =IF((OR(N31>0,P31>0)),W31*$Z$8,0) -> 0 | AA31: =VLOOKUP(F31,'3-Productie normen'!A:O,15,FALSE) -> B | AC31: =J31*H31 -> 1291.29
A32: 32 | B32: Ridderkerk - Mr. Troelstrastraat 2 | C32: 1ste | E32: Kantoor | F32: Kantoor | G32: pvc | H32: 78.9285 | J32: =SUM(K32:P32) -> 52 | K32: 52 | Q32: =IF(K32="nio",0,IF(K32>0,K32*H32/W32,0))*VLOOKUP(B32,'2-Kosten per locatie'!$A$13:$C$63,3,FALSE) -> #DIV/0! | R32: =IF(L32>0,L32*H32/X32,0)*VLOOKUP(B32,'2-Kosten per locatie'!$A$13:$C$63,3,FALSE) -> 0 | S32: =IF(M32>0,M32*H32/Y32,0)*VLOOKUP(B32,'2-Kosten per locatie'!$A$13:$C$63,3,FALSE) -> 0 | T32: =IF(N32>0,N32*H32/Z32,0)*VLOOKUP(B32,'2-Kosten per locatie'!$A$13:$C$63,3,FALSE) -> 0 | U32: =IF(O32>0,O32*H32/Y32,0)*VLOOKUP(B32,'2-Kosten per locatie'!$A$13:$C$63,3,FALSE) -> 0 | V32: =IF(P32>0,P32*H32/Z32,0)*VLOOKUP(B32,'2-Kosten per locatie'!$A$13:$C$63,3,FALSE) -> 0 | W32: =IF(K32="nio",0,IF(K32>0,VLOOKUP(F32,'3-Productie normen'!A:L,VLOOKUP(K32,'3-Productie normen'!$B$38:$C$44,2,FALSE),FALSE))) -> 0 | X32: =IF(L32>0,W32*$X$8,0) -> 0 | Y32: =IF((OR(M32>0,O32>0)),W32*$Y$8,0) -> 0 | Z32: =IF((OR(N32>0,P32>0)),W32*$Z$8,0) -> 0 | AA32: =VLOOKUP(F32,'3-Productie normen'!A:O,15,FALSE) -> B | AC32: =J32*H32 -> 4104.282
A33: 33 | B33: Ridderkerk - Mr. Troelstrastraat 2 | C33: 1ste | E33: Verkeersruimte | F33: Gang | G33: pvc | H33: 115.29 | J33: =SUM(K33:P33) -> 52 | K33: 52 | Q33: =IF(K33="nio",0,IF(K33>0,K33*H33/W33,0))*VLOOKUP(B33,'2-Kosten per locatie'!$A$13:$C$63,3,FALSE) -> #DIV/0! | R33: =IF(L33>0,L33*H33/X33,0)*VLOOKUP(B33,'2-Kosten per locatie'!$A$13:$C$63,3,FALSE) -> 0 | S33: =IF(M33>0,M33*H33/Y33,0)*VLOOKUP(B33,'2-Kosten per locatie'!$A$13:$C$63,3,FALSE) -> 0 | T33: =IF(N33>0,N33*H33/Z33,0)*VLOOKUP(B33,'2-Kosten per locatie'!$A$13:$C$63,3,FALSE) -> 0 | U33: =IF(O33>0,O33*H33/Y33,0)*VLOOKUP(B33,'2-Kosten per locatie'!$A$13:$C$63,3,FALSE) -> 0 | V33: =IF(P33>0,P33*H33/Z33,0)*VLOOKUP(B33,'2-Kosten per locatie'!$A$13:$C$63,3,FALSE) -> 0 | W33: =IF(K33="nio",0,IF(K33>0,VLOOKUP(F33,'3-Productie normen'!A:L,VLOOKUP(K33,'3-Productie normen'!$B$38:$C$44,2,FALSE),FALSE))) -> 0 | X33: =IF(L33>0,W33*$X$8,0) -> 0 | Y33: =IF((OR(M33>0,O33>0)),W33*$Y$8,0) -> 0 | Z33: =IF((OR(N33>0,P33>0)),W33*$Z$8,0) -> 0 | AA33: =VLOOKUP(F33,'3-Productie normen'!A:O,15,FALSE) -> V | AC33: =J33*H33 -> 5995.08
A34: 34 | B34: Ridderkerk - Mr. Troelstrastraat 2 | C34: 1ste | E34: Dagverblijf | F34: Niet in onderhoud | G34: pvc | H34: 0 | I34: 223.36 | J34: =SUM(K34:P34) -> 0 | K34: nio | Q34: =IF(K34="nio",0,IF(K34>0,K34*H34/W34,0))*VLOOKUP(B34,'2-Kosten per locatie'!$A$13:$C$63,3,FALSE) -> 0 | R34: =IF(L34>0,L34*H34/X34,0)*VLOOKUP(B34,'2-Kosten per locatie'!$A$13:$C$63,3,FALSE) -> 0 | S34: =IF(M34>0,M34*H34/Y34,0)*VLOOKUP(B34,'2-Kosten per locatie'!$A$13:$C$63,3,FALSE) -> 0 | T34: =IF(N34>0,N34*H34/Z34,0)*VLOOKUP(B34,'2-Kosten per locatie'!$A$13:$C$63,3,FALSE) -> 0 | U34: =IF(O34>0,O34*H34/Y34,0)*VLOOKUP(B34,'2-Kosten per locatie'!$A$13:$C$63,3,FALSE) -> 0 | V34: =IF(P34>0,P34*H34/Z34,0)*VLOOKUP(B34,'2-Kosten per locatie'!$A$13:$C$63,3,FALSE) -> 0 | W34: =IF(K34="nio",0,IF(K34>0,VLOOKUP(F34,'3-Productie normen'!A:L,VLOOKUP(K34,'3-Productie normen'!$B$38:$C$44,2,FALSE),FALSE))) -> 0 | X34: =IF(L34>0,W34*$X$8,0) -> 0 | Y34: =IF((OR(M34>0,O34>0)),W34*$Y$8,0) -> 0 | Z34: =IF((OR(N34>0,P34>0)),W34*$Z$8,0) -> 0 | AA34: =VLOOKUP(F34,'3-Productie normen'!A:O,15,FALSE) -> - | AC34: =J34*H34 -> 0
A35: 35 | B35: Ridderkerk - Mr. Troelstrastraat 2 | C35: 1ste | E35: Kantoor | F35: Kantoor | G35: pvc | H35: 26.103 | J35: =SUM(K35:P35) -> 52 | K35: 52 | Q35: =IF(K35="nio",0,IF(K35>0,K35*H35/W35,0))*VLOOKUP(B35,'2-Kosten per locatie'!$A$13:$C$63,3,FALSE) -> #DIV/0! | R35: =IF(L35>0,L35*H35/X35,0)*VLOOKUP(B35,'2-Kosten per locatie'!$A$13:$C$63,3,FALSE) -> 0 | S35: =IF(M35>0,M35*H35/Y35,0)*VLOOKUP(B35,'2-Kosten per locatie'!$A$13:$C$63,3,FALSE) -> 0 | T35: =IF(N35>0,N35*H35/Z35,0)*VLOOKUP(B35,'2-Kosten per locatie'!$A$13:$C$63,3,FALSE) -> 0 | U35: =IF(O35>0,O35*H35/Y35,0)*VLOOKUP(B35,'2-Kosten per locatie'!$A$13:$C$63,3,FALSE) -> 0 | V35: =IF(P35>0,P35*H35/Z35,0)*VLOOKUP(B35,'2-Kosten per locatie'!$A$13:$C$63,3,FALSE) -> 0 | W35: =IF(K35="nio",0,IF(K35>0,VLOOKUP(F35,'3-Productie normen'!A:L,VLOOKUP(K35,'3-Productie normen'!$B$38:$C$44,2,FALSE),FALSE))) -> 0 | X35: =IF(L35>0,W35*$X$8,0) -> 0 | Y35: =IF((OR(M35>0,O35>0)),W35*$Y$8,0) -> 0 | Z35: =IF((OR(N35>0,P35>0)),W35*$Z$8,0) -> 0 | AA35: =VLOOKUP(F35,'3-Productie normen'!A:O,15,FALSE) -> B | AC35: =J35*H35 -> 1357.356
A36: 36 | B36: Ridderkerk - Mr. Troelstrastraat 2 | C36: 1ste | E36: Instructielokaal | F36: Lokaal | G36: pvc | H36: 76.0935 | J36: =SUM(K36:P36) -> 52 | K36: 52 | Q36: =IF(K36="nio",0,IF(K36>0,K36*H36/W36,0))*VLOOKUP(B36,'2-Kosten per locatie'!$A$13:$C$63,3,FALSE) -> #DIV/0! | R36: =IF(L36>0,L36*H36/X36,0)*VLOOKUP(B36,'2-Kosten per locatie'!$A$13:$C$63,3,FALSE) -> 0 | S36: =IF(M36>0,M36*H36/Y36,0)*VLOOKUP(B36,'2-Kosten per locatie'!$A$13:$C$63,3,FALSE) -> 0 | T36: =IF(N36>0,N36*H36/Z36,0)*VLOOKUP(B36,'2-Kosten per locatie'!$A$13:$C$63,3,FALSE) -> 0 | U36: =IF(O36>0,O36*H36/Y36,0)*VLOOKUP(B36,'2-Kosten per locatie'!$A$13:$C$63,3,FALSE) -> 0 | V36: =IF(P36>0,P36*H36/Z36,0)*VLOOKUP(B36,'2-Kosten per locatie'!$A$13:$C$63,3,FALSE) -> 0 | W36: =IF(K36="nio",0,IF(K36>0,VLOOKUP(F36,'3-Productie normen'!A:L,VLOOKUP(K36,'3-Productie normen'!$B$38:$C$44,2,FALSE),FALSE))) -> 0 | X36: =IF(L36>0,W36*$X$8,0) -> 0 | Y36: =IF((OR(M36>0,O36>0)),W36*$Y$8,0) -> 0 | Z36: =IF((OR(N36>0,P36>0)),W36*$Z$8,0) -> 0 | AA36: =VLOOKUP(F36,'3-Productie normen'!A:O,15,FALSE) -> V | AC36: =J36*H36 -> 3956.862
A37: 37 | B37: Ridderkerk - Mr. Troelstrastraat 2 | C37: 1ste | E37: Fitnessruimte | F37: Lokaal | G37: pvc | H37: 68.59 | I37: 0 | J37: =SUM(K37:P37) -> 52 | K37: 52 | Q37: =IF(K37="nio",0,IF(K37>0,K37*H37/W37,0))*VLOOKUP(B37,'2-Kosten per locatie'!$A$13:$C$63,3,FALSE) -> #DIV/0! | R37: =IF(L37>0,L37*H37/X37,0)*VLOOKUP(B37,'2-Kosten per locatie'!$A$13:$C$63,3,FALSE) -> 0 | S37: =IF(M37>0,M37*H37/Y37,0)*VLOOKUP(B37,'2-Kosten per locatie'!$A$13:$C$63,3,FALSE) -> 0 | T37: =IF(N37>0,N37*H37/Z37,0)*VLOOKUP(B37,'2-Kosten per locatie'!$A$13:$C$63,3,FALSE) -> 0 | U37: =IF(O37>0,O37*H37/Y37,0)*VLOOKUP(B37,'2-Kosten per locatie'!$A$13:$C$63,3,FALSE) -> 0 | V37: =IF(P37>0,P37*H37/Z37,0)*VLOOKUP(B37,'2-Kosten per locatie'!$A$13:$C$63,3,FALSE) -> 0 | W37: =IF(K37="nio",0,IF(K37>0,VLOOKUP(F37,'3-Productie normen'!A:L,VLOOKUP(K37,'3-Productie normen'!$B$38:$C$44,2,FALSE),FALSE))) -> 0 | X37: =IF(L37>0,W37*$X$8,0) -> 0 | Y37: =IF((OR(M37>0,O37>0)),W37*$Y$8,0) -> 0 | Z37: =IF((OR(N37>0,P37>0)),W37*$Z$8,0) -> 0 | AA37: =VLOOKUP(F37,'3-Productie normen'!A:O,15,FALSE) -> V | AC37: =J37*H37 -> 3566.68
A38: 38 | B38: Ridderkerk - Mr. Troelstrastraat 2 | C38: 1ste | E38: Noodtrap | F38: Trap | G38: beton | H38: 12.8205 | J38: =SUM(K38:P38) -> 52 | K38: 52 | Q38: =IF(K38="nio",0,IF(K38>0,K38*H38/W38,0))*VLOOKUP(B38,'2-Kosten per locatie'!$A$13:$C$63,3,FALSE) -> #DIV/0! | R38: =IF(L38>0,L38*H38/X38,0)*VLOOKUP(B38,'2-Kosten per locatie'!$A$13:$C$63,3,FALSE) -> 0 | S38: =IF(M38>0,M38*H38/Y38,0)*VLOOKUP(B38,'2-Kosten per locatie'!$A$13:$C$63,3,FALSE) -> 0 | T38: =IF(N38>0,N38*H38/Z38,0)*VLOOKUP(B38,'2-Kosten per locatie'!$A$13:$C$63,3,FALSE) -> 0 | U38: =IF(O38>0,O38*H38/Y38,0)*VLOOKUP(B38,'2-Kosten per locatie'!$A$13:$C$63,3,FALSE) -> 0 | V38: =IF(P38>0,P38*H38/Z38,0)*VLOOKUP(B38,'2-Kosten per locatie'!$A$13:$C$63,3,FALSE) -> 0 | W38: =IF(K38="nio",0,IF(K38>0,VLOOKUP(F38,'3-Productie normen'!A:L,VLOOKUP(K38,'3-Productie normen'!$B$38:$C$44,2,FALSE),FALSE))) -> 0 | X38: =IF(L38>0,W38*$X$8,0) -> 0 | Y38: =IF((OR(M38>0,O38>0)),W38*$Y$8,0) -> 0 | Z38: =IF((OR(N38>0,P38>0)),W38*$Z$8,0) -> 0 | AA38: =VLOOKUP(F38,'3-Productie normen'!A:O,15,FALSE) -> V | AC38: =J38*H38 -> 666.666
A39: 39 | B39: Ridderkerk - Mr. Troelstrastraat 2 | C39: 1ste | E39: Toilet dames | F39: Sanitaire ruimte | G39: steen | H39: 5.7645 | J39: =SUM(K39:P39) -> 52 | K39: 52 | Q39: =IF(K39="nio",0,IF(K39>0,K39*H39/W39,0))*VLOOKUP(B39,'2-Kosten per locatie'!$A$13:$C$63,3,FALSE) -> #DIV/0! | R39: =IF(L39>0,L39*H39/X39,0)*VLOOKUP(B39,'2-Kosten per locatie'!$A$13:$C$63,3,FALSE) -> 0 | S39: =IF(M39>0,M39*H39/Y39,0)*VLOOKUP(B39,'2-Kosten per locatie'!$A$13:$C$63,3,FALSE) -> 0 | T39: =IF(N39>0,N39*H39/Z39,0)*VLOOKUP(B39,'2-Kosten per locatie'!$A$13:$C$63,3,FALSE) -> 0 | U39: =IF(O39>0,O39*H39/Y39,0)*VLOOKUP(B39,'2-Kosten per locatie'!$A$13:$C$63,3,FALSE) -> 0 | V39: =IF(P39>0,P39*H39/Z39,0)*VLOOKUP(B39,'2-Kosten per locatie'!$A$13:$C$63,3,FALSE) -> 0 | W39: =IF(K39="nio",0,IF(K39>0,VLOOKUP(F39,'3-Productie normen'!A:L,VLOOKUP(K39,'3-Productie normen'!$B$38:$C$44,2,FALSE),FALSE))) -> 0 | X39: =IF(L39>0,W39*$X$8,0) -> 0 | Y39: =IF((OR(M39>0,O39>0)),W39*$Y$8,0) -> 0 | Z39: =IF((OR(N39>0,P39>0)),W39*$Z$8,0) -> 0 | AA39: =VLOOKUP(F39,'3-Productie normen'!A:O,15,FALSE) -> S | AC39: =J39*H39 -> 299.754
A40: 40 | B40: Ridderkerk - Mr. Troelstrastraat 2 | C40: 1ste | E40: Toilet heren | F40: Sanitaire ruimte | G40: steen | H40: 8.9775 | J40: =SUM(K40:P40) -> 52 | K40: 52 | Q40: =IF(K40="nio",0,IF(K40>0,K40*H40/W40,0))*VLOOKUP(B40,'2-Kosten per locatie'!$A$13:$C$63,3,FALSE) -> #DIV/0! | R40: =IF(L40>0,L40*H40/X40,0)*VLOOKUP(B40,'2-Kosten per locatie'!$A$13:$C$63,3,FALSE) -> 0 | S40: =IF(M40>0,M40*H40/Y40,0)*VLOOKUP(B40,'2-Kosten per locatie'!$A$13:$C$63,3,FALSE) -> 0 | T40: =IF(N40>0,N40*H40/Z40,0)*VLOOKUP(B40,'2-Kosten per locatie'!$A$13:$C$63,3,FALSE) -> 0 | U40: =IF(O40>0,O40*H40/Y40,0)*VLOOKUP(B40,'2-Kosten per locatie'!$A$13:$C$63,3,FALSE) -> 0 | V40: =IF(P40>0,P40*H40/Z40,0)*VLOOKUP(B40,'2-Kosten per locatie'!$A$13:$C$63,3,FALSE) -> 0 | W40: =IF(K40="nio",0,IF(K40>0,VLOOKUP(F40,'3-Productie normen'!A:L,VLOOKUP(K40,'3-Productie normen'!$B$38:$C$44,2,FALSE),FALSE))) -> 0 | X40: =IF(L40>0,W40*$X$8,0) -> 0 | Y40: =IF((OR(M40>0,O40>0)),W40*$Y$8,0) -> 0 | Z40: =IF((OR(N40>0,P40>0)),W40*$Z$8,0) -> 0 | AA40: =VLOOKUP(F40,'3-Productie normen'!A:O,15,FALSE) -> S | AC40: =J40*H40 -> 466.83
A41: 41 | B41: Rotterdam - Groenetuin 321 | C41: BG | E41: Dagverblijf | F41: Niet in onderhoud | G41: pvc | I41: 126.79 | J41: =SUM(K41:P41) -> 0 | K41: nio | Q41: =IF(K41="nio",0,IF(K41>0,K41*H41/W41,0))*VLOOKUP(B41,'2-Kosten per locatie'!$A$13:$C$63,3,FALSE) -> 0 | R41: =IF(L41>0,L41*H41/X41,0)*VLOOKUP(B41,'2-Kosten per locatie'!$A$13:$C$63,3,FALSE) -> 0 | S41: =IF(M41>0,M41*H41/Y41,0)*VLOOKUP(B41,'2-Kosten per locatie'!$A$13:$C$63,3,FALSE) -> 0 | T41: =IF(N41>0,N41*H41/Z41,0)*VLOOKUP(B41,'2-Kosten per locatie'!$A$13:$C$63,3,FALSE) -> 0 | U41: =IF(O41>0,O41*H41/Y41,0)*VLOOKUP(B41,'2-Kosten per locatie'!$A$13:$C$63,3,FALSE) -> 0 | V41: =IF(P41>0,P41*H41/Z41,0)*VLOOKUP(B41,'2-Kosten per locatie'!$A$13:$C$63,3,FALSE) -> 0 | W41: =IF(K41="nio",0,IF(K41>0,VLOOKUP(F41,'3-Productie normen'!A:L,VLOOKUP(K41,'3-Productie normen'!$B$38:$C$44,2,FALSE),FALSE))) -> 0 | X41: =IF(L41>0,W41*$X$8,0) -> 0 | Y41: =IF((OR(M41>0,O41>0)),W41*$Y$8,0) -> 0 | Z41: =IF((OR(N41>0,P41>0)),W41*$Z$8,0) -> 0 | AA41: =VLOOKUP(F41,'3-Productie normen'!A:O,15,FALSE) -> - | AC41: =J41*H41 -> 0
A42: 42 | B42: Rotterdam - Groenetuin 321 | C42: BG | E42: Fitnessruimte | F42: Niet in onderhoud | G42: pvc | H42: 0 | I42: 60.5115 | J42: =SUM(K42:P42) -> 0 | K42: nio | Q42: =IF(K42="nio",0,IF(K42>0,K42*H42/W42,0))*VLOOKUP(B42,'2-Kosten per locatie'!$A$13:$C$63,3,FALSE) -> 0 | R42: =IF(L42>0,L42*H42/X42,0)*VLOOKUP(B42,'2-Kosten per locatie'!$A$13:$C$63,3,FALSE) -> 0 | S42: =IF(M42>0,M42*H42/Y42,0)*VLOOKUP(B42,'2-Kosten per locatie'!$A$13:$C$63,3,FALSE) -> 0 | T42: =IF(N42>0,N42*H42/Z42,0)*VLOOKUP(B42,'2-Kosten per locatie'!$A$13:$C$63,3,FALSE) -> 0 | U42: =IF(O42>0,O42*H42/Y42,0)*VLOOKUP(B42,'2-Kosten per locatie'!$A$13:$C$63,3,FALSE) -> 0 | V42: =IF(P42>0,P42*H42/Z42,0)*VLOOKUP(B42,'2-Kosten per locatie'!$A$13:$C$63,3,FALSE) -> 0 | W42: =IF(K42="nio",0,IF(K42>0,VLOOKUP(F42,'3-Productie normen'!A:L,VLOOKUP(K42,'3-Productie normen'!$B$38:$C$44,2,FALSE),FALSE))) -> 0 | X42: =IF(L42>0,W42*$X$8,0) -> 0 | Y42: =IF((OR(M42>0,O42>0)),W42*$Y$8,0) -> 0 | Z42: =IF((OR(N42>0,P42>0)),W42*$Z$8,0) -> 0 | AA42: =VLOOKUP(F42,'3-Productie normen'!A:O,15,FALSE) -> - | AC42: =J42*H42 -> 0
A43: 43 | B43: Rotterdam - Groenetuin 321 | C43: BG | E43: Kantoor | F43: Kantoor | G43: pvc | I43: 23.184 | J43: =SUM(K43:P43) -> 0 | K43: nio | Q43: =IF(K43="nio",0,IF(K43>0,K43*H43/W43,0))*VLOOKUP(B43,'2-Kosten per locatie'!$A$13:$C$63,3,FALSE) -> 0 | R43: =IF(L43>0,L43*H43/X43,0)*VLOOKUP(B43,'2-Kosten per locatie'!$A$13:$C$63,3,FALSE) -> 0 | S43: =IF(M43>0,M43*H43/Y43,0)*VLOOKUP(B43,'2-Kosten per locatie'!$A$13:$C$63,3,FALSE) -> 0 | T43: =IF(N43>0,N43*H43/Z43,0)*VLOOKUP(B43,'2-Kosten per locatie'!$A$13:$C$63,3,FALSE) -> 0 | U43: =IF(O43>0,O43*H43/Y43,0)*VLOOKUP(B43,'2-Kosten per locatie'!$A$13:$C$63,3,FALSE) -> 0 | V43: =IF(P43>0,P43*H43/Z43,0)*VLOOKUP(B43,'2-Kosten per locatie'!$A$13:$C$63,3,FALSE) -> 0 | W43: =IF(K43="nio",0,IF(K43>0,VLOOKUP(F43,'3-Productie normen'!A:L,VLOOKUP(K43,'3-Productie normen'!$B$38:$C$44,2,FALSE),FALSE))) -> 0 | X43: =IF(L43>0,W43*$X$8,0) -> 0 | Y43: =IF((OR(M43>0,O43>0)),W43*$Y$8,0) -> 0 | Z43: =IF((OR(N43>0,P43>0)),W43*$Z$8,0) -> 0 | AA43: =VLOOKUP(F43,'3-Productie normen'!A:O,15,FALSE) -> B | AC43: =J43*H43 -> 0
A44: 44 | B44: Rotterdam - Groenetuin 321 | C44: BG | E44: Verkeersruimte | F44: Gang | G44: pvc | I44: 41.034 | J44: =SUM(K44:P44) -> 0 | K44: nio | Q44: =IF(K44="nio",0,IF(K44>0,K44*H44/W44,0))*VLOOKUP(B44,'2-Kosten per locatie'!$A$13:$C$63,3,FALSE) -> 0 | R44: =IF(L44>0,L44*H44/X44,0)*VLOOKUP(B44,'2-Kosten per locatie'!$A$13:$C$63,3,FALSE) -> 0 | S44: =IF(M44>0,M44*H44/Y44,0)*VLOOKUP(B44,'2-Kosten per locatie'!$A$13:$C$63,3,FALSE) -> 0 | T44: =IF(N44>0,N44*H44/Z44,0)*VLOOKUP(B44,'2-Kosten per locatie'!$A$13:$C$63,3,FALSE) -> 0 | U44: =IF(O44>0,O44*H44/Y44,0)*VLOOKUP(B44,'2-Kosten per locatie'!$A$13:$C$63,3,FALSE) -> 0 | V44: =IF(P44>0,P44*H44/Z44,0)*VLOOKUP(B44,'2-Kosten per locatie'!$A$13:$C$63,3,FALSE) -> 0 | W44: =IF(K44="nio",0,IF(K44>0,VLOOKUP(F44,'3-Productie normen'!A:L,VLOOKUP(K44,'3-Productie normen'!$B$38:$C$44,2,FALSE),FALSE))) -> 0 | X44: =IF(L44>0,W44*$X$8,0) -> 0 | Y44: =IF((OR(M44>0,O44>0)),W44*$Y$8,0) -> 0 | Z44: =IF((OR(N44>0,P44>0)),W44*$Z$8,0) -> 0 | AA44: =VLOOKUP(F44,'3-Productie normen'!A:O,15,FALSE) -> V | AC44: =J44*H44 -> 0
A45: 45 | B45: Rotterdam - Groenetuin 321 | C45: BG | E45: Trap | F45: Trap | G45: pvc | I45: 12.285 | J45: =SUM(K45:P45) -> 0 | K45: nio | Q45: =IF(K45="nio",0,IF(K45>0,K45*H45/W45,0))*VLOOKUP(B45,'2-Kosten per locatie'!$A$13:$C$63,3,FALSE) -> 0 | R45: =IF(L45>0,L45*H45/X45,0)*VLOOKUP(B45,'2-Kosten per locatie'!$A$13:$C$63,3,FALSE) -> 0 | S45: =IF(M45>0,M45*H45/Y45,0)*VLOOKUP(B45,'2-Kosten per locatie'!$A$13:$C$63,3,FALSE) -> 0 | T45: =IF(N45>0,N45*H45/Z45,0)*VLOOKUP(B45,'2-Kosten per locatie'!$A$13:$C$63,3,FALSE) -> 0 | U45: =IF(O45>0,O45*H45/Y45,0)*VLOOKUP(B45,'2-Kosten per locatie'!$A$13:$C$63,3,FALSE) -> 0 | V45: =IF(P45>0,P45*H45/Z45,0)*VLOOKUP(B45,'2-Kosten per locatie'!$A$13:$C$63,3,FALSE) -> 0 | W45: =IF(K45="nio",0,IF(K45>0,VLOOKUP(F45,'3-Productie normen'!A:L,VLOOKUP(K45,'3-Productie normen'!$B$38:$C$44,2,FALSE),FALSE))) -> 0 | X45: =IF(L45>0,W45*$X$8,0) -> 0 | Y45: =IF((OR(M45>0,O45>0)),W45*$Y$8,0) -> 0 | Z45: =IF((OR(N45>0,P45>0)),W45*$Z$8,0) -> 0 | AA45: =VLOOKUP(F45,'3-Productie normen'!A:O,15,FALSE) -> V | AC45: =J45*H45 -> 0
A46: 46 | B46: Rotterdam - Groenetuin 321 | C46: BG | E46: Toilet dames | F46: Sanitaire ruimte | G46: steen | I46: 2.7405 | J46: =SUM(K46:P46) -> 0 | K46: nio | Q46: =IF(K46="nio",0,IF(K46>0,K46*H46/W46,0))*VLOOKUP(B46,'2-Kosten per locatie'!$A$13:$C$63,3,FALSE) -> 0 | R46: =IF(L46>0,L46*H46/X46,0)*VLOOKUP(B46,'2-Kosten per locatie'!$A$13:$C$63,3,FALSE) -> 0 | S46: =IF(M46>0,M46*H46/Y46,0)*VLOOKUP(B46,'2-Kosten per locatie'!$A$13:$C$63,3,FALSE) -> 0 | T46: =IF(N46>0,N46*H46/Z46,0)*VLOOKUP(B46,'2-Kosten per locatie'!$A$13:$C$63,3,FALSE) -> 0 | U46: =IF(O46>0,O46*H46/Y46,0)*VLOOKUP(B46,'2-Kosten per locatie'!$A$13:$C$63,3,FALSE) -> 0 | V46: =IF(P46>0,P46*H46/Z46,0)*VLOOKUP(B46,'2-Kosten per locatie'!$A$13:$C$63,3,FALSE) -> 0 | W46: =IF(K46="nio",0,IF(K46>0,VLOOKUP(F46,'3-Productie normen'!A:L,VLOOKUP(K46,'3-Productie normen'!$B$38:$C$44,2,FALSE),FALSE))) -> 0 | X46: =IF(L46>0,W46*$X$8,0) -> 0 | Y46: =IF((OR(M46>0,O46>0)),W46*$Y$8,0) -> 0 | Z46: =IF((OR(N46>0,P46>0)),W46*$Z$8,0) -> 0 | AA46: =VLOOKUP(F46,'3-Productie normen'!A:O,15,FALSE) -> S | AC46: =J46*H46 -> 0
A47: 47 | B47: Rotterdam - Groenetuin 321 | C47: BG | E47: Toilet heren | F47: Sanitaire ruimte | G47: steen | I47: 8.8305 | J47: =SUM(K47:P47) -> 0 | K47: nio | Q47: =IF(K47="nio",0,IF(K47>0,K47*H47/W47,0))*VLOOKUP(B47,'2-Kosten per locatie'!$A$13:$C$63,3,FALSE) -> 0 | R47: =IF(L47>0,L47*H47/X47,0)*VLOOKUP(B47,'2-Kosten per locatie'!$A$13:$C$63,3,FALSE) -> 0 | S47: =IF(M47>0,M47*H47/Y47,0)*VLOOKUP(B47,'2-Kosten per locatie'!$A$13:$C$63,3,FALSE) -> 0 | T47: =IF(N47>0,N47*H47/Z47,0)*VLOOKUP(B47,'2-Kosten per locatie'!$A$13:$C$63,3,FALSE) -> 0 | U47: =IF(O47>0,O47*H47/Y47,0)*VLOOKUP(B47,'2-Kosten per locatie'!$A$13:$C$63,3,FALSE) -> 0 | V47: =IF(P47>0,P47*H47/Z47,0)*VLOOKUP(B47,'2-Kosten per locatie'!$A$13:$C$63,3,FALSE) -> 0 | W47: =IF(K47="nio",0,IF(K47>0,VLOOKUP(F47,'3-Productie normen'!A:L,VLOOKUP(K47,'3-Productie normen'!$B$38:$C$44,2,FALSE),FALSE))) -> 0 | X47: =IF(L47>0,W47*$X$8,0) -> 0 | Y47: =IF((OR(M47>0,O47>0)),W47*$Y$8,0) -> 0 | Z47: =IF((OR(N47>0,P47>0)),W47*$Z$8,0) -> 0 | AA47: =VLOOKUP(F47,'3-Productie normen'!A:O,15,FALSE) -> S | AC47: =J47*H47 -> 0
A48: 48 | B48: Rotterdam - Groenetuin 321 | C48: 1ste | E48: Verkeersruimte | F48: Niet in onderhoud | G48: pvc | H48: 0 | I48: 57.4455 | J48: =SUM(K48:P48) -> 0 | K48: nio | Q48: =IF(K48="nio",0,IF(K48>0,K48*H48/W48,0))*VLOOKUP(B48,'2-Kosten per locatie'!$A$13:$C$63,3,FALSE) -> 0 | R48: =IF(L48>0,L48*H48/X48,0)*VLOOKUP(B48,'2-Kosten per locatie'!$A$13:$C$63,3,FALSE) -> 0 | S48: =IF(M48>0,M48*H48/Y48,0)*VLOOKUP(B48,'2-Kosten per locatie'!$A$13:$C$63,3,FALSE) -> 0 | T48: =IF(N48>0,N48*H48/Z48,0)*VLOOKUP(B48,'2-Kosten per locatie'!$A$13:$C$63,3,FALSE) -> 0 | U48: =IF(O48>0,O48*H48/Y48,0)*VLOOKUP(B48,'2-Kosten per locatie'!$A$13:$C$63,3,FALSE) -> 0 | V48: =IF(P48>0,P48*H48/Z48,0)*VLOOKUP(B48,'2-Kosten per locatie'!$A$13:$C$63,3,FALSE) -> 0 | W48: =IF(K48="nio",0,IF(K48>0,VLOOKUP(F48,'3-Productie normen'!A:L,VLOOKUP(K48,'3-Productie normen'!$B$38:$C$44,2,FALSE),FALSE))) -> 0 | X48: =IF(L48>0,W48*$X$8,0) -> 0 | Y48: =IF((OR(M48>0,O48>0)),W48*$Y$8,0) -> 0 | Z48: =IF((OR(N48>0,P48>0)),W48*$Z$8,0) -> 0 | AA48: =VLOOKUP(F48,'3-Productie normen'!A:O,15,FALSE) -> - | AC48: =J48*H48 -> 0
A49: 49 | B49: Rotterdam - Groenetuin 321 | C49: 1ste | E49: Doucheruimte | F49: Niet in onderhoud | G49: steen | H49: 0 | I49: 19.845 | J49: =SUM(K49:P49) -> 0 | K49: nio | Q49: =IF(K49="nio",0,IF(K49>0,K49*H49/W49,0))*VLOOKUP(B49,'2-Kosten per locatie'!$A$13:$C$63,3,FALSE) -> 0 | R49: =IF(L49>0,L49*H49/X49,0)*VLOOKUP(B49,'2-Kosten per locatie'!$A$13:$C$63,3,FALSE) -> 0 | S49: =IF(M49>0,M49*H49/Y49,0)*VLOOKUP(B49,'2-Kosten per locatie'!$A$13:$C$63,3,FALSE) -> 0 | T49: =IF(N49>0,N49*H49/Z49,0)*VLOOKUP(B49,'2-Kosten per locatie'!$A$13:$C$63,3,FALSE) -> 0 | U49: =IF(O49>0,O49*H49/Y49,0)*VLOOKUP(B49,'2-Kosten per locatie'!$A$13:$C$63,3,FALSE) -> 0 | V49: =IF(P49>0,P49*H49/Z49,0)*VLOOKUP(B49,'2-Kosten per locatie'!$A$13:$C$63,3,FALSE) -> 0 | W49: =IF(K49="nio",0,IF(K49>0,VLOOKUP(F49,'3-Productie normen'!A:L,VLOOKUP(K49,'3-Productie normen'!$B$38:$C$44,2,FALSE),FALSE))) -> 0 | X49: =IF(L49>0,W49*$X$8,0) -> 0 | Y49: =IF((OR(M49>0,O49>0)),W49*$Y$8,0) -> 0 | Z49: =IF((OR(N49>0,P49>0)),W49*$Z$8,0) -> 0 | AA49: =VLOOKUP(F49,'3-Productie normen'!A:O,15,FALSE) -> - | AC49: =J49*H49 -> 0
A50: 50 | B50: Rotterdam - Groenetuin 321 | C50: 1ste | E50: Toilet | F50: Niet in onderhoud | G50: steen | H50: 0 | I50: 5.88 | J50: =SUM(K50:P50) -> 0 | K50: nio | Q50: =IF(K50="nio",0,IF(K50>0,K50*H50/W50,0))*VLOOKUP(B50,'2-Kosten per locatie'!$A$13:$C$63,3,FALSE) -> 0 | R50: =IF(L50>0,L50*H50/X50,0)*VLOOKUP(B50,'2-Kosten per locatie'!$A$13:$C$63,3,FALSE) -> 0 | S50: =IF(M50>0,M50*H50/Y50,0)*VLOOKUP(B50,'2-Kosten per locatie'!$A$13:$C$63,3,FALSE) -> 0 | T50: =IF(N50>0,N50*H50/Z50,0)*VLOOKUP(B50,'2-Kosten per locatie'!$A$13:$C$63,3,FALSE) -> 0 | U50: =IF(O50>0,O50*H50/Y50,0)*VLOOKUP(B50,'2-Kosten per locatie'!$A$13:$C$63,3,FALSE) -> 0 | V50: =IF(P50>0,P50*H50/Z50,0)*VLOOKUP(B50,'2-Kosten per locatie'!$A$13:$C$63,3,FALSE) -> 0 | W50: =IF(K50="nio",0,IF(K50>0,VLOOKUP(F50,'3-Productie normen'!A:L,VLOOKUP(K50,'3-Productie normen'!$B$38:$C$44,2,FALSE),FALSE))) -> 0 | X50: =IF(L50>0,W50*$X$8,0) -> 0 | Y50: =IF((OR(M50>0,O50>0)),W50*$Y$8,0) -> 0 | Z50: =IF((OR(N50>0,P50>0)),W50*$Z$8,0) -> 0 | AA50: =VLOOKUP(F50,'3-Productie normen'!A:O,15,FALSE) -> - | AC50: =J50*H50 -> 0
A51: 51 | B51: Rotterdam - Groenetuin 321 | C51: 1ste | E51: Slaapkamer | F51: Niet in onderhoud | G51: pvc | H51: 0 | I51: 23.4465 | J51: =SUM(K51:P51) -> 0 | K51: nio | Q51: =IF(K51="nio",0,IF(K51>0,K51*H51/W51,0))*VLOOKUP(B51,'2-Kosten per locatie'!$A$13:$C$63,3,FALSE) -> 0 | R51: =IF(L51>0,L51*H51/X51,0)*VLOOKUP(B51,'2-Kosten per locatie'!$A$13:$C$63,3,FALSE) -> 0 | S51: =IF(M51>0,M51*H51/Y51,0)*VLOOKUP(B51,'2-Kosten per locatie'!$A$13:$C$63,3,FALSE) -> 0 | T51: =IF(N51>0,N51*H51/Z51,0)*VLOOKUP(B51,'2-Kosten per locatie'!$A$13:$C$63,3,FALSE) -> 0 | U51: =IF(O51>0,O51*H51/Y51,0)*VLOOKUP(B51,'2-Kosten per locatie'!$A$13:$C$63,3,FALSE) -> 0 | V51: =IF(P51>0,P51*H51/Z51,0)*VLOOKUP(B51,'2-Kosten per locatie'!$A$13:$C$63,3,FALSE) -> 0 | W51: =IF(K51="nio",0,IF(K51>0,VLOOKUP(F51,'3-Productie normen'!A:L,VLOOKUP(K51,'3-Productie normen'!$B$38:$C$44,2,FALSE),FALSE))) -> 0 | X51: =IF(L51>0,W51*$X$8,0) -> 0 | Y51: =IF((OR(M51>0,O51>0)),W51*$Y$8,0) -> 0 | Z51: =IF((OR(N51>0,P51>0)),W51*$Z$8,0) -> 0 | AA51: =VLOOKUP(F51,'3-Productie normen'!A:O,15,FALSE) -> - | AC51: =J51*H51 -> 0
A52: 52 | B52: Rotterdam - Groenetuin 321 | C52: 1ste | E52: Slaapkamer | F52: Niet in onderhoud | G52: pvc | H52: 0 | I52: 23.4465 | J52: =SUM(K52:P52) -> 0 | K52: nio | Q52: =IF(K52="nio",0,IF(K52>0,K52*H52/W52,0))*VLOOKUP(B52,'2-Kosten per locatie'!$A$13:$C$63,3,FALSE) -> 0 | R52: =IF(L52>0,L52*H52/X52,0)*VLOOKUP(B52,'2-Kosten per locatie'!$A$13:$C$63,3,FALSE) -> 0 | S52: =IF(M52>0,M52*H52/Y52,0)*VLOOKUP(B52,'2-Kosten per locatie'!$A$13:$C$63,3,FALSE) -> 0 | T52: =IF(N52>0,N52*H52/Z52,0)*VLOOKUP(B52,'2-Kosten per locatie'!$A$13:$C$63,3,FALSE) -> 0 | U52: =IF(O52>0,O52*H52/Y52,0)*VLOOKUP(B52,'2-Kosten per locatie'!$A$13:$C$63,3,FALSE) -> 0 | V52: =IF(P52>0,P52*H52/Z52,0)*VLOOKUP(B52,'2-Kosten per locatie'!$A$13:$C$63,3,FALSE) -> 0 | W52: =IF(K52="nio",0,IF(K52>0,VLOOKUP(F52,'3-Productie normen'!A:L,VLOOKUP(K52,'3-Productie normen'!$B$38:$C$44,2,FALSE),FALSE))) -> 0 | X52: =IF(L52>0,W52*$X$8,0) -> 0 | Y52: =IF((OR(M52>0,O52>0)),W52*$Y$8,0) -> 0 | Z52: =IF((OR(N52>0,P52>0)),W52*$Z$8,0) -> 0 | AA52: =VLOOKUP(F52,'3-Productie normen'!A:O,15,FALSE) -> - | AC52: =J52*H52 -> 0
A53: 53 | B53: Rotterdam - Groenetuin 321 | C53: 1ste | E53: Slaapkamer | F53: Niet in onderhoud | G53: pvc | H53: 0 | I53: 23.4465 | J53: =SUM(K53:P53) -> 0 | K53: nio | Q53: =IF(K53="nio",0,IF(K53>0,K53*H53/W53,0))*VLOOKUP(B53,'2-Kosten per locatie'!$A$13:$C$63,3,FALSE) -> 0 | R53: =IF(L53>0,L53*H53/X53,0)*VLOOKUP(B53,'2-Kosten per locatie'!$A$13:$C$63,3,FALSE) -> 0 | S53: =IF(M53>0,M53*H53/Y53,0)*VLOOKUP(B53,'2-Kosten per locatie'!$A$13:$C$63,3,FALSE) -> 0 | T53: =IF(N53>0,N53*H53/Z53,0)*VLOOKUP(B53,'2-Kosten per locatie'!$A$13:$C$63,3,FALSE) -> 0 | U53: =IF(O53>0,O53*H53/Y53,0)*VLOOKUP(B53,'2-Kosten per locatie'!$A$13:$C$63,3,FALSE) -> 0 | V53: =IF(P53>0,P53*H53/Z53,0)*VLOOKUP(B53,'2-Kosten per locatie'!$A$13:$C$63,3,FALSE) -> 0 | W53: =IF(K53="nio",0,IF(K53>0,VLOOKUP(F53,'3-Productie normen'!A:L,VLOOKUP(K53,'3-Productie normen'!$B$38:$C$44,2,FALSE),FALSE))) -> 0 | X53: =IF(L53>0,W53*$X$8,0) -> 0 | Y53: =IF((OR(M53>0,O53>0)),W53*$Y$8,0) -> 0 | Z53: =IF((OR(N53>0,P53>0)),W53*$Z$8,0) -> 0 | AA53: =VLOOKUP(F53,'3-Productie normen'!A:O,15,FALSE) -> - | AC53: =J53*H53 -> 0
A54: 54 | B54: Rotterdam - Groenetuin 321 | C54: 1ste | E54: Slaapkamer | F54: Niet in onderhoud | G54: pvc | H54: 0 | I54: 23.4465 | J54: =SUM(K54:P54) -> 0 | K54: nio | Q54: =IF(K54="nio",0,IF(K54>0,K54*H54/W54,0))*VLOOKUP(B54,'2-Kosten per locatie'!$A$13:$C$63,3,FALSE) -> 0 | R54: =IF(L54>0,L54*H54/X54,0)*VLOOKUP(B54,'2-Kosten per locatie'!$A$13:$C$63,3,FALSE) -> 0 | S54: =IF(M54>0,M54*H54/Y54,0)*VLOOKUP(B54,'2-Kosten per locatie'!$A$13:$C$63,3,FALSE) -> 0 | T54: =IF(N54>0,N54*H54/Z54,0)*VLOOKUP(B54,'2-Kosten per locatie'!$A$13:$C$63,3,FALSE) -> 0 | U54: =IF(O54>0,O54*H54/Y54,0)*VLOOKUP(B54,'2-Kosten per locatie'!$A$13:$C$63,3,FALSE) -> 0 | V54: =IF(P54>0,P54*H54/Z54,0)*VLOOKUP(B54,'2-Kosten per locatie'!$A$13:$C$63,3,FALSE) -> 0 | W54: =IF(K54="nio",0,IF(K54>0,VLOOKUP(F54,'3-Productie normen'!A:L,VLOOKUP(K54,'3-Productie normen'!$B$38:$C$44,2,FALSE),FALSE))) -> 0 | X54: =IF(L54>0,W54*$X$8,0) -> 0 | Y54: =IF((OR(M54>0,O54>0)),W54*$Y$8,0) -> 0 | Z54: =IF((OR(N54>0,P54>0)),W54*$Z$8,0) -> 0 | AA54: =VLOOKUP(F54,'3-Productie normen'!A:O,15,FALSE) -> - | AC54: =J54*H54 -> 0
A55: 55 | B55: Rotterdam - Groenetuin 321 | C55: 1ste | E55: Slaapkamer | F55: Niet in onderhoud | G55: pvc | H55: 0 | I55: 19.1205 | J55: =SUM(K55:P55) -> 0 | K55: nio | Q55: =IF(K55="nio",0,IF(K55>0,K55*H55/W55,0))*VLOOKUP(B55,'2-Kosten per locatie'!$A$13:$C$63,3,FALSE) -> 0 | R55: =IF(L55>0,L55*H55/X55,0)*VLOOKUP(B55,'2-Kosten per locatie'!$A$13:$C$63,3,FALSE) -> 0 | S55: =IF(M55>0,M55*H55/Y55,0)*VLOOKUP(B55,'2-Kosten per locatie'!$A$13:$C$63,3,FALSE) -> 0 | T55: =IF(N55>0,N55*H55/Z55,0)*VLOOKUP(B55,'2-Kosten per locatie'!$A$13:$C$63,3,FALSE) -> 0 | U55: =IF(O55>0,O55*H55/Y55,0)*VLOOKUP(B55,'2-Kosten per locatie'!$A$13:$C$63,3,FALSE) -> 0 | V55: =IF(P55>0,P55*H55/Z55,0)*VLOOKUP(B55,'2-Kosten per locatie'!$A$13:$C$63,3,FALSE) -> 0 | W55: =IF(K55="nio",0,IF(K55>0,VLOOKUP(F55,'3-Productie normen'!A:L,VLOOKUP(K55,'3-Productie normen'!$B$38:$C$44,2,FALSE),FALSE))) -> 0 | X55: =IF(L55>0,W55*$X$8,0) -> 0 | Y55: =IF((OR(M55>0,O55>0)),W55*$Y$8,0) -> 0 | Z55: =IF((OR(N55>0,P55>0)),W55*$Z$8,0) -> 0 | AA55: =VLOOKUP(F55,'3-Productie normen'!A:O,15,FALSE) -> - | AC55: =J55*H55 -> 0
A56: 56 | B56: Rotterdam - Groenetuin 321 | C56: 1ste | E56: Badkamer | F56: Niet in onderhoud | G56: steen | H56: 0 | I56: 3.549 | J56: =SUM(K56:P56) -> 0 | K56: nio | Q56: =IF(K56="nio",0,IF(K56>0,K56*H56/W56,0))*VLOOKUP(B56,'2-Kosten per locatie'!$A$13:$C$63,3,FALSE) -> 0 | R56: =IF(L56>0,L56*H56/X56,0)*VLOOKUP(B56,'2-Kosten per locatie'!$A$13:$C$63,3,FALSE) -> 0 | S56: =IF(M56>0,M56*H56/Y56,0)*VLOOKUP(B56,'2-Kosten per locatie'!$A$13:$C$63,3,FALSE) -> 0 | T56: =IF(N56>0,N56*H56/Z56,0)*VLOOKUP(B56,'2-Kosten per locatie'!$A$13:$C$63,3,FALSE) -> 0 | U56: =IF(O56>0,O56*H56/Y56,0)*VLOOKUP(B56,'2-Kosten per locatie'!$A$13:$C$63,3,FALSE) -> 0 | V56: =IF(P56>0,P56*H56/Z56,0)*VLOOKUP(B56,'2-Kosten per locatie'!$A$13:$C$63,3,FALSE) -> 0 | W56: =IF(K56="nio",0,IF(K56>0,VLOOKUP(F56,'3-Productie normen'!A:L,VLOOKUP(K56,'3-Productie normen'!$B$38:$C$44,2,FALSE),FALSE))) -> 0 | X56: =IF(L56>0,W56*$X$8,0) -> 0 | Y56: =IF((OR(M56>0,O56>0)),W56*$Y$8,0) -> 0 | Z56: =IF((OR(N56>0,P56>0)),W56*$Z$8,0) -> 0 | AA56: =VLOOKUP(F56,'3-Productie normen'!A:O,15,FALSE) -> - | AC56: =J56*H56 -> 0
A57: 57 | B57: Rotterdam - Mijnsherenlaan 180 | C57: BG | E57: Entrée | F57: Entree | G57: steen | H57: 9.9225 | J57: =SUM(K57:P57) -> 130 | K57: 130 | Q57: =IF(K57="nio",0,IF(K57>0,K57*H57/W57,0))*VLOOKUP(B57,'2-Kosten per locatie'!$A$13:$C$63,3,FALSE) -> #DIV/0! | R57: =IF(L57>0,L57*H57/X57,0)*VLOOKUP(B57,'2-Kosten per locatie'!$A$13:$C$63,3,FALSE) -> 0 | S57: =IF(M57>0,M57*H57/Y57,0)*VLOOKUP(B57,'2-Kosten per locatie'!$A$13:$C$63,3,FALSE) -> 0 | T57: =IF(N57>0,N57*H57/Z57,0)*VLOOKUP(B57,'2-Kosten per locatie'!$A$13:$C$63,3,FALSE) -> 0 | U57: =IF(O57>0,O57*H57/Y57,0)*VLOOKUP(B57,'2-Kosten per locatie'!$A$13:$C$63,3,FALSE) -> 0 | V57: =IF(P57>0,P57*H57/Z57,0)*VLOOKUP(B57,'2-Kosten per locatie'!$A$13:$C$63,3,FALSE) -> 0 | W57: =IF(K57="nio",0,IF(K57>0,VLOOKUP(F57,'3-Productie normen'!A:L,VLOOKUP(K57,'3-Productie normen'!$B$38:$C$44,2,FALSE),FALSE))) -> 0 | X57: =IF(L57>0,W57*$X$8,0) -> 0 | Y57: =IF((OR(M57>0,O57>0)),W57*$Y$8,0) -> 0 | Z57: =IF((OR(N57>0,P57>0)),W57*$Z$8,0) -> 0 | AA57: =VLOOKUP(F57,'3-Productie normen'!A:O,15,FALSE) -> V | AC57: =J57*H57 -> 1289.925
A58: 58 | B58: Rotterdam - Mijnsherenlaan 180 | C58: BG | E58: Trap | F58: Trap | G58: pvc | H58: 25.431 | J58: =SUM(K58:P58) -> 130 | K58: 130 | Q58: =IF(K58="nio",0,IF(K58>0,K58*H58/W58,0))*VLOOKUP(B58,'2-Kosten per locatie'!$A$13:$C$63,3,FALSE) -> #DIV/0! | R58: =IF(L58>0,L58*H58/X58,0)*VLOOKUP(B58,'2-Kosten per locatie'!$A$13:$C$63,3,FALSE) -> 0 | S58: =IF(M58>0,M58*H58/Y58,0)*VLOOKUP(B58,'2-Kosten per locatie'!$A$13:$C$63,3,FALSE) -> 0 | T58: =IF(N58>0,N58*H58/Z58,0)*VLOOKUP(B58,'2-Kosten per locatie'!$A$13:$C$63,3,FALSE) -> 0 | U58: =IF(O58>0,O58*H58/Y58,0)*VLOOKUP(B58,'2-Kosten per locatie'!$A$13:$C$63,3,FALSE) -> 0 | V58: =IF(P58>0,P58*H58/Z58,0)*VLOOKUP(B58,'2-Kosten per locatie'!$A$13:$C$63,3,FALSE) -> 0 | W58: =IF(K58="nio",0,IF(K58>0,VLOOKUP(F58,'3-Productie normen'!A:L,VLOOKUP(K58,'3-Productie normen'!$B$38:$C$44,2,FALSE),FALSE))) -> 0 | X58: =IF(L58>0,W58*$X$8,0) -> 0 | Y58: =IF((OR(M58>0,O58>0)),W58*$Y$8,0) -> 0 | Z58: =IF((OR(N58>0,P58>0)),W58*$Z$8,0) -> 0 | AA58: =VLOOKUP(F58,'3-Productie normen'!A:O,15,FALSE) -> V | AC58: =J58*H58 -> 3306.03
A59: 59 | B59: Rotterdam - Mijnsherenlaan 180 | C59: 1ste | E59: Verkeersruimte | F59: Gang | G59: linoleum | H59: 168.0735 | J59: =SUM(K59:P59) -> 130 | K59: 130 | Q59: =IF(K59="nio",0,IF(K59>0,K59*H59/W59,0))*VLOOKUP(B59,'2-Kosten per locatie'!$A$13:$C$63,3,FALSE) -> #DIV/0! | R59: =IF(L59>0,L59*H59/X59,0)*VLOOKUP(B59,'2-Kosten per locatie'!$A$13:$C$63,3,FALSE) -> 0 | S59: =IF(M59>0,M59*H59/Y59,0)*VLOOKUP(B59,'2-Kosten per locatie'!$A$13:$C$63,3,FALSE) -> 0 | T59: =IF(N59>0,N59*H59/Z59,0)*VLOOKUP(B59,'2-Kosten per locatie'!$A$13:$C$63,3,FALSE) -> 0 | U59: =IF(O59>0,O59*H59/Y59,0)*VLOOKUP(B59,'2-Kosten per locatie'!$A$13:$C$63,3,FALSE) -> 0 | V59: =IF(P59>0,P59*H59/Z59,0)*VLOOKUP(B59,'2-Kosten per locatie'!$A$13:$C$63,3,FALSE) -> 0 | W59: =IF(K59="nio",0,IF(K59>0,VLOOKUP(F59,'3-Productie normen'!A:L,VLOOKUP(K59,'3-Productie normen'!$B$38:$C$44,2,FALSE),FALSE))) -> 0 | X59: =IF(L59>0,W59*$X$8,0) -> 0 | Y59: =IF((OR(M59>0,O59>0)),W59*$Y$8,0) -> 0 | Z59: =IF((OR(N59>0,P59>0)),W59*$Z$8,0) -> 0 | AA59: =VLOOKUP(F59,'3-Productie normen'!A:O,15,FALSE) -> V | AC59: =J59*H59 -> 21849.555
A60: 60 | B60: Rotterdam - Mijnsherenlaan 180 | C60: 1ste | E60: Tech.ruimte | F60: Niet in onderhoud | H60: 0 | I60: 15.645 | J60: =SUM(K60:P60) -> 0 | K60: nio | Q60: =IF(K60="nio",0,IF(K60>0,K60*H60/W60,0))*VLOOKUP(B60,'2-Kosten per locatie'!$A$13:$C$63,3,FALSE) -> 0 | R60: =IF(L60>0,L60*H60/X60,0)*VLOOKUP(B60,'2-Kosten per locatie'!$A$13:$C$63,3,FALSE) -> 0 | S60: =IF(M60>0,M60*H60/Y60,0)*VLOOKUP(B60,'2-Kosten per locatie'!$A$13:$C$63,3,FALSE) -> 0 | T60: =IF(N60>0,N60*H60/Z60,0)*VLOOKUP(B60,'2-Kosten per locatie'!$A$13:$C$63,3,FALSE) -> 0 | U60: =IF(O60>0,O60*H60/Y60,0)*VLOOKUP(B60,'2-Kosten per locatie'!$A$13:$C$63,3,FALSE) -> 0 | V60: =IF(P60>0,P60*H60/Z60,0)*VLOOKUP(B60,'2-Kosten per locatie'!$A$13:$C$63,3,FALSE) -> 0 | W60: =IF(K60="nio",0,IF(K60>0,VLOOKUP(F60,'3-Productie normen'!A:L,VLOOKUP(K60,'3-Productie normen'!$B$38:$C$44,2,FALSE),FALSE))) -> 0 | X60: =IF(L60>0,W60*$X$8,0) -> 0 | Y60: =IF((OR(M60>0,O60>0)),W60*$Y$8,0) -> 0 | Z60: =IF((OR(N60>0,P60>0)),W60*$Z$8,0) -> 0 | AA60: =VLOOKUP(F60,'3-Productie normen'!A:O,15,FALSE) -> - | AC60: =J60*H60 -> 0
A61: 61 | B61: Rotterdam - Mijnsherenlaan 180 | C61: 1ste | E61: Invalide toilet | F61: Niet in onderhoud | G61: steen | H61: 0 | I61: 9.387 | J61: =SUM(K61:P61) -> 0 | K61: nio | Q61: =IF(K61="nio",0,IF(K61>0,K61*H61/W61,0))*VLOOKUP(B61,'2-Kosten per locatie'!$A$13:$C$63,3,FALSE) -> 0 | R61: =IF(L61>0,L61*H61/X61,0)*VLOOKUP(B61,'2-Kosten per locatie'!$A$13:$C$63,3,FALSE) -> 0 | S61: =IF(M61>0,M61*H61/Y61,0)*VLOOKUP(B61,'2-Kosten per locatie'!$A$13:$C$63,3,FALSE) -> 0 | T61: =IF(N61>0,N61*H61/Z61,0)*VLOOKUP(B61,'2-Kosten per locatie'!$A$13:$C$63,3,FALSE) -> 0 | U61: =IF(O61>0,O61*H61/Y61,0)*VLOOKUP(B61,'2-Kosten per locatie'!$A$13:$C$63,3,FALSE) -> 0 | V61: =IF(P61>0,P61*H61/Z61,0)*VLOOKUP(B61,'2-Kosten per locatie'!$A$13:$C$63,3,FALSE) -> 0 | W61: =IF(K61="nio",0,IF(K61>0,VLOOKUP(F61,'3-Productie normen'!A:L,VLOOKUP(K61,'3-Productie normen'!$B$38:$C$44,2,FALSE),FALSE))) -> 0 | X61: =IF(L61>0,W61*$X$8,0) -> 0 | Y61: =IF((OR(M61>0,O61>0)),W61*$Y$8,0) -> 0 | Z61: =IF((OR(N61>0,P61>0)),W61*$Z$8,0) -> 0 | AA61: =VLOOKUP(F61,'3-Productie normen'!A:O,15,FALSE) -> - | AC61: =J61*H61 -> 0
A62: 62 | B62: Rotterdam - Mijnsherenlaan 180 | C62: 1ste | E62: Toilet dames | F62: Niet in onderhoud | G62: steen | H62: 0 | I62: 6.4155 | J62: =SUM(K62:P62) -> 0 | K62: nio | Q62: =IF(K62="nio",0,IF(K62>0,K62*H62/W62,0))*VLOOKUP(B62,'2-Kosten per locatie'!$A$13:$C$63,3,FALSE) -> 0 | R62: =IF(L62>0,L62*H62/X62,0)*VLOOKUP(B62,'2-Kosten per locatie'!$A$13:$C$63,3,FALSE) -> 0 | S62: =IF(M62>0,M62*H62/Y62,0)*VLOOKUP(B62,'2-Kosten per locatie'!$A$13:$C$63,3,FALSE) -> 0 | T62: =IF(N62>0,N62*H62/Z62,0)*VLOOKUP(B62,'2-Kosten per locatie'!$A$13:$C$63,3,FALSE) -> 0 | U62: =IF(O62>0,O62*H62/Y62,0)*VLOOKUP(B62,'2-Kosten per locatie'!$A$13:$C$63,3,FALSE) -> 0 | V62: =IF(P62>0,P62*H62/Z62,0)*VLOOKUP(B62,'2-Kosten per locatie'!$A$13:$C$63,3,FALSE) -> 0 | W62: =IF(K62="nio",0,IF(K62>0,VLOOKUP(F62,'3-Productie normen'!A:L,VLOOKUP(K62,'3-Productie normen'!$B$38:$C$44,2,FALSE),FALSE))) -> 0 | X62: =IF(L62>0,W62*$X$8,0) -> 0 | Y62: =IF((OR(M62>0,O62>0)),W62*$Y$8,0) -> 0 | Z62: =IF((OR(N62>0,P62>0)),W62*$Z$8,0) -> 0 | AA62: =VLOOKUP(F62,'3-Productie normen'!A:O,15,FALSE) -> - | AC62: =J62*H62 -> 0
A63: 63 | B63: Rotterdam - Mijnsherenlaan 180 | C63: 1ste | E63: Toilet heren | F63: Niet in onderhoud | G63: steen | H63: 0 | I63: 16.443 | J63: =SUM(K63:P63) -> 0 | K63: nio | Q63: =IF(K63="nio",0,IF(K63>0,K63*H63/W63,0))*VLOOKUP(B63,'2-Kosten per locatie'!$A$13:$C$63,3,FALSE) -> 0 | R63: =IF(L63>0,L63*H63/X63,0)*VLOOKUP(B63,'2-Kosten per locatie'!$A$13:$C$63,3,FALSE) -> 0 | S63: =IF(M63>0,M63*H63/Y63,0)*VLOOKUP(B63,'2-Kosten per locatie'!$A$13:$C$63,3,FALSE) -> 0 | T63: =IF(N63>0,N63*H63/Z63,0)*VLOOKUP(B63,'2-Kosten per locatie'!$A$13:$C$63,3,FALSE) -> 0 | U63: =IF(O63>0,O63*H63/Y63,0)*VLOOKUP(B63,'2-Kosten per locatie'!$A$13:$C$63,3,FALSE) -> 0 | V63: =IF(P63>0,P63*H63/Z63,0)*VLOOKUP(B63,'2-Kosten per locatie'!$A$13:$C$63,3,FALSE) -> 0 | W63: =IF(K63="nio",0,IF(K63>0,VLOOKUP(F63,'3-Productie normen'!A:L,VLOOKUP(K63,'3-Productie normen'!$B$38:$C$44,2,FALSE),FALSE))) -> 0 | X63: =IF(L63>0,W63*$X$8,0) -> 0 | Y63: =IF((OR(M63>0,O63>0)),W63*$Y$8,0) -> 0 | Z63: =IF((OR(N63>0,P63>0)),W63*$Z$8,0) -> 0 | AA63: =VLOOKUP(F63,'3-Productie normen'!A:O,15,FALSE) -> - | AC63: =J63*H63 -> 0
A64: 64 | B64: Rotterdam - Mijnsherenlaan 180 | C64: 1ste | E64: Slaapkamer | F64: Niet in onderhoud | G64: linoleum | H64: 0 | I64: 23.7405 | J64: =SUM(K64:P64) -> 0 | K64: nio | Q64: =IF(K64="nio",0,IF(K64>0,K64*H64/W64,0))*VLOOKUP(B64,'2-Kosten per locatie'!$A$13:$C$63,3,FALSE) -> 0 | R64: =IF(L64>0,L64*H64/X64,0)*VLOOKUP(B64,'2-Kosten per locatie'!$A$13:$C$63,3,FALSE) -> 0 | S64: =IF(M64>0,M64*H64/Y64,0)*VLOOKUP(B64,'2-Kosten per locatie'!$A$13:$C$63,3,FALSE) -> 0 | T64: =IF(N64>0,N64*H64/Z64,0)*VLOOKUP(B64,'2-Kosten per locatie'!$A$13:$C$63,3,FALSE) -> 0 | U64: =IF(O64>0,O64*H64/Y64,0)*VLOOKUP(B64,'2-Kosten per locatie'!$A$13:$C$63,3,FALSE) -> 0 | V64: =IF(P64>0,P64*H64/Z64,0)*VLOOKUP(B64,'2-Kosten per locatie'!$A$13:$C$63,3,FALSE) -> 0 | W64: =IF(K64="nio",0,IF(K64>0,VLOOKUP(F64,'3-Productie normen'!A:L,VLOOKUP(K64,'3-Productie normen'!$B$38:$C$44,2,FALSE),FALSE))) -> 0 | X64: =IF(L64>0,W64*$X$8,0) -> 0 | Y64: =IF((OR(M64>0,O64>0)),W64*$Y$8,0) -> 0 | Z64: =IF((OR(N64>0,P64>0)),W64*$Z$8,0) -> 0 | AA64: =VLOOKUP(F64,'3-Productie normen'!A:O,15,FALSE) -> - | AC64: =J64*H64 -> 0
A65: 65 | B65: Rotterdam - Mijnsherenlaan 180 | C65: 1ste | E65: Slaapkamer | F65: Niet in onderhoud | G65: linoleum | H65: 0 | I65: 15.582 | J65: =SUM(K65:P65) -> 0 | K65: nio | Q65: =IF(K65="nio",0,IF(K65>0,K65*H65/W65,0))*VLOOKUP(B65,'2-Kosten per locatie'!$A$13:$C$63,3,FALSE) -> 0 | R65: =IF(L65>0,L65*H65/X65,0)*VLOOKUP(B65,'2-Kosten per locatie'!$A$13:$C$63,3,FALSE) -> 0 | S65: =IF(M65>0,M65*H65/Y65,0)*VLOOKUP(B65,'2-Kosten per locatie'!$A$13:$C$63,3,FALSE) -> 0 | T65: =IF(N65>0,N65*H65/Z65,0)*VLOOKUP(B65,'2-Kosten per locatie'!$A$13:$C$63,3,FALSE) -> 0 | U65: =IF(O65>0,O65*H65/Y65,0)*VLOOKUP(B65,'2-Kosten per locatie'!$A$13:$C$63,3,FALSE) -> 0 | V65: =IF(P65>0,P65*H65/Z65,0)*VLOOKUP(B65,'2-Kosten per locatie'!$A$13:$C$63,3,FALSE) -> 0 | W65: =IF(K65="nio",0,IF(K65>0,VLOOKUP(F65,'3-Productie normen'!A:L,VLOOKUP(K65,'3-Productie normen'!$B$38:$C$44,2,FALSE),FALSE))) -> 0 | X65: =IF(L65>0,W65*$X$8,0) -> 0 | Y65: =IF((OR(M65>0,O65>0)),W65*$Y$8,0) -> 0 | Z65: =IF((OR(N65>0,P65>0)),W65*$Z$8,0) -> 0 | AA65: =VLOOKUP(F65,'3-Productie normen'!A:O,15,FALSE) -> - | AC65: =J65*H65 -> 0
A66: 66 | B66: Rotterdam - Mijnsherenlaan 180 | C66: 1ste | E66: Slaapkamer | F66: Niet in onderhoud | G66: linoleum | H66: 0 | I66: 21.2625 | J66: =SUM(K66:P66) -> 0 | K66: nio | Q66: =IF(K66="nio",0,IF(K66>0,K66*H66/W66,0))*VLOOKUP(B66,'2-Kosten per locatie'!$A$13:$C$63,3,FALSE) -> 0 | R66: =IF(L66>0,L66*H66/X66,0)*VLOOKUP(B66,'2-Kosten per locatie'!$A$13:$C$63,3,FALSE) -> 0 | S66: =IF(M66>0,M66*H66/Y66,0)*VLOOKUP(B66,'2-Kosten per locatie'!$A$13:$C$63,3,FALSE) -> 0 | T66: =IF(N66>0,N66*H66/Z66,0)*VLOOKUP(B66,'2-Kosten per locatie'!$A$13:$C$63,3,FALSE) -> 0 | U66: =IF(O66>0,O66*H66/Y66,0)*VLOOKUP(B66,'2-Kosten per locatie'!$A$13:$C$63,3,FALSE) -> 0 | V66: =IF(P66>0,P66*H66/Z66,0)*VLOOKUP(B66,'2-Kosten per locatie'!$A$13:$C$63,3,FALSE) -> 0 | W66: =IF(K66="nio",0,IF(K66>0,VLOOKUP(F66,'3-Productie normen'!A:L,VLOOKUP(K66,'3-Productie normen'!$B$38:$C$44,2,FALSE),FALSE))) -> 0 | X66: =IF(L66>0,W66*$X$8,0) -> 0 | Y66: =IF((OR(M66>0,O66>0)),W66*$Y$8,0) -> 0 | Z66: =IF((OR(N66>0,P66>0)),W66*$Z$8,0) -> 0 | AA66: =VLOOKUP(F66,'3-Productie normen'!A:O,15,FALSE) -> - | AC66: =J66*H66 -> 0
A67: 67 | B67: Rotterdam - Mijnsherenlaan 180 | C67: 1ste | E67: Slaapkamer | F67: Niet in onderhoud | G67: linoleum | H67: 0 | I67: 15.939 | J67: =SUM(K67:P67) -> 0 | K67: nio | Q67: =IF(K67="nio",0,IF(K67>0,K67*H67/W67,0))*VLOOKUP(B67,'2-Kosten per locatie'!$A$13:$C$63,3,FALSE) -> 0 | R67: =IF(L67>0,L67*H67/X67,0)*VLOOKUP(B67,'2-Kosten per locatie'!$A$13:$C$63,3,FALSE) -> 0 | S67: =IF(M67>0,M67*H67/Y67,0)*VLOOKUP(B67,'2-Kosten per locatie'!$A$13:$C$63,3,FALSE) -> 0 | T67: =IF(N67>0,N67*H67/Z67,0)*VLOOKUP(B67,'2-Kosten per locatie'!$A$13:$C$63,3,FALSE) -> 0 | U67: =IF(O67>0,O67*H67/Y67,0)*VLOOKUP(B67,'2-Kosten per locatie'!$A$13:$C$63,3,FALSE) -> 0 | V67: =IF(P67>0,P67*H67/Z67,0)*VLOOKUP(B67,'2-Kosten per locatie'!$A$13:$C$63,3,FALSE) -> 0 | W67: =IF(K67="nio",0,IF(K67>0,VLOOKUP(F67,'3-Productie normen'!A:L,VLOOKUP(K67,'3-Productie normen'!$B$38:$C$44,2,FALSE),FALSE))) -> 0 | X67: =IF(L67>0,W67*$X$8,0) -> 0 | Y67: =IF((OR(M67>0,O67>0)),W67*$Y$8,0) -> 0 | Z67: =IF((OR(N67>0,P67>0)),W67*$Z$8,0) -> 0 | AA67: =VLOOKUP(F67,'3-Productie normen'!A:O,15,FALSE) -> - | AC67: =J67*H67 -> 0
A68: 68 | B68: Rotterdam - Mijnsherenlaan 180 | C68: 1ste | E68: Slaapkamer | F68: Niet in onderhoud | G68: linoleum | H68: 0 | I68: 17.3355 | J68: =SUM(K68:P68) -> 0 | K68: nio | Q68: =IF(K68="nio",0,IF(K68>0,K68*H68/W68,0))*VLOOKUP(B68,'2-Kosten per locatie'!$A$13:$C$63,3,FALSE) -> 0 | R68: =IF(L68>0,L68*H68/X68,0)*VLOOKUP(B68,'2-Kosten per locatie'!$A$13:$C$63,3,FALSE) -> 0 | S68: =IF(M68>0,M68*H68/Y68,0)*VLOOKUP(B68,'2-Kosten per locatie'!$A$13:$C$63,3,FALSE) -> 0 | T68: =IF(N68>0,N68*H68/Z68,0)*VLOOKUP(B68,'2-Kosten per locatie'!$A$13:$C$63,3,FALSE) -> 0 | U68: =IF(O68>0,O68*H68/Y68,0)*VLOOKUP(B68,'2-Kosten per locatie'!$A$13:$C$63,3,FALSE) -> 0 | V68: =IF(P68>0,P68*H68/Z68,0)*VLOOKUP(B68,'2-Kosten per locatie'!$A$13:$C$63,3,FALSE) -> 0 | W68: =IF(K68="nio",0,IF(K68>0,VLOOKUP(F68,'3-Productie normen'!A:L,VLOOKUP(K68,'3-Productie normen'!$B$38:$C$44,2,FALSE),FALSE))) -> 0 | X68: =IF(L68>0,W68*$X$8,0) -> 0 | Y68: =IF((OR(M68>0,O68>0)),W68*$Y$8,0) -> 0 | Z68: =IF((OR(N68>0,P68>0)),W68*$Z$8,0) -> 0 | AA68: =VLOOKUP(F68,'3-Productie normen'!A:O,15,FALSE) -> - | AC68: =J68*H68 -> 0
A69: 69 | B69: Rotterdam - Mijnsherenlaan 180 | C69: 1ste | E69: Slaapkamer | F69: Niet in onderhoud | G69: linoleum | H69: 0 | I69: 10.542 | J69: =SUM(K69:P69) -> 0 | K69: nio | Q69: =IF(K69="nio",0,IF(K69>0,K69*H69/W69,0))*VLOOKUP(B69,'2-Kosten per locatie'!$A$13:$C$63,3,FALSE) -> 0 | R69: =IF(L69>0,L69*H69/X69,0)*VLOOKUP(B69,'2-Kosten per locatie'!$A$13:$C$63,3,FALSE) -> 0 | S69: =IF(M69>0,M69*H69/Y69,0)*VLOOKUP(B69,'2-Kosten per locatie'!$A$13:$C$63,3,FALSE) -> 0 | T69: =IF(N69>0,N69*H69/Z69,0)*VLOOKUP(B69,'2-Kosten per locatie'!$A$13:$C$63,3,FALSE) -> 0 | U69: =IF(O69>0,O69*H69/Y69,0)*VLOOKUP(B69,'2-Kosten per locatie'!$A$13:$C$63,3,FALSE) -> 0 | V69: =IF(P69>0,P69*H69/Z69,0)*VLOOKUP(B69,'2-Kosten per locatie'!$A$13:$C$63,3,FALSE) -> 0 | W69: =IF(K69="nio",0,IF(K69>0,VLOOKUP(F69,'3-Productie normen'!A:L,VLOOKUP(K69,'3-Productie normen'!$B$38:$C$44,2,FALSE),FALSE))) -> 0 | X69: =IF(L69>0,W69*$X$8,0) -> 0 | Y69: =IF((OR(M69>0,O69>0)),W69*$Y$8,0) -> 0 | Z69: =IF((OR(N69>0,P69>0)),W69*$Z$8,0) -> 0 | AA69: =VLOOKUP(F69,'3-Productie normen'!A:O,15,FALSE) -> - | AC69: =J69*H69 -> 0
A70: 70 | B70: Rotterdam - Mijnsherenlaan 180 | C70: 1ste | E70: Badkamer | F70: Niet in onderhoud | G70: steen | H70: 0 | I70: 3.7275 | J70: =SUM(K70:P70) -> 0 | K70: nio | Q70: =IF(K70="nio",0,IF(K70>0,K70*H70/W70,0))*VLOOKUP(B70,'2-Kosten per locatie'!$A$13:$C$63,3,FALSE) -> 0 | R70: =IF(L70>0,L70*H70/X70,0)*VLOOKUP(B70,'2-Kosten per locatie'!$A$13:$C$63,3,FALSE) -> 0 | S70: =IF(M70>0,M70*H70/Y70,0)*VLOOKUP(B70,'2-Kosten per locatie'!$A$13:$C$63,3,FALSE) -> 0 | T70: =IF(N70>0,N70*H70/Z70,0)*VLOOKUP(B70,'2-Kosten per locatie'!$A$13:$C$63,3,FALSE) -> 0 | U70: =IF(O70>0,O70*H70/Y70,0)*VLOOKUP(B70,'2-Kosten per locatie'!$A$13:$C$63,3,FALSE) -> 0 | V70: =IF(P70>0,P70*H70/Z70,0)*VLOOKUP(B70,'2-Kosten per locatie'!$A$13:$C$63,3,FALSE) -> 0 | W70: =IF(K70="nio",0,IF(K70>0,VLOOKUP(F70,'3-Productie normen'!A:L,VLOOKUP(K70,'3-Productie normen'!$B$38:$C$44,2,FALSE),FALSE))) -> 0 | X70: =IF(L70>0,W70*$X$8,0) -> 0 | Y70: =IF((OR(M70>0,O70>0)),W70*$Y$8,0) -> 0 | Z70: =IF((OR(N70>0,P70>0)),W70*$Z$8,0) -> 0 | AA70: =VLOOKUP(F70,'3-Productie normen'!A:O,15,FALSE) -> - | AC70: =J70*H70 -> 0
A71: 71 | B71: Rotterdam - Mijnsherenlaan 180 | C71: 1ste | E71: Slaapkamer | F71: Niet in onderhoud | G71: linoleum | H71: 0 | I71: 10.542 | J71: =SUM(K71:P71) -> 0 | K71: nio | Q71: =IF(K71="nio",0,IF(K71>0,K71*H71/W71,0))*VLOOKUP(B71,'2-Kosten per locatie'!$A$13:$C$63,3,FALSE) -> 0 | R71: =IF(L71>0,L71*H71/X71,0)*VLOOKUP(B71,'2-Kosten per locatie'!$A$13:$C$63,3,FALSE) -> 0 | S71: =IF(M71>0,M71*H71/Y71,0)*VLOOKUP(B71,'2-Kosten per locatie'!$A$13:$C$63,3,FALSE) -> 0 | T71: =IF(N71>0,N71*H71/Z71,0)*VLOOKUP(B71,'2-Kosten per locatie'!$A$13:$C$63,3,FALSE) -> 0 | U71: =IF(O71>0,O71*H71/Y71,0)*VLOOKUP(B71,'2-Kosten per locatie'!$A$13:$C$63,3,FALSE) -> 0 | V71: =IF(P71>0,P71*H71/Z71,0)*VLOOKUP(B71,'2-Kosten per locatie'!$A$13:$C$63,3,FALSE) -> 0 | W71: =IF(K71="nio",0,IF(K71>0,VLOOKUP(F71,'3-Productie normen'!A:L,VLOOKUP(K71,'3-Productie normen'!$B$38:$C$44,2,FALSE),FALSE))) -> 0 | X71: =IF(L71>0,W71*$X$8,0) -> 0 | Y71: =IF((OR(M71>0,O71>0)),W71*$Y$8,0) -> 0 | Z71: =IF((OR(N71>0,P71>0)),W71*$Z$8,0) -> 0 | AA71: =VLOOKUP(F71,'3-Productie normen'!A:O,15,FALSE) -> - | AC71: =J71*H71 -> 0
A72: 72 | B72: Rotterdam - Mijnsherenlaan 180 | C72: 1ste | E72: Badkamer | F72: Niet in onderhoud | G72: steen | H72: 0 | I72: 3.7275 | J72: =SUM(K72:P72) -> 0 | K72: nio | Q72: =IF(K72="nio",0,IF(K72>0,K72*H72/W72,0))*VLOOKUP(B72,'2-Kosten per locatie'!$A$13:$C$63,3,FALSE) -> 0 | R72: =IF(L72>0,L72*H72/X72,0)*VLOOKUP(B72,'2-Kosten per locatie'!$A$13:$C$63,3,FALSE) -> 0 | S72: =IF(M72>0,M72*H72/Y72,0)*VLOOKUP(B72,'2-Kosten per locatie'!$A$13:$C$63,3,FALSE) -> 0 | T72: =IF(N72>0,N72*H72/Z72,0)*VLOOKUP(B72,'2-Kosten per locatie'!$A$13:$C$63,3,FALSE) -> 0 | U72: =IF(O72>0,O72*H72/Y72,0)*VLOOKUP(B72,'2-Kosten per locatie'!$A$13:$C$63,3,FALSE) -> 0 | V72: =IF(P72>0,P72*H72/Z72,0)*VLOOKUP(B72,'2-Kosten per locatie'!$A$13:$C$63,3,FALSE) -> 0 | W72: =IF(K72="nio",0,IF(K72>0,VLOOKUP(F72,'3-Productie normen'!A:L,VLOOKUP(K72,'3-Productie normen'!$B$38:$C$44,2,FALSE),FALSE))) -> 0 | X72: =IF(L72>0,W72*$X$8,0) -> 0 | Y72: =IF((OR(M72>0,O72>0)),W72*$Y$8,0) -> 0 | Z72: =IF((OR(N72>0,P72>0)),W72*$Z$8,0) -> 0 | AA72: =VLOOKUP(F72,'3-Productie normen'!A:O,15,FALSE) -> - | AC72: =J72*H72 -> 0
A73: 73 | B73: Rotterdam - Mijnsherenlaan 180 | C73: 1ste | E73: Kantoor | F73: Kantoor | G73: linoleum | H73: 29.1795 | J73: =SUM(K73:P73) -> 130 | K73: 130 | Q73: =IF(K73="nio",0,IF(K73>0,K73*H73/W73,0))*VLOOKUP(B73,'2-Kosten per locatie'!$A$13:$C$63,3,FALSE) -> #DIV/0! | R73: =IF(L73>0,L73*H73/X73,0)*VLOOKUP(B73,'2-Kosten per locatie'!$A$13:$C$63,3,FALSE) -> 0 | S73: =IF(M73>0,M73*H73/Y73,0)*VLOOKUP(B73,'2-Kosten per locatie'!$A$13:$C$63,3,FALSE) -> 0 | T73: =IF(N73>0,N73*H73/Z73,0)*VLOOKUP(B73,'2-Kosten per locatie'!$A$13:$C$63,3,FALSE) -> 0 | U73: =IF(O73>0,O73*H73/Y73,0)*VLOOKUP(B73,'2-Kosten per locatie'!$A$13:$C$63,3,FALSE) -> 0 | V73: =IF(P73>0,P73*H73/Z73,0)*VLOOKUP(B73,'2-Kosten per locatie'!$A$13:$C$63,3,FALSE) -> 0 | W73: =IF(K73="nio",0,IF(K73>0,VLOOKUP(F73,'3-Productie normen'!A:L,VLOOKUP(K73,'3-Productie normen'!$B$38:$C$44,2,FALSE),FALSE))) -> 0 | X73: =IF(L73>0,W73*$X$8,0) -> 0 | Y73: =IF((OR(M73>0,O73>0)),W73*$Y$8,0) -> 0 | Z73: =IF((OR(N73>0,P73>0)),W73*$Z$8,0) -> 0 | AA73: =VLOOKUP(F73,'3-Productie normen'!A:O,15,FALSE) -> B | AC73: =J73*H73 -> 3793.335
A74: 74 | B74: Rotterdam - Mijnsherenlaan 180 | C74: 1ste | E74: Kantoor | F74: Kantoor | G74: linoleum | H74: 39.165 | J74: =SUM(K74:P74) -> 130 | K74: 130 | Q74: =IF(K74="nio",0,IF(K74>0,K74*H74/W74,0))*VLOOKUP(B74,'2-Kosten per locatie'!$A$13:$C$63,3,FALSE) -> #DIV/0! | R74: =IF(L74>0,L74*H74/X74,0)*VLOOKUP(B74,'2-Kosten per locatie'!$A$13:$C$63,3,FALSE) -> 0 | S74: =IF(M74>0,M74*H74/Y74,0)*VLOOKUP(B74,'2-Kosten per locatie'!$A$13:$C$63,3,FALSE) -> 0 | T74: =IF(N74>0,N74*H74/Z74,0)*VLOOKUP(B74,'2-Kosten per locatie'!$A$13:$C$63,3,FALSE) -> 0 | U74: =IF(O74>0,O74*H74/Y74,0)*VLOOKUP(B74,'2-Kosten per locatie'!$A$13:$C$63,3,FALSE) -> 0 | V74: =IF(P74>0,P74*H74/Z74,0)*VLOOKUP(B74,'2-Kosten per locatie'!$A$13:$C$63,3,FALSE) -> 0 | W74: =IF(K74="nio",0,IF(K74>0,VLOOKUP(F74,'3-Productie normen'!A:L,VLOOKUP(K74,'3-Productie normen'!$B$38:$C$44,2,FALSE),FALSE))) -> 0 | X74: =IF(L74>0,W74*$X$8,0) -> 0 | Y74: =IF((OR(M74>0,O74>0)),W74*$Y$8,0) -> 0 | Z74: =IF((OR(N74>0,P74>0)),W74*$Z$8,0) -> 0 | AA74: =VLOOKUP(F74,'3-Productie normen'!A:O,15,FALSE) -> B | AC74: =J74*H74 -> 5091.45
A75: 75 | B75: Rotterdam - Mijnsherenlaan 180 | C75: 1ste | E75: Noodtrap | F75: Trap | G75: pvc | H75: 25.725 | J75: =SUM(K75:P75) -> 52 | K75: 52 | Q75: =IF(K75="nio",0,IF(K75>0,K75*H75/W75,0))*VLOOKUP(B75,'2-Kosten per locatie'!$A$13:$C$63,3,FALSE) -> #DIV/0! | R75: =IF(L75>0,L75*H75/X75,0)*VLOOKUP(B75,'2-Kosten per locatie'!$A$13:$C$63,3,FALSE) -> 0 | S75: =IF(M75>0,M75*H75/Y75,0)*VLOOKUP(B75,'2-Kosten per locatie'!$A$13:$C$63,3,FALSE) -> 0 | T75: =IF(N75>0,N75*H75/Z75,0)*VLOOKUP(B75,'2-Kosten per locatie'!$A$13:$C$63,3,FALSE) -> 0 | U75: =IF(O75>0,O75*H75/Y75,0)*VLOOKUP(B75,'2-Kosten per locatie'!$A$13:$C$63,3,FALSE) -> 0 | V75: =IF(P75>0,P75*H75/Z75,0)*VLOOKUP(B75,'2-Kosten per locatie'!$A$13:$C$63,3,FALSE) -> 0 | W75: =IF(K75="nio",0,IF(K75>0,VLOOKUP(F75,'3-Productie normen'!A:L,VLOOKUP(K75,'3-Productie normen'!$B$38:$C$44,2,FALSE),FALSE))) -> 0 | X75: =IF(L75>0,W75*$X$8,0) -> 0 | Y75: =IF((OR(M75>0,O75>0)),W75*$Y$8,0) -> 0 | Z75: =IF((OR(N75>0,P75>0)),W75*$Z$8,0) -> 0 | AA75: =VLOOKUP(F75,'3-Productie normen'!A:O,15,FALSE) -> V | AC75: =J75*H75 -> 1337.7
A76: 76 | B76: Rotterdam - Mijnsherenlaan 180 | C76: 1ste | E76: Fitnessruimte | F76: Niet in onderhoud | G76: linoleum | H76: 0 | I76: 61.551 | J76: =SUM(K76:P76) -> 0 | K76: nio | Q76: =IF(K76="nio",0,IF(K76>0,K76*H76/W76,0))*VLOOKUP(B76,'2-Kosten per locatie'!$A$13:$C$63,3,FALSE) -> 0 | R76: =IF(L76>0,L76*H76/X76,0)*VLOOKUP(B76,'2-Kosten per locatie'!$A$13:$C$63,3,FALSE) -> 0 | S76: =IF(M76>0,M76*H76/Y76,0)*VLOOKUP(B76,'2-Kosten per locatie'!$A$13:$C$63,3,FALSE) -> 0 | T76: =IF(N76>0,N76*H76/Z76,0)*VLOOKUP(B76,'2-Kosten per locatie'!$A$13:$C$63,3,FALSE) -> 0 | U76: =IF(O76>0,O76*H76/Y76,0)*VLOOKUP(B76,'2-Kosten per locatie'!$A$13:$C$63,3,FALSE) -> 0 | V76: =IF(P76>0,P76*H76/Z76,0)*VLOOKUP(B76,'2-Kosten per locatie'!$A$13:$C$63,3,FALSE) -> 0 | W76: =IF(K76="nio",0,IF(K76>0,VLOOKUP(F76,'3-Productie normen'!A:L,VLOOKUP(K76,'3-Productie normen'!$B$38:$C$44,2,FALSE),FALSE))) -> 0 | X76: =IF(L76>0,W76*$X$8,0) -> 0 | Y76: =IF((OR(M76>0,O76>0)),W76*$Y$8,0) -> 0 | Z76: =IF((OR(N76>0,P76>0)),W76*$Z$8,0) -> 0 | AA76: =VLOOKUP(F76,'3-Productie normen'!A:O,15,FALSE) -> - | AC76: =J76*H76 -> 0
A77: 77 | B77: Rotterdam - Mijnsherenlaan 180 | C77: 1ste | E77: Trap | F77: Trap | G77: pvc | H77: 14.595 | J77: =SUM(K77:P77) -> 130 | K77: 130 | Q77: =IF(K77="nio",0,IF(K77>0,K77*H77/W77,0))*VLOOKUP(B77,'2-Kosten per locatie'!$A$13:$C$63,3,FALSE) -> #DIV/0! | R77: =IF(L77>0,L77*H77/X77,0)*VLOOKUP(B77,'2-Kosten per locatie'!$A$13:$C$63,3,FALSE) -> 0 | S77: =IF(M77>0,M77*H77/Y77,0)*VLOOKUP(B77,'2-Kosten per locatie'!$A$13:$C$63,3,FALSE) -> 0 | T77: =IF(N77>0,N77*H77/Z77,0)*VLOOKUP(B77,'2-Kosten per locatie'!$A$13:$C$63,3,FALSE) -> 0 | U77: =IF(O77>0,O77*H77/Y77,0)*VLOOKUP(B77,'2-Kosten per locatie'!$A$13:$C$63,3,FALSE) -> 0 | V77: =IF(P77>0,P77*H77/Z77,0)*VLOOKUP(B77,'2-Kosten per locatie'!$A$13:$C$63,3,FALSE) -> 0 | W77: =IF(K77="nio",0,IF(K77>0,VLOOKUP(F77,'3-Productie normen'!A:L,VLOOKUP(K77,'3-Productie normen'!$B$38:$C$44,2,FALSE),FALSE))) -> 0 | X77: =IF(L77>0,W77*$X$8,0) -> 0 | Y77: =IF((OR(M77>0,O77>0)),W77*$Y$8,0) -> 0 | Z77: =IF((OR(N77>0,P77>0)),W77*$Z$8,0) -> 0 | AA77: =VLOOKUP(F77,'3-Productie normen'!A:O,15,FALSE) -> V | AC77: =J77*H77 -> 1897.35
A78: 78 | B78: Rotterdam - Mijnsherenlaan 180 | C78: 2de | E78: Dagverblijf | F78: Niet in onderhoud | G78: linoleum | I78: 97.5 | J78: =SUM(K78:P78) -> 0 | K78: nio | Q78: =IF(K78="nio",0,IF(K78>0,K78*H78/W78,0))*VLOOKUP(B78,'2-Kosten per locatie'!$A$13:$C$63,3,FALSE) -> 0 | R78: =IF(L78>0,L78*H78/X78,0)*VLOOKUP(B78,'2-Kosten per locatie'!$A$13:$C$63,3,FALSE) -> 0 | S78: =IF(M78>0,M78*H78/Y78,0)*VLOOKUP(B78,'2-Kosten per locatie'!$A$13:$C$63,3,FALSE) -> 0 | T78: =IF(N78>0,N78*H78/Z78,0)*VLOOKUP(B78,'2-Kosten per locatie'!$A$13:$C$63,3,FALSE) -> 0 | U78: =IF(O78>0,O78*H78/Y78,0)*VLOOKUP(B78,'2-Kosten per locatie'!$A$13:$C$63,3,FALSE) -> 0 | V78: =IF(P78>0,P78*H78/Z78,0)*VLOOKUP(B78,'2-Kosten per locatie'!$A$13:$C$63,3,FALSE) -> 0 | W78: =IF(K78="nio",0,IF(K78>0,VLOOKUP(F78,'3-Productie normen'!A:L,VLOOKUP(K78,'3-Productie normen'!$B$38:$C$44,2,FALSE),FALSE))) -> 0 | X78: =IF(L78>0,W78*$X$8,0) -> 0 | Y78: =IF((OR(M78>0,O78>0)),W78*$Y$8,0) -> 0 | Z78: =IF((OR(N78>0,P78>0)),W78*$Z$8,0) -> 0 | AA78: =VLOOKUP(F78,'3-Productie normen'!A:O,15,FALSE) -> - | AC78: =J78*H78 -> 0
A79: 79 | B79: Rotterdam - Mijnsherenlaan 180 | C79: 2de | E79: Keuken | F79: Niet in onderhoud | G79: steen | I79: 28.5 | J79: =SUM(K79:P79) -> 0 | K79: nio | Q79: =IF(K79="nio",0,IF(K79>0,K79*H79/W79,0))*VLOOKUP(B79,'2-Kosten per locatie'!$A$13:$C$63,3,FALSE) -> 0 | R79: =IF(L79>0,L79*H79/X79,0)*VLOOKUP(B79,'2-Kosten per locatie'!$A$13:$C$63,3,FALSE) -> 0 | S79: =IF(M79>0,M79*H79/Y79,0)*VLOOKUP(B79,'2-Kosten per locatie'!$A$13:$C$63,3,FALSE) -> 0 | T79: =IF(N79>0,N79*H79/Z79,0)*VLOOKUP(B79,'2-Kosten per locatie'!$A$13:$C$63,3,FALSE) -> 0 | U79: =IF(O79>0,O79*H79/Y79,0)*VLOOKUP(B79,'2-Kosten per locatie'!$A$13:$C$63,3,FALSE) -> 0 | V79: =IF(P79>0,P79*H79/Z79,0)*VLOOKUP(B79,'2-Kosten per locatie'!$A$13:$C$63,3,FALSE) -> 0 | W79: =IF(K79="nio",0,IF(K79>0,VLOOKUP(F79,'3-Productie normen'!A:L,VLOOKUP(K79,'3-Productie normen'!$B$38:$C$44,2,FALSE),FALSE))) -> 0 | X79: =IF(L79>0,W79*$X$8,0) -> 0 | Y79: =IF((OR(M79>0,O79>0)),W79*$Y$8,0) -> 0 | Z79: =IF((OR(N79>0,P79>0)),W79*$Z$8,0) -> 0 | AA79: =VLOOKUP(F79,'3-Productie normen'!A:O,15,FALSE) -> - | AC79: =J79*H79 -> 0
A80: 80 | B80: Portugaal - S.vd.Kolklaan 77 | C80: BG | E80: Verkeersruimte | F80: Gang | G80: linoleum | H80: 30.45 | J80: =SUM(K80:P80) -> 52 | K80: 52 | Q80: =IF(K80="nio",0,IF(K80>0,K80*H80/W80,0))*VLOOKUP(B80,'2-Kosten per locatie'!$A$13:$C$63,3,FALSE) -> #DIV/0! | R80: =IF(L80>0,L80*H80/X80,0)*VLOOKUP(B80,'2-Kosten per locatie'!$A$13:$C$63,3,FALSE) -> 0 | S80: =IF(M80>0,M80*H80/Y80,0)*VLOOKUP(B80,'2-Kosten per locatie'!$A$13:$C$63,3,FALSE) -> 0 | T80: =IF(N80>0,N80*H80/Z80,0)*VLOOKUP(B80,'2-Kosten per locatie'!$A$13:$C$63,3,FALSE) -> 0 | U80: =IF(O80>0,O80*H80/Y80,0)*VLOOKUP(B80,'2-Kosten per locatie'!$A$13:$C$63,3,FALSE) -> 0 | V80: =IF(P80>0,P80*H80/Z80,0)*VLOOKUP(B80,'2-Kosten per locatie'!$A$13:$C$63,3,FALSE) -> 0 | W80: =IF(K80="nio",0,IF(K80>0,VLOOKUP(F80,'3-Productie normen'!A:L,VLOOKUP(K80,'3-Productie normen'!$B$38:$C$44,2,FALSE),FALSE))) -> 0 | X80: =IF(L80>0,W80*$X$8,0) -> 0 | Y80: =IF((OR(M80>0,O80>0)),W80*$Y$8,0) -> 0 | Z80: =IF((OR(N80>0,P80>0)),W80*$Z$8,0) -> 0 | AA80: =VLOOKUP(F80,'3-Productie normen'!A:O,15,FALSE) -> V | AC80: =J80*H80 -> 1583.4
A81: 81 | B81: Portugaal - S.vd.Kolklaan 77 | C81: BG | E81: Kantoor | F81: Kantoor | G81: tapijt | H81: 12.516 | J81: =SUM(K81:P81) -> 52 | K81: 52 | Q81: =IF(K81="nio",0,IF(K81>0,K81*H81/W81,0))*VLOOKUP(B81,'2-Kosten per locatie'!$A$13:$C$63,3,FALSE) -> #DIV/0! | R81: =IF(L81>0,L81*H81/X81,0)*VLOOKUP(B81,'2-Kosten per locatie'!$A$13:$C$63,3,FALSE) -> 0 | S81: =IF(M81>0,M81*H81/Y81,0)*VLOOKUP(B81,'2-Kosten per locatie'!$A$13:$C$63,3,FALSE) -> 0 | T81: =IF(N81>0,N81*H81/Z81,0)*VLOOKUP(B81,'2-Kosten per locatie'!$A$13:$C$63,3,FALSE) -> 0 | U81: =IF(O81>0,O81*H81/Y81,0)*VLOOKUP(B81,'2-Kosten per locatie'!$A$13:$C$63,3,FALSE) -> 0 | V81: =IF(P81>0,P81*H81/Z81,0)*VLOOKUP(B81,'2-Kosten per locatie'!$A$13:$C$63,3,FALSE) -> 0 | W81: =IF(K81="nio",0,IF(K81>0,VLOOKUP(F81,'3-Productie normen'!A:L,VLOOKUP(K81,'3-Productie normen'!$B$38:$C$44,2,FALSE),FALSE))) -> 0 | X81: =IF(L81>0,W81*$X$8,0) -> 0 | Y81: =IF((OR(M81>0,O81>0)),W81*$Y$8,0) -> 0 | Z81: =IF((OR(N81>0,P81>0)),W81*$Z$8,0) -> 0 | AA81: =VLOOKUP(F81,'3-Productie normen'!A:O,15,FALSE) -> B | AC81: =J81*H81 -> 650.832
A82: 82 | B82: Portugaal - S.vd.Kolklaan 77 | C82: BG | E82: Toilet dames | F82: Sanitaire ruimte | G82: steen | H82: 3.465 | J82: =SUM(K82:P82) -> 52 | K82: 52 | Q82: =IF(K82="nio",0,IF(K82>0,K82*H82/W82,0))*VLOOKUP(B82,'2-Kosten per locatie'!$A$13:$C$63,3,FALSE) -> #DIV/0! | R82: =IF(L82>0,L82*H82/X82,0)*VLOOKUP(B82,'2-Kosten per locatie'!$A$13:$C$63,3,FALSE) -> 0 | S82: =IF(M82>0,M82*H82/Y82,0)*VLOOKUP(B82,'2-Kosten per locatie'!$A$13:$C$63,3,FALSE) -> 0 | T82: =IF(N82>0,N82*H82/Z82,0)*VLOOKUP(B82,'2-Kosten per locatie'!$A$13:$C$63,3,FALSE) -> 0 | U82: =IF(O82>0,O82*H82/Y82,0)*VLOOKUP(B82,'2-Kosten per locatie'!$A$13:$C$63,3,FALSE) -> 0 | V82: =IF(P82>0,P82*H82/Z82,0)*VLOOKUP(B82,'2-Kosten per locatie'!$A$13:$C$63,3,FALSE) -> 0 | W82: =IF(K82="nio",0,IF(K82>0,VLOOKUP(F82,'3-Productie normen'!A:L,VLOOKUP(K82,'3-Productie normen'!$B$38:$C$44,2,FALSE),FALSE))) -> 0 | X82: =IF(L82>0,W82*$X$8,0) -> 0 | Y82: =IF((OR(M82>0,O82>0)),W82*$Y$8,0) -> 0 | Z82: =IF((OR(N82>0,P82>0)),W82*$Z$8,0) -> 0 | AA82: =VLOOKUP(F82,'3-Productie normen'!A:O,15,FALSE) -> S | AC82: =J82*H82 -> 180.18
A83: 83 | B83: Portugaal - S.vd.Kolklaan 77 | C83: BG | E83: Toilet heren | F83: Sanitaire ruimte | G83: steen | H83: 3.465 | J83: =SUM(K83:P83) -> 52 | K83: 52 | Q83: =IF(K83="nio",0,IF(K83>0,K83*H83/W83,0))*VLOOKUP(B83,'2-Kosten per locatie'!$A$13:$C$63,3,FALSE) -> #DIV/0! | R83: =IF(L83>0,L83*H83/X83,0)*VLOOKUP(B83,'2-Kosten per locatie'!$A$13:$C$63,3,FALSE) -> 0 | S83: =IF(M83>0,M83*H83/Y83,0)*VLOOKUP(B83,'2-Kosten per locatie'!$A$13:$C$63,3,FALSE) -> 0 | T83: =IF(N83>0,N83*H83/Z83,0)*VLOOKUP(B83,'2-Kosten per locatie'!$A$13:$C$63,3,FALSE) -> 0 | U83: =IF(O83>0,O83*H83/Y83,0)*VLOOKUP(B83,'2-Kosten per locatie'!$A$13:$C$63,3,FALSE) -> 0 | V83: =IF(P83>0,P83*H83/Z83,0)*VLOOKUP(B83,'2-Kosten per locatie'!$A$13:$C$63,3,FALSE) -> 0 | W83: =IF(K83="nio",0,IF(K83>0,VLOOKUP(F83,'3-Productie normen'!A:L,VLOOKUP(K83,'3-Productie normen'!$B$38:$C$44,2,FALSE),FALSE))) -> 0 | X83: =IF(L83>0,W83*$X$8,0) -> 0 | Y83: =IF((OR(M83>0,O83>0)),W83*$Y$8,0) -> 0 | Z83: =IF((OR(N83>0,P83>0)),W83*$Z$8,0) -> 0 | AA83: =VLOOKUP(F83,'3-Productie normen'!A:O,15,FALSE) -> S | AC83: =J83*H83 -> 180.18
A84: 84 | B84: Portugaal - S.vd.Kolklaan 77 | C84: BG | E84: Was/kleedruimte heren | F84: Kleedruimte | G84: steen | H84: 57.12 | J84: =SUM(K84:P84) -> 52 | K84: 52 | Q84: =IF(K84="nio",0,IF(K84>0,K84*H84/W84,0))*VLOOKUP(B84,'2-Kosten per locatie'!$A$13:$C$63,3,FALSE) -> #DIV/0! | R84: =IF(L84>0,L84*H84/X84,0)*VLOOKUP(B84,'2-Kosten per locatie'!$A$13:$C$63,3,FALSE) -> 0 | S84: =IF(M84>0,M84*H84/Y84,0)*VLOOKUP(B84,'2-Kosten per locatie'!$A$13:$C$63,3,FALSE) -> 0 | T84: =IF(N84>0,N84*H84/Z84,0)*VLOOKUP(B84,'2-Kosten per locatie'!$A$13:$C$63,3,FALSE) -> 0 | U84: =IF(O84>0,O84*H84/Y84,0)*VLOOKUP(B84,'2-Kosten per locatie'!$A$13:$C$63,3,FALSE) -> 0 | V84: =IF(P84>0,P84*H84/Z84,0)*VLOOKUP(B84,'2-Kosten per locatie'!$A$13:$C$63,3,FALSE) -> 0 | W84: =IF(K84="nio",0,IF(K84>0,VLOOKUP(F84,'3-Productie normen'!A:L,VLOOKUP(K84,'3-Productie normen'!$B$38:$C$44,2,FALSE),FALSE))) -> 0 | X84: =IF(L84>0,W84*$X$8,0) -> 0 | Y84: =IF((OR(M84>0,O84>0)),W84*$Y$8,0) -> 0 | Z84: =IF((OR(N84>0,P84>0)),W84*$Z$8,0) -> 0 | AA84: =VLOOKUP(F84,'3-Productie normen'!A:O,15,FALSE) -> S | AC84: =J84*H84 -> 2970.24
A85: 85 | B85: Portugaal - S.vd.Kolklaan 77 | C85: BG | E85: Was/kleedruimte dames | F85: Kleedruimte | G85: steen | H85: 7.14 | J85: =SUM(K85:P85) -> 52 | K85: 52 | Q85: =IF(K85="nio",0,IF(K85>0,K85*H85/W85,0))*VLOOKUP(B85,'2-Kosten per locatie'!$A$13:$C$63,3,FALSE) -> #DIV/0! | R85: =IF(L85>0,L85*H85/X85,0)*VLOOKUP(B85,'2-Kosten per locatie'!$A$13:$C$63,3,FALSE) -> 0 | S85: =IF(M85>0,M85*H85/Y85,0)*VLOOKUP(B85,'2-Kosten per locatie'!$A$13:$C$63,3,FALSE) -> 0 | T85: =IF(N85>0,N85*H85/Z85,0)*VLOOKUP(B85,'2-Kosten per locatie'!$A$13:$C$63,3,FALSE) -> 0 | U85: =IF(O85>0,O85*H85/Y85,0)*VLOOKUP(B85,'2-Kosten per locatie'!$A$13:$C$63,3,FALSE) -> 0 | V85: =IF(P85>0,P85*H85/Z85,0)*VLOOKUP(B85,'2-Kosten per locatie'!$A$13:$C$63,3,FALSE) -> 0 | W85: =IF(K85="nio",0,IF(K85>0,VLOOKUP(F85,'3-Productie normen'!A:L,VLOOKUP(K85,'3-Productie normen'!$B$38:$C$44,2,FALSE),FALSE))) -> 0 | X85: =IF(L85>0,W85*$X$8,0) -> 0 | Y85: =IF((OR(M85>0,O85>0)),W85*$Y$8,0) -> 0 | Z85: =IF((OR(N85>0,P85>0)),W85*$Z$8,0) -> 0 | AA85: =VLOOKUP(F85,'3-Productie normen'!A:O,15,FALSE) -> S | AC85: =J85*H85 -> 371.28
A86: 86 | B86: Portugaal - S.vd.Kolklaan 77 | C86: BG | E86: Kantoor | F86: Kantoor | G86: tapijt | H86: 19.635 | J86: =SUM(K86:P86) -> 52 | K86: 52 | Q86: =IF(K86="nio",0,IF(K86>0,K86*H86/W86,0))*VLOOKUP(B86,'2-Kosten per locatie'!$A$13:$C$63,3,FALSE) -> #DIV/0! | R86: =IF(L86>0,L86*H86/X86,0)*VLOOKUP(B86,'2-Kosten per locatie'!$A$13:$C$63,3,FALSE) -> 0 | S86: =IF(M86>0,M86*H86/Y86,0)*VLOOKUP(B86,'2-Kosten per locatie'!$A$13:$C$63,3,FALSE) -> 0 | T86: =IF(N86>0,N86*H86/Z86,0)*VLOOKUP(B86,'2-Kosten per locatie'!$A$13:$C$63,3,FALSE) -> 0 | U86: =IF(O86>0,O86*H86/Y86,0)*VLOOKUP(B86,'2-Kosten per locatie'!$A$13:$C$63,3,FALSE) -> 0 | V86: =IF(P86>0,P86*H86/Z86,0)*VLOOKUP(B86,'2-Kosten per locatie'!$A$13:$C$63,3,FALSE) -> 0 | W86: =IF(K86="nio",0,IF(K86>0,VLOOKUP(F86,'3-Productie normen'!A:L,VLOOKUP(K86,'3-Productie normen'!$B$38:$C$44,2,FALSE),FALSE))) -> 0 | X86: =IF(L86>0,W86*$X$8,0) -> 0 | Y86: =IF((OR(M86>0,O86>0)),W86*$Y$8,0) -> 0 | Z86: =IF((OR(N86>0,P86>0)),W86*$Z$8,0) -> 0 | AA86: =VLOOKUP(F86,'3-Productie normen'!A:O,15,FALSE) -> B | AC86: =J86*H86 -> 1021.02
A87: 87 | B87: Portugaal - S.vd.Kolklaan 77 | C87: BG | E87: Kantoor | F87: Kantoor | G87: tapijt | H87: 19.635 | J87: =SUM(K87:P87) -> 52 | K87: 52 | Q87: =IF(K87="nio",0,IF(K87>0,K87*H87/W87,0))*VLOOKUP(B87,'2-Kosten per locatie'!$A$13:$C$63,3,FALSE) -> #DIV/0! | R87: =IF(L87>0,L87*H87/X87,0)*VLOOKUP(B87,'2-Kosten per locatie'!$A$13:$C$63,3,FALSE) -> 0 | S87: =IF(M87>0,M87*H87/Y87,0)*VLOOKUP(B87,'2-Kosten per locatie'!$A$13:$C$63,3,FALSE) -> 0 | T87: =IF(N87>0,N87*H87/Z87,0)*VLOOKUP(B87,'2-Kosten per locatie'!$A$13:$C$63,3,FALSE) -> 0 | U87: =IF(O87>0,O87*H87/Y87,0)*VLOOKUP(B87,'2-Kosten per locatie'!$A$13:$C$63,3,FALSE) -> 0 | V87: =IF(P87>0,P87*H87/Z87,0)*VLOOKUP(B87,'2-Kosten per locatie'!$A$13:$C$63,3,FALSE) -> 0 | W87: =IF(K87="nio",0,IF(K87>0,VLOOKUP(F87,'3-Productie normen'!A:L,VLOOKUP(K87,'3-Productie normen'!$B$38:$C$44,2,FALSE),FALSE))) -> 0 | X87: =IF(L87>0,W87*$X$8,0) -> 0 | Y87: =IF((OR(M87>0,O87>0)),W87*$Y$8,0) -> 0 | Z87: =IF((OR(N87>0,P87>0)),W87*$Z$8,0) -> 0 | AA87: =VLOOKUP(F87,'3-Productie normen'!A:O,15,FALSE) -> B | AC87: =J87*H87 -> 1021.02
A88: 88 | B88: Portugaal - S.vd.Kolklaan 77 | C88: BG | E88: Trap | F88: Trap | G88: linoleum | H88: 1.05 | J88: =SUM(K88:P88) -> 52 | K88: 52 | Q88: =IF(K88="nio",0,IF(K88>0,K88*H88/W88,0))*VLOOKUP(B88,'2-Kosten per locatie'!$A$13:$C$63,3,FALSE) -> #DIV/0! | R88: =IF(L88>0,L88*H88/X88,0)*VLOOKUP(B88,'2-Kosten per locatie'!$A$13:$C$63,3,FALSE) -> 0 | S88: =IF(M88>0,M88*H88/Y88,0)*VLOOKUP(B88,'2-Kosten per locatie'!$A$13:$C$63,3,FALSE) -> 0 | T88: =IF(N88>0,N88*H88/Z88,0)*VLOOKUP(B88,'2-Kosten per locatie'!$A$13:$C$63,3,FALSE) -> 0 | U88: =IF(O88>0,O88*H88/Y88,0)*VLOOKUP(B88,'2-Kosten per locatie'!$A$13:$C$63,3,FALSE) -> 0 | V88: =IF(P88>0,P88*H88/Z88,0)*VLOOKUP(B88,'2-Kosten per locatie'!$A$13:$C$63,3,FALSE) -> 0 | W88: =IF(K88="nio",0,IF(K88>0,VLOOKUP(F88,'3-Productie normen'!A:L,VLOOKUP(K88,'3-Productie normen'!$B$38:$C$44,2,FALSE),FALSE))) -> 0 | X88: =IF(L88>0,W88*$X$8,0) -> 0 | Y88: =IF((OR(M88>0,O88>0)),W88*$Y$8,0) -> 0 | Z88: =IF((OR(N88>0,P88>0)),W88*$Z$8,0) -> 0 | AA88: =VLOOKUP(F88,'3-Productie normen'!A:O,15,FALSE) -> V | AC88: =J88*H88 -> 54.6
A89: 89 | B89: Portugaal - S.vd.Kolklaan 77 | C89: BG | E89: Trap | F89: Trap | G89: beton | H89: 7.35 | J89: =SUM(K89:P89) -> 52 | K89: 52 | Q89: =IF(K89="nio",0,IF(K89>0,K89*H89/W89,0))*VLOOKUP(B89,'2-Kosten per locatie'!$A$13:$C$63,3,FALSE) -> #DIV/0! | R89: =IF(L89>0,L89*H89/X89,0)*VLOOKUP(B89,'2-Kosten per locatie'!$A$13:$C$63,3,FALSE) -> 0 | S89: =IF(M89>0,M89*H89/Y89,0)*VLOOKUP(B89,'2-Kosten per locatie'!$A$13:$C$63,3,FALSE) -> 0 | T89: =IF(N89>0,N89*H89/Z89,0)*VLOOKUP(B89,'2-Kosten per locatie'!$A$13:$C$63,3,FALSE) -> 0 | U89: =IF(O89>0,O89*H89/Y89,0)*VLOOKUP(B89,'2-Kosten per locatie'!$A$13:$C$63,3,FALSE) -> 0 | V89: =IF(P89>0,P89*H89/Z89,0)*VLOOKUP(B89,'2-Kosten per locatie'!$A$13:$C$63,3,FALSE) -> 0 | W89: =IF(K89="nio",0,IF(K89>0,VLOOKUP(F89,'3-Productie normen'!A:L,VLOOKUP(K89,'3-Productie normen'!$B$38:$C$44,2,FALSE),FALSE))) -> 0 | X89: =IF(L89>0,W89*$X$8,0) -> 0 | Y89: =IF((OR(M89>0,O89>0)),W89*$Y$8,0) -> 0 | Z89: =IF((OR(N89>0,P89>0)),W89*$Z$8,0) -> 0 | AA89: =VLOOKUP(F89,'3-Productie normen'!A:O,15,FALSE) -> V | AC89: =J89*H89 -> 382.2
A90: 90 | B90: Portugaal - S.vd.Kolklaan 77 | C90: BG | E90: Trap | F90: Trap | G90: linoleum | H90: 1.05 | J90: =SUM(K90:P90) -> 52 | K90: 52 | Q90: =IF(K90="nio",0,IF(K90>0,K90*H90/W90,0))*VLOOKUP(B90,'2-Kosten per locatie'!$A$13:$C$63,3,FALSE) -> #DIV/0! | R90: =IF(L90>0,L90*H90/X90,0)*VLOOKUP(B90,'2-Kosten per locatie'!$A$13:$C$63,3,FALSE) -> 0 | S90: =IF(M90>0,M90*H90/Y90,0)*VLOOKUP(B90,'2-Kosten per locatie'!$A$13:$C$63,3,FALSE) -> 0 | T90: =IF(N90>0,N90*H90/Z90,0)*VLOOKUP(B90,'2-Kosten per locatie'!$A$13:$C$63,3,FALSE) -> 0 | U90: =IF(O90>0,O90*H90/Y90,0)*VLOOKUP(B90,'2-Kosten per locatie'!$A$13:$C$63,3,FALSE) -> 0 | V90: =IF(P90>0,P90*H90/Z90,0)*VLOOKUP(B90,'2-Kosten per locatie'!$A$13:$C$63,3,FALSE) -> 0 | W90: =IF(K90="nio",0,IF(K90>0,VLOOKUP(F90,'3-Productie normen'!A:L,VLOOKUP(K90,'3-Productie normen'!$B$38:$C$44,2,FALSE),FALSE))) -> 0 | X90: =IF(L90>0,W90*$X$8,0) -> 0 | Y90: =IF((OR(M90>0,O90>0)),W90*$Y$8,0) -> 0 | Z90: =IF((OR(N90>0,P90>0)),W90*$Z$8,0) -> 0 | AA90: =VLOOKUP(F90,'3-Productie normen'!A:O,15,FALSE) -> V | AC90: =J90*H90 -> 54.6
A91: 91 | B91: Portugaal - S.vd.Kolklaan 77 | C91: BG | E91: Trap | F91: Trap | G91: beton | H91: 7.35 | J91: =SUM(K91:P91) -> 52 | K91: 52 | Q91: =IF(K91="nio",0,IF(K91>0,K91*H91/W91,0))*VLOOKUP(B91,'2-Kosten per locatie'!$A$13:$C$63,3,FALSE) -> #DIV/0! | R91: =IF(L91>0,L91*H91/X91,0)*VLOOKUP(B91,'2-Kosten per locatie'!$A$13:$C$63,3,FALSE) -> 0 | S91: =IF(M91>0,M91*H91/Y91,0)*VLOOKUP(B91,'2-Kosten per locatie'!$A$13:$C$63,3,FALSE) -> 0 | T91: =IF(N91>0,N91*H91/Z91,0)*VLOOKUP(B91,'2-Kosten per locatie'!$A$13:$C$63,3,FALSE) -> 0 | U91: =IF(O91>0,O91*H91/Y91,0)*VLOOKUP(B91,'2-Kosten per locatie'!$A$13:$C$63,3,FALSE) -> 0 | V91: =IF(P91>0,P91*H91/Z91,0)*VLOOKUP(B91,'2-Kosten per locatie'!$A$13:$C$63,3,FALSE) -> 0 | W91: =IF(K91="nio",0,IF(K91>0,VLOOKUP(F91,'3-Productie normen'!A:L,VLOOKUP(K91,'3-Productie normen'!$B$38:$C$44,2,FALSE),FALSE))) -> 0 | X91: =IF(L91>0,W91*$X$8,0) -> 0 | Y91: =IF((OR(M91>0,O91>0)),W91*$Y$8,0) -> 0 | Z91: =IF((OR(N91>0,P91>0)),W91*$Z$8,0) -> 0 | AA91: =VLOOKUP(F91,'3-Productie normen'!A:O,15,FALSE) -> V | AC91: =J91*H91 -> 382.2
A92: 92 | B92: Portugaal - S.vd.Kolklaan 77 | C92: 1ste | E92: Dagverblijf | F92: Niet in onderhoud | G92: linoleum | H92: 0 | I92: 109.73 | J92: =SUM(K92:P92) -> 0 | K92: nio | Q92: =IF(K92="nio",0,IF(K92>0,K92*H92/W92,0))*VLOOKUP(B92,'2-Kosten per locatie'!$A$13:$C$63,3,FALSE) -> 0 | R92: =IF(L92>0,L92*H92/X92,0)*VLOOKUP(B92,'2-Kosten per locatie'!$A$13:$C$63,3,FALSE) -> 0 | S92: =IF(M92>0,M92*H92/Y92,0)*VLOOKUP(B92,'2-Kosten per locatie'!$A$13:$C$63,3,FALSE) -> 0 | T92: =IF(N92>0,N92*H92/Z92,0)*VLOOKUP(B92,'2-Kosten per locatie'!$A$13:$C$63,3,FALSE) -> 0 | U92: =IF(O92>0,O92*H92/Y92,0)*VLOOKUP(B92,'2-Kosten per locatie'!$A$13:$C$63,3,FALSE) -> 0 | V92: =IF(P92>0,P92*H92/Z92,0)*VLOOKUP(B92,'2-Kosten per locatie'!$A$13:$C$63,3,FALSE) -> 0 | W92: =IF(K92="nio",0,IF(K92>0,VLOOKUP(F92,'3-Productie normen'!A:L,VLOOKUP(K92,'3-Productie normen'!$B$38:$C$44,2,FALSE),FALSE))) -> 0 | X92: =IF(L92>0,W92*$X$8,0) -> 0 | Y92: =IF((OR(M92>0,O92>0)),W92*$Y$8,0) -> 0 | Z92: =IF((OR(N92>0,P92>0)),W92*$Z$8,0) -> 0 | AA92: =VLOOKUP(F92,'3-Productie normen'!A:O,15,FALSE) -> - | AC92: =J92*H92 -> 0
A93: 93 | B93: Bleiswijk - J. v/d Heydenstraat 6 | C93: BG | E93: Verkeersruimte | F93: Gang | G93: steen | H93: 100.8 | J93: =SUM(K93:P93) -> 52 | K93: 52 | Q93: =IF(K93="nio",0,IF(K93>0,K93*H93/W93,0))*VLOOKUP(B93,'2-Kosten per locatie'!$A$13:$C$63,3,FALSE) -> #DIV/0! | R93: =IF(L93>0,L93*H93/X93,0)*VLOOKUP(B93,'2-Kosten per locatie'!$A$13:$C$63,3,FALSE) -> 0 | S93: =IF(M93>0,M93*H93/Y93,0)*VLOOKUP(B93,'2-Kosten per locatie'!$A$13:$C$63,3,FALSE) -> 0 | T93: =IF(N93>0,N93*H93/Z93,0)*VLOOKUP(B93,'2-Kosten per locatie'!$A$13:$C$63,3,FALSE) -> 0 | U93: =IF(O93>0,O93*H93/Y93,0)*VLOOKUP(B93,'2-Kosten per locatie'!$A$13:$C$63,3,FALSE) -> 0 | V93: =IF(P93>0,P93*H93/Z93,0)*VLOOKUP(B93,'2-Kosten per locatie'!$A$13:$C$63,3,FALSE) -> 0 | W93: =IF(K93="nio",0,IF(K93>0,VLOOKUP(F93,'3-Productie normen'!A:L,VLOOKUP(K93,'3-Productie normen'!$B$38:$C$44,2,FALSE),FALSE))) -> 0 | X93: =IF(L93>0,W93*$X$8,0) -> 0 | Y93: =IF((OR(M93>0,O93>0)),W93*$Y$8,0) -> 0 | Z93: =IF((OR(N93>0,P93>0)),W93*$Z$8,0) -> 0 | AA93: =VLOOKUP(F93,'3-Productie normen'!A:O,15,FALSE) -> V | AC93: =J93*H93 -> 5241.6
A94: 94 | B94: Bleiswijk - J. v/d Heydenstraat 6 | C94: BG | E94: Dagverblijf | F94: Niet in onderhoud | G94: steen | H94: 0 | I94: 69.3 | J94: =SUM(K94:P94) -> 0 | K94: nio | Q94: =IF(K94="nio",0,IF(K94>0,K94*H94/W94,0))*VLOOKUP(B94,'2-Kosten per locatie'!$A$13:$C$63,3,FALSE) -> 0 | R94: =IF(L94>0,L94*H94/X94,0)*VLOOKUP(B94,'2-Kosten per locatie'!$A$13:$C$63,3,FALSE) -> 0 | S94: =IF(M94>0,M94*H94/Y94,0)*VLOOKUP(B94,'2-Kosten per locatie'!$A$13:$C$63,3,FALSE) -> 0 | T94: =IF(N94>0,N94*H94/Z94,0)*VLOOKUP(B94,'2-Kosten per locatie'!$A$13:$C$63,3,FALSE) -> 0 | U94: =IF(O94>0,O94*H94/Y94,0)*VLOOKUP(B94,'2-Kosten per locatie'!$A$13:$C$63,3,FALSE) -> 0 | V94: =IF(P94>0,P94*H94/Z94,0)*VLOOKUP(B94,'2-Kosten per locatie'!$A$13:$C$63,3,FALSE) -> 0 | W94: =IF(K94="nio",0,IF(K94>0,VLOOKUP(F94,'3-Productie normen'!A:L,VLOOKUP(K94,'3-Productie normen'!$B$38:$C$44,2,FALSE),FALSE))) -> 0 | X94: =IF(L94>0,W94*$X$8,0) -> 0 | Y94: =IF((OR(M94>0,O94>0)),W94*$Y$8,0) -> 0 | Z94: =IF((OR(N94>0,P94>0)),W94*$Z$8,0) -> 0 | AA94: =VLOOKUP(F94,'3-Productie normen'!A:O,15,FALSE) -> - | AC94: =J94*H94 -> 0
A95: 95 | B95: Bleiswijk - J. v/d Heydenstraat 6 | C95: BG | E95: Keuken | F95: Keuken | G95: steen | H95: 9.45 | J95: =SUM(K95:P95) -> 52 | K95: 52 | Q95: =IF(K95="nio",0,IF(K95>0,K95*H95/W95,0))*VLOOKUP(B95,'2-Kosten per locatie'!$A$13:$C$63,3,FALSE) -> #DIV/0! | R95: =IF(L95>0,L95*H95/X95,0)*VLOOKUP(B95,'2-Kosten per locatie'!$A$13:$C$63,3,FALSE) -> 0 | S95: =IF(M95>0,M95*H95/Y95,0)*VLOOKUP(B95,'2-Kosten per locatie'!$A$13:$C$63,3,FALSE) -> 0 | T95: =IF(N95>0,N95*H95/Z95,0)*VLOOKUP(B95,'2-Kosten per locatie'!$A$13:$C$63,3,FALSE) -> 0 | U95: =IF(O95>0,O95*H95/Y95,0)*VLOOKUP(B95,'2-Kosten per locatie'!$A$13:$C$63,3,FALSE) -> 0 | V95: =IF(P95>0,P95*H95/Z95,0)*VLOOKUP(B95,'2-Kosten per locatie'!$A$13:$C$63,3,FALSE) -> 0 | W95: =IF(K95="nio",0,IF(K95>0,VLOOKUP(F95,'3-Productie normen'!A:L,VLOOKUP(K95,'3-Productie normen'!$B$38:$C$44,2,FALSE),FALSE))) -> 0 | X95: =IF(L95>0,W95*$X$8,0) -> 0 | Y95: =IF((OR(M95>0,O95>0)),W95*$Y$8,0) -> 0 | Z95: =IF((OR(N95>0,P95>0)),W95*$Z$8,0) -> 0 | AA95: =VLOOKUP(F95,'3-Productie normen'!A:O,15,FALSE) -> V | AC95: =J95*H95 -> 491.4
A96: 96 | B96: Bleiswijk - J. v/d Heydenstraat 6 | C96: BG | E96: Kantoor | F96: Kantoor | G96: tapijt | H96: 20.475 | J96: =SUM(K96:P96) -> 52 | K96: 52 | Q96: =IF(K96="nio",0,IF(K96>0,K96*H96/W96,0))*VLOOKUP(B96,'2-Kosten per locatie'!$A$13:$C$63,3,FALSE) -> #DIV/0! | R96: =IF(L96>0,L96*H96/X96,0)*VLOOKUP(B96,'2-Kosten per locatie'!$A$13:$C$63,3,FALSE) -> 0 | S96: =IF(M96>0,M96*H96/Y96,0)*VLOOKUP(B96,'2-Kosten per locatie'!$A$13:$C$63,3,FALSE) -> 0 | T96: =IF(N96>0,N96*H96/Z96,0)*VLOOKUP(B96,'2-Kosten per locatie'!$A$13:$C$63,3,FALSE) -> 0 | U96: =IF(O96>0,O96*H96/Y96,0)*VLOOKUP(B96,'2-Kosten per locatie'!$A$13:$C$63,3,FALSE) -> 0 | V96: =IF(P96>0,P96*H96/Z96,0)*VLOOKUP(B96,'2-Kosten per locatie'!$A$13:$C$63,3,FALSE) -> 0 | W96: =IF(K96="nio",0,IF(K96>0,VLOOKUP(F96,'3-Productie normen'!A:L,VLOOKUP(K96,'3-Productie normen'!$B$38:$C$44,2,FALSE),FALSE))) -> 0 | X96: =IF(L96>0,W96*$X$8,0) -> 0 | Y96: =IF((OR(M96>0,O96>0)),W96*$Y$8,0) -> 0 | Z96: =IF((OR(N96>0,P96>0)),W96*$Z$8,0) -> 0 | AA96: =VLOOKUP(F96,'3-Productie normen'!A:O,15,FALSE) -> B | AC96: =J96*H96 -> 1064.7
A97: 97 | B97: Bleiswijk - J. v/d Heydenstraat 6 | C97: BG | E97: Toilet dames | F97: Sanitaire ruimte | G97: steen | H97: 2.52 | J97: =SUM(K97:P97) -> 52 | K97: 52 | Q97: =IF(K97="nio",0,IF(K97>0,K97*H97/W97,0))*VLOOKUP(B97,'2-Kosten per locatie'!$A$13:$C$63,3,FALSE) -> #DIV/0! | R97: =IF(L97>0,L97*H97/X97,0)*VLOOKUP(B97,'2-Kosten per locatie'!$A$13:$C$63,3,FALSE) -> 0 | S97: =IF(M97>0,M97*H97/Y97,0)*VLOOKUP(B97,'2-Kosten per locatie'!$A$13:$C$63,3,FALSE) -> 0 | T97: =IF(N97>0,N97*H97/Z97,0)*VLOOKUP(B97,'2-Kosten per locatie'!$A$13:$C$63,3,FALSE) -> 0 | U97: =IF(O97>0,O97*H97/Y97,0)*VLOOKUP(B97,'2-Kosten per locatie'!$A$13:$C$63,3,FALSE) -> 0 | V97: =IF(P97>0,P97*H97/Z97,0)*VLOOKUP(B97,'2-Kosten per locatie'!$A$13:$C$63,3,FALSE) -> 0 | W97: =IF(K97="nio",0,IF(K97>0,VLOOKUP(F97,'3-Productie normen'!A:L,VLOOKUP(K97,'3-Productie normen'!$B$38:$C$44,2,FALSE),FALSE))) -> 0 | X97: =IF(L97>0,W97*$X$8,0) -> 0 | Y97: =IF((OR(M97>0,O97>0)),W97*$Y$8,0) -> 0 | Z97: =IF((OR(N97>0,P97>0)),W97*$Z$8,0) -> 0 | AA97: =VLOOKUP(F97,'3-Productie normen'!A:O,15,FALSE) -> S | AC97: =J97*H97 -> 131.04
A98: 98 | B98: Bleiswijk - J. v/d Heydenstraat 6 | C98: BG | E98: Toilet heren | F98: Sanitaire ruimte | G98: steen | H98: 17.85 | J98: =SUM(K98:P98) -> 52 | K98: 52 | Q98: =IF(K98="nio",0,IF(K98>0,K98*H98/W98,0))*VLOOKUP(B98,'2-Kosten per locatie'!$A$13:$C$63,3,FALSE) -> #DIV/0! | R98: =IF(L98>0,L98*H98/X98,0)*VLOOKUP(B98,'2-Kosten per locatie'!$A$13:$C$63,3,FALSE) -> 0 | S98: =IF(M98>0,M98*H98/Y98,0)*VLOOKUP(B98,'2-Kosten per locatie'!$A$13:$C$63,3,FALSE) -> 0 | T98: =IF(N98>0,N98*H98/Z98,0)*VLOOKUP(B98,'2-Kosten per locatie'!$A$13:$C$63,3,FALSE) -> 0 | U98: =IF(O98>0,O98*H98/Y98,0)*VLOOKUP(B98,'2-Kosten per locatie'!$A$13:$C$63,3,FALSE) -> 0 | V98: =IF(P98>0,P98*H98/Z98,0)*VLOOKUP(B98,'2-Kosten per locatie'!$A$13:$C$63,3,FALSE) -> 0 | W98: =IF(K98="nio",0,IF(K98>0,VLOOKUP(F98,'3-Productie normen'!A:L,VLOOKUP(K98,'3-Productie normen'!$B$38:$C$44,2,FALSE),FALSE))) -> 0 | X98: =IF(L98>0,W98*$X$8,0) -> 0 | Y98: =IF((OR(M98>0,O98>0)),W98*$Y$8,0) -> 0 | Z98: =IF((OR(N98>0,P98>0)),W98*$Z$8,0) -> 0 | AA98: =VLOOKUP(F98,'3-Productie normen'!A:O,15,FALSE) -> S | AC98: =J98*H98 -> 928.2
A99: 99 | B99: Bleiswijk - J. v/d Heydenstraat 6 | C99: BG | E99: Kantoor | F99: Kantoor | G99: tapijt | H99: 14.91 | J99: =SUM(K99:P99) -> 52 | K99: 52 | Q99: =IF(K99="nio",0,IF(K99>0,K99*H99/W99,0))*VLOOKUP(B99,'2-Kosten per locatie'!$A$13:$C$63,3,FALSE) -> #DIV/0! | R99: =IF(L99>0,L99*H99/X99,0)*VLOOKUP(B99,'2-Kosten per locatie'!$A$13:$C$63,3,FALSE) -> 0 | S99: =IF(M99>0,M99*H99/Y99,0)*VLOOKUP(B99,'2-Kosten per locatie'!$A$13:$C$63,3,FALSE) -> 0 | T99: =IF(N99>0,N99*H99/Z99,0)*VLOOKUP(B99,'2-Kosten per locatie'!$A$13:$C$63,3,FALSE) -> 0 | U99: =IF(O99>0,O99*H99/Y99,0)*VLOOKUP(B99,'2-Kosten per locatie'!$A$13:$C$63,3,FALSE) -> 0 | V99: =IF(P99>0,P99*H99/Z99,0)*VLOOKUP(B99,'2-Kosten per locatie'!$A$13:$C$63,3,FALSE) -> 0 | W99: =IF(K99="nio",0,IF(K99>0,VLOOKUP(F99,'3-Productie normen'!A:L,VLOOKUP(K99,'3-Productie normen'!$B$38:$C$44,2,FALSE),FALSE))) -> 0 | X99: =IF(L99>0,W99*$X$8,0) -> 0 | Y99: =IF((OR(M99>0,O99>0)),W99*$Y$8,0) -> 0 | Z99: =IF((OR(N99>0,P99>0)),W99*$Z$8,0) -> 0 | AA99: =VLOOKUP(F99,'3-Productie normen'!A:O,15,FALSE) -> B | AC99: =J99*H99 -> 775.32
A100: 100 | B100: Berkel - Berkelse Poort 25 | C100: BG | E100: Entrée | F100: Entree | G100: tapijt | H100: 48.405 | J100: =SUM(K100:P100) -> 130 | K100: 130 | Q100: =IF(K100="nio",0,IF(K100>0,K100*H100/W100,0))*VLOOKUP(B100,'2-Kosten per locatie'!$A$13:$C$63,3,FALSE) -> #DIV/0! | R100: =IF(L100>0,L100*H100/X100,0)*VLOOKUP(B100,'2-Kosten per locatie'!$A$13:$C$63,3,FALSE) -> 0 | S100: =IF(M100>0,M100*H100/Y100,0)*VLOOKUP(B100,'2-Kosten per locatie'!$A$13:$C$63,3,FALSE) -> 0 | T100: =IF(N100>0,N100*H100/Z100,0)*VLOOKUP(B100,'2-Kosten per locatie'!$A$13:$C$63,3,FALSE) -> 0 | U100: =IF(O100>0,O100*H100/Y100,0)*VLOOKUP(B100,'2-Kosten per locatie'!$A$13:$C$63,3,FALSE) -> 0 | V100: =IF(P100>0,P100*H100/Z100,0)*VLOOKUP(B100,'2-Kosten per locatie'!$A$13:$C$63,3,FALSE) -> 0 | W100: =IF(K100="nio",0,IF(K100>0,VLOOKUP(F100,'3-Productie normen'!A:L,VLOOKUP(K100,'3-Productie normen'!$B$38:$C$44,2,FALSE),FALSE))) -> 0 | X100: =IF(L100>0,W100*$X$8,0) -> 0 | Y100: =IF((OR(M100>0,O100>0)),W100*$Y$8,0) -> 0 | Z100: =IF((OR(N100>0,P100>0)),W100*$Z$8,0) -> 0 | AA100: =VLOOKUP(F100,'3-Productie normen'!A:O,15,FALSE) -> V | AC100: =J100*H100 -> 6292.65
...

Sheet 5-Premies en opslagen
A1: Invoervelden
A3: ='2-Kosten per locatie'!A3 -> Naam opdrachtgever | B3: ='2-Kosten per locatie'!B3 -> Veiligheidsregio Rotterdam-Rijnmond
A4: ='2-Kosten per locatie'!A4 -> Calculatie onderdeel | B4: =MID(CELL("bestandsnaam",$C$9),SEARCH("]",CELL("bestandsnaam",$C$9),1)+1,256) -> 5-Premies en opslagen
A5: ='2-Kosten per locatie'!A5 -> Gebouw/plaats | B5: ='2-Kosten per locatie'!B5 -> Perceel 1 schoonmaak en glasbewassing
A6: ='2-Kosten per locatie'!A6 -> Referentie nummer | B6: ='2-Kosten per locatie'!B6 -> 522549
A7: ='2-Kosten per locatie'!A7 -> Naam dienstverlener | B7: ='2-Kosten per locatie'!B7 -> 0
A8: ='2-Kosten per locatie'!A8 -> Prijspeil | B8: ='2-Kosten per locatie'!B8 -> 46023
A10: Sociale verzekeringen
C12: Bedrijfsgemiddelde
A13: WIA Basispremie
A14: WGA
A15: ZW-flex
A16: Totaal | C16: =SUM(C13:C15) -> 0
A18: WW premie- Algemeen Werkeloosheidsfonds (Awf)
A19: Transitievergoeding
A20: Zorgverzekeringswet (Zvw)
A21: OP/NP | C21: =C34 -> #DIV/0!
A22: Kinderopvang
A23: RAS premie
A24: Totaal opslag sociale lasten | C24: =SUM(C16:C23) -> #DIV/0!
A26: Sociale verzekeringen - Ouderdomspensioen (OP/NP)
C28: werkgeversdeel
A29: SV uurloon inclusief toeslagen | C29: ='6-Opbouw uurtarief productie'!E20 -> 0
A30: Franchise OP-premie per uur | B30: Let op -/- bedrag
A31: Grondslag loon voor berekening OP premie | C31: =C29+C30 -> 0
A32: Premie Ouderdomspensioen (OP)
A34: Effectieve OP premie | C34: =(C31/C29)*C32 -> #DIV/0!
A36: Berekening werkbare dagen
B38: Schoonmaak
A39: Aantal kalenderdagen | B39: 365
A40: Weekenddagen | B40: 104
A41: Werkdagen per jaar | B41: =B39-B40 -> 261
A43: Nat. feestdagen, kort verzuim, bijz. CAO
A44: Vakantiedagen
A45: Ziektedagen
A46: Vorstverlet
A47: Werkbare dagen per jaar | B47: =B41-SUM(B43:B46) -> 261
A49: Nat. feestdagen, kort verzuim, bijz CAO | B49: =IF(B43=0,0,B43/$B$47) -> 0
A50: Vakantiedagen | B50: =IF(B44=0,0,B44/$B$47) -> 0
A51: Ziektedagen | B51: =IF(B45=0,0,B45/$B$47) -> 0
A52: Vorstverlet | B52: =IF(B46=0,0,B46/$B$47) -> 0
A53: Totaal % opslag werkbare dagen | B53: =SUM(B49:B52) -> 0
A55: Het aantal werkbare dagen per jaar is een gemiddelde over 5 jaar. Er vindt geen periodieke verrekening plaats in verband met schrikkeljaren.

Sheet 6-Opbouw uurtarief productie
A1: Invoervelden
A3: ='2-Kosten per locatie'!A3 -> Naam opdrachtgever | B3: ='2-Kosten per locatie'!B3 -> Veiligheidsregio Rotterdam-Rijnmond
A4: ='2-Kosten per locatie'!A4 -> Calculatie onderdeel | B4: =MID(CELL("bestandsnaam",$C$9),SEARCH("]",CELL("bestandsnaam",$C$9),1)+1,256) -> 6-Opbouw uurtarief productie
A5: ='2-Kosten per locatie'!A5 -> Gebouw/plaats | B5: ='2-Kosten per locatie'!B5 -> Perceel 1 schoonmaak en glasbewassing
A6: ='2-Kosten per locatie'!A6 -> Referentie nummer | B6: ='2-Kosten per locatie'!B6 -> 522549
A7: ='2-Kosten per locatie'!A7 -> Naam dienstverlener | B7: ='2-Kosten per locatie'!B7 -> 0
A8: ='2-Kosten per locatie'!A8 -> Prijspeil | B8: ='2-Kosten per locatie'!B8 -> 46023
A10: Tariefopbouw schoonmaak | E10: Gemiddeld tarief ma t/m vr | H10: Medewerker | I10: Uurlonen 1 januari 2026
I11: 1 | J11: 2 | K11: 3 | L11: 4 | M11: 5 | N11: 6
A12: Basisuurloon | B12: CAO gebonden kosten | E12: =SUM(I40:N40) -> 0 | H12: 17 jaar en jonger
A13: Specialistentoeslag | B13: CAO gebonden kosten | H13: 18 jaar
A14: Bruto uurloon | E14: =SUM(E12:E13) -> 0 | H14: 19 jaar
H15: Vakvolwassen 1 dienstjaar
A16: Vakantietoeslag | B16: CAO gebonden kosten | E16: =$C16*E14 -> 0 | H16: Vakvolwassen 2 dienstjaren
A17: Structurele eindejaarsuitkering | B17: CAO gebonden kosten | E17: =$C17*E14 -> 0 | H17: Vakvolwassen 3 dienstjaren
A18: Bruto uurloon inclusief toeslagen | E18: =SUM(E14:E17) -> 0 | F18: =IF(E18=0,0,E18/E$46) -> 0 | H18: Vakvolwassen 4 dienstjaren
A20: SV-loon grondslag voor berekening sociale verzekeringen | E20: =E18*0.96 -> 0 | H20: Medewerker | I20: Percentage per loongroep voor gemiddeld tarief
A21: Premies Sociale Verzekeringen | C21: [zie premies en opslagen] | E21: =E20*'5-Premies en opslagen'!$C24 -> #DIV/0! | I21: 1 | J21: 2 | K21: 3 | L21: 4 | M21: 5 | N21: 6
A22: Subtotaal loonkosten per uur inclusief sociale verzekeringen | E22: =E21+E18 -> #DIV/0! | F22: =IF(E22=0,0,E22/E$46) -> #DIV/0! | H22: 17 jaar en jonger
H23: 18 jaar
A24: Opslag niet werkbare dagen | C24: [zie premies en opslagen] | E24: =E22*'5-Premies en opslagen'!$B53 -> #DIV/0! | H24: 19 jaar
A25: Totaal loonkosten per uur | E25: =SUM(E22:E24) -> #DIV/0! | F25: =IF(E25=0,0,E25/E$46) -> #DIV/0! | H25: Vakvolwassen 1 dienstjaar
H26: Vakvolwassen 2 dienstjaren
A27: Materiaal/- en middelen | C27: Projectgebonden! | F27: 0 | H27: Vakvolwassen 3 dienstjaren
A28: Werkkleding en uitrusting | C28: Projectgebonden! | F28: 0 | H28: Vakvolwassen 4 dienstjaren
A29: Machinekosten | H29: Totaal per loongroepen | I29: =SUM(I22:I28) -> 0 | J29: =SUM(J22:J28) -> 0 | K29: =SUM(K22:K28) -> 0 | L29: =SUM(L22:L28) -> 0 | M29: =SUM(M22:M28) -> 0 | N29: =SUM(N22:N28) -> 0 | O29: =SUM(I29:N29) -> 0
A31: Totaal directe kosten | E31: =SUM(E25:E30) -> #DIV/0! | F31: =IF(E31=0,0,E31/E$46) -> #DIV/0! | H31: Medewerker | I31: Opbouw gemiddeld tarief
I32: 1 | J32: 2 | K32: 3 | L32: 4 | M32: 5 | N32: 6
A33: Indirect toezicht | F33: =E33/$E$46 -> #DIV/0! | H33: 17 jaar en jonger | I33: =I22*I12 -> 0 | J33: =J22*J12 -> 0 | K33: =K22*K12 -> 0 | L33: =L22*L12 -> 0 | M33: =M22*M12 -> 0 | N33: =N22*N12 -> 0
A34: Managementkosten | F34: =E34/$E$46 -> #DIV/0! | H34: 18 jaar | I34: =I23*I13 -> 0 | J34: =J23*J13 -> 0 | K34: =K23*K13 -> 0 | L34: =L23*L13 -> 0 | M34: =M23*M13 -> 0 | N34: =N23*N13 -> 0
A35: P.Z. kosten | F35: =E35/$E$46 -> #DIV/0! | H35: 19 jaar | I35: =I24*I14 -> 0 | J35: =J24*J14 -> 0 | K35: =K24*K14 -> 0 | L35: =L24*L14 -> 0 | M35: =M24*M14 -> 0 | N35: =N24*N14 -> 0
A36: Opleiding | F36: =E36/$E$46 -> #DIV/0! | H36: Vakvolwassen 1 dienstjaar | I36: =I25*I15 -> 0 | J36: =J25*J15 -> 0 | K36: =K25*K15 -> 0 | L36: =L25*L15 -> 0 | M36: =M25*M15 -> 0 | N36: =N25*N15 -> 0
A37: Administratiekosten | F37: =E37/$E$46 -> #DIV/0! | H37: Vakvolwassen 2 dienstjaren | I37: =I26*I16 -> 0 | J37: =J26*J16 -> 0 | K37: =K26*K16 -> 0 | L37: =L26*L16 -> 0 | M37: =M26*M16 -> 0 | N37: =N26*N16 -> 0
A38: Huisvestingskosten | F38: =E38/$E$46 -> #DIV/0! | H38: Vakvolwassen 3 dienstjaren | I38: =I27*I17 -> 0 | J38: =J27*J17 -> 0 | K38: =K27*K17 -> 0 | L38: =L27*L17 -> 0 | M38: =M27*M17 -> 0 | N38: =N27*N17 -> 0
A39: Reiskosten/autokosten | C39: Projectgebonden! | F39: =E39/$E$46 -> #DIV/0! | H39: Vakvolwassen 4 dienstjaren | I39: =I28*I18 -> 0 | J39: =J28*J18 -> 0 | K39: =K28*K18 -> 0 | L39: =L28*L18 -> 0 | M39: =M28*M18 -> 0 | N39: =N28*N18 -> 0
A40: Kosten verzuimbegeleiding | F40: =E40/$E$46 -> #DIV/0! | H40: Totaal per loongroepen | I40: =SUM(I33:I39) -> 0 | J40: =SUM(J33:J39) -> 0 | K40: =SUM(K33:K39) -> 0 | L40: =SUM(L33:L39) -> 0 | M40: =SUM(M33:M39) -> 0 | N40: =SUM(N33:N39) -> 0
F41: =E41/$E$46 -> #DIV/0!
A42: Totaal indirecte kosten | E42: =SUM(E31:E41) -> #DIV/0! | F42: =IF(E42=0,0,E42/E$46) -> #DIV/0!
H43: Tarief componenten samenvatting | K43: Gemiddeld tarief ma t/m vr
A44: Risico en winst | F44: =(IF(E44=0,0,E44/E$46)) -> 0
H45: Bruto uurloon | K45: =E14 -> 0
A46: Totaal eindtarief normale werktijden [06.00-21.30 uur] | E46: =SUM(E42:E45) -> #DIV/0! | F46: =SUM(F42:F45) -> #DIV/0! | H46: Vakantietoeslag | K46: =E16 -> 0
H47: Structurele eindejaarsuitkering | K47: =E17 -> 0
A48: Totaal eindtarief [incl. 30% toeslag] | E48: =(E$25*1.3)+($E$46-$E$25) -> #DIV/0! | H48: Premies Sociale Verzekeringen | K48: =E21 -> #DIV/0!
H49: Opslag niet werkbare dagen | K49: =E24 -> #DIV/0!
A50: Totaal eindtarief weekenden [incl. 50% toeslag] | E50: =(E$25*1.5)+($E$46-$E$25) -> #DIV/0! | H50: Materiaal/- en middelen | K50: =E27 -> 0
H51: Werkkleding en uitrusting | K51: =E28 -> 0
A52: Totaal eindtarief feestdagen [incl. 150% toeslag] | E52: =(E$25*2.5)+($E$46-$E$25) -> #DIV/0! | H52: Machinekosten | K52: =E29 -> 0
H53: Indirect toezicht | K53: =E33 -> 0
H54: Managementkosten | K54: =E34 -> 0
H55: P.Z. kosten | K55: =E35 -> 0
H56: Opleiding | K56: =E36 -> 0
H57: Administratiekosten | K57: =E37 -> 0
H58: Huisvestingskosten | K58: =E38 -> 0
H59: Reiskosten/autokosten | K59: =E39 -> 0
H60: Kosten verzuimbegeleiding | K60: =E40 -> 0
H61: Risico en winst | K61: =E44 -> 0
H63: Totaal eindtarief normale werktijden [06.00-21.30 uur] | K63: =SUM(K45:K62) -> #DIV/0!
H65: Totaal eindtarief [incl. 30% toeslag] | K65: =E48 -> #DIV/0!
H67: Totaal eindtarief weekenden [incl. 50% toeslag] | K67: =E50 -> #DIV/0!
H69: Totaal eindtarief feestdagen [incl. 150% toeslag] | K69: =E52 -> #DIV/0!

Sheet 7-Opbouw uurtarief toezicht
A1: Invoervelden
A3: ='2-Kosten per locatie'!A3 -> Naam opdrachtgever | B3: ='2-Kosten per locatie'!B3 -> Veiligheidsregio Rotterdam-Rijnmond
A4: ='2-Kosten per locatie'!A4 -> Calculatie onderdeel | B4: =MID(CELL("bestandsnaam",$C$9),SEARCH("]",CELL("bestandsnaam",$C$9),1)+1,256) -> 7-Opbouw uurtarief toezicht
A5: ='2-Kosten per locatie'!A5 -> Gebouw/plaats | B5: ='2-Kosten per locatie'!B5 -> Perceel 1 schoonmaak en glasbewassing
A6: ='2-Kosten per locatie'!A6 -> Referentie nummer | B6: ='2-Kosten per locatie'!B6 -> 522549
A7: ='2-Kosten per locatie'!A7 -> Naam dienstverlener | B7: ='2-Kosten per locatie'!B7 -> 0
A8: ='2-Kosten per locatie'!A8 -> Prijspeil | B8: ='2-Kosten per locatie'!B8 -> 46023
A10: Tariefopbouw toezicht | E10: Gemiddeld tarief ma t/m vr | H10: Medewerker | I10: Uurlonen 1 januari 2026
I11: 1 | J11: 2 | K11: 3 | L11: 4 | M11: 5 | N11: 6
A12: Basisuurloon | B12: CAO gebonden kosten | E12: =SUM(I31:N31) -> 0 | H12: Vakvolwassen 1 dienstjaar
A13: Specialistentoeslag | B13: CAO gebonden kosten | H13: Vakvolwassen 2 dienstjaren
A14: Bruto uurloon | E14: =SUM(E12:E13) -> 0 | H14: Vakvolwassen 3 dienstjaren
H15: Vakvolwassen 4 dienstjaren
A16: Vakantietoeslag | B16: CAO gebonden kosten | E16: =$C16*E14 -> 0
A17: Structurele eindejaarsuitkering | B17: CAO gebonden kosten | E17: =$C17*E14 -> 0 | H17: Medewerker | I17: Percentage per loongroep voor gemiddeld tarief
A18: Bruto uurloon inclusief toeslagen | E18: =SUM(E14:E17) -> 0 | F18: =IF(E18=0,0,E18/E$46) -> 0 | I18: 1 | J18: 2 | K18: 3 | L18: 4 | M18: 5 | N18: 6
H19: Vakvolwassen 1 dienstjaar
A20: SV-loon grondslag voor berekening sociale verzekeringen | E20: =E18*0.96 -> 0 | H20: Vakvolwassen 2 dienstjaren
A21: Premies Sociale Verzekeringen | C21: [zie premies en opslagen] | E21: =E20*'5-Premies en opslagen'!$C24 -> #DIV/0! | H21: Vakvolwassen 3 dienstjaren
A22: Subtotaal loonkosten per uur inclusief sociale verzekeringen | E22: =E21+E18 -> #DIV/0! | F22: =IF(E22=0,0,E22/E$46) -> #DIV/0! | H22: Vakvolwassen 4 dienstjaren
H23: Totaal per loongroepen | I23: =SUM(I19:I22) -> 0 | J23: =SUM(J19:J22) -> 0 | K23: =SUM(K19:K22) -> 0 | L23: =SUM(L19:L22) -> 0 | M23: =SUM(M19:M22) -> 0 | N23: =SUM(N19:N22) -> 0 | O23: =SUM(I23:N23) -> 0
A24: Opslag niet werkbare dagen | C24: [zie premies en opslagen] | E24: =E22*'5-Premies en opslagen'!$B53 -> #DIV/0!
A25: Totaal loonkosten per uur | E25: =SUM(E22:E24) -> #DIV/0! | F25: =IF(E25=0,0,E25/E$46) -> #DIV/0! | H25: Medewerker | I25: Opbouw gemiddeld tarief
I26: 1 | J26: 2 | K26: 3 | L26: 4 | M26: 5 | N26: 6
A27: Materiaal/- en middelen | C27: Projectgebonden! | F27: 0 | H27: Vakvolwassen 1 dienstjaar | I27: =I19*I12 -> 0 | J27: =J19*J12 -> 0 | K27: =K19*K12 -> 0 | L27: =L19*L12 -> 0 | M27: =M19*M12 -> 0 | N27: =N19*N12 -> 0
A28: Werkkleding en uitrusting | C28: Projectgebonden! | F28: 0 | H28: Vakvolwassen 2 dienstjaren | I28: =I20*I13 -> 0 | J28: =J20*J13 -> 0 | K28: =K20*K13 -> 0 | L28: =L20*L13 -> 0 | M28: =M20*M13 -> 0 | N28: =N20*N13 -> 0
H29: Vakvolwassen 3 dienstjaren | I29: =I21*I14 -> 0 | J29: =J21*J14 -> 0 | K29: =K21*K14 -> 0 | L29: =L21*L14 -> 0 | M29: =M21*M14 -> 0 | N29: =N21*N14 -> 0
H30: Vakvolwassen 4 dienstjaren | I30: =I22*I15 -> 0 | J30: =J22*J15 -> 0 | K30: =K22*K15 -> 0 | L30: =L22*L15 -> 0 | M30: =M22*M15 -> 0 | N30: =N22*N15 -> 0
A31: Totaal directe kosten | E31: =SUM(E25:E30) -> #DIV/0! | F31: =IF(E31=0,0,E31/E$46) -> #DIV/0! | H31: Totaal per loongroepen | I31: =SUM(I27:I30) -> 0 | J31: =SUM(J27:J30) -> 0 | K31: =SUM(K27:K30) -> 0 | L31: =SUM(L27:L30) -> 0 | M31: =SUM(M27:M30) -> 0 | N31: =SUM(N27:N30) -> 0
A33: Indirect toezicht | F33: =E33/$E$46 -> #DIV/0!
A34: Managementkosten | F34: =E34/$E$46 -> #DIV/0!
A35: P.Z. kosten | F35: =E35/$E$46 -> #DIV/0!
A36: Opleiding | F36: =E36/$E$46 -> #DIV/0!
A37: Administratiekosten | F37: =E37/$E$46 -> #DIV/0!
A38: Huisvestingskosten | F38: =E38/$E$46 -> #DIV/0!
A39: Reiskosten/autokosten | C39: Projectgebonden! | F39: =E39/$E$46 -> #DIV/0!
A40: Kosten verzuimbegeleiding | F40: =E40/$E$46 -> #DIV/0!
A42: Totaal indirecte kosten | E42: =SUM(E31:E41) -> #DIV/0! | F42: =IF(E42=0,0,E42/E$46) -> #DIV/0!
H43: Tarief componenten samenvatting | K43: Gemiddeld tarief ma t/m vr
A44: Risico en winst | F44: =(IF(E44=0,0,E44/E$46)) -> 0
H45: Bruto uurloon | K45: =E14 -> 0
A46: Totaal eindtarief normale werktijden [06.00-21.30 uur] | E46: =SUM(E42:E45) -> #DIV/0! | F46: =SUM(F42:F45) -> #DIV/0! | H46: Vakantietoeslag | K46: =E16 -> 0
H47: Structurele eindejaarsuitkering | K47: =E17 -> 0
A48: Totaal eindtarief [incl. 30% toeslag] | E48: =(E$25*1.3)+($E$46-$E$25) -> #DIV/0! | H48: Premies Sociale Verzekeringen | K48: =E21 -> #DIV/0!
H49: Opslag niet werkbare dagen | K49: =E24 -> #DIV/0!
A50: Totaal eindtarief weekenden [incl. 50% toeslag] | E50: =(E$25*1.5)+($E$46-$E$25) -> #DIV/0! | H50: Materiaal/- en middelen | K50: =E27 -> 0
H51: Werkkleding en uitrusting | K51: =E28 -> 0
A52: Totaal eindtarief feestdagen [incl. 150% toeslag] | E52: =(E$25*2.5)+($E$46-$E$25) -> #DIV/0! | H52: Machinekosten | K52: =E29 -> 0
H53: Indirect toezicht | K53: =E33 -> 0
H54: Managementkosten | K54: =E34 -> 0
H55: P.Z. kosten | K55: =E35 -> 0
H56: Opleiding | K56: =E36 -> 0
H57: Administratiekosten | K57: =E37 -> 0
H58: Huisvestingskosten | K58: =E38 -> 0
H59: Reiskosten/autokosten | K59: =E39 -> 0
H60: Kosten verzuimbegeleiding | K60: =E40 -> 0
H61: Risico en winst | K61: =E44 -> 0
H63: Totaal eindtarief normale werktijden [06.00-21.30 uur] | K63: =SUM(K45:K62) -> #DIV/0!
H65: Totaal eindtarief [incl. 30% toeslag] | K65: =E48 -> #DIV/0!
H67: Totaal eindtarief weekenden [incl. 50% toeslag] | K67: =E50 -> #DIV/0!
H69: Totaal eindtarief feestdagen [incl. 150% toeslag] | K69: =E52 -> #DIV/0!

Sheet 8-Additionele kosten
A1: Invoervelden
A3: ='2-Kosten per locatie'!A3 -> Naam opdrachtgever | B3: ='2-Kosten per locatie'!B3 -> Veiligheidsregio Rotterdam-Rijnmond
A4: ='2-Kosten per locatie'!A4 -> Calculatie onderdeel | B4: =MID(CELL("bestandsnaam",$C$9),SEARCH("]",CELL("bestandsnaam",$C$9),1)+1,256) -> 8-Additionele kosten
A5: ='2-Kosten per locatie'!A5 -> Gebouw/plaats | B5: ='2-Kosten per locatie'!B5 -> Perceel 1 schoonmaak en glasbewassing
A6: ='2-Kosten per locatie'!A6 -> Referentie nummer | B6: ='2-Kosten per locatie'!B6 -> 522549
A7: ='2-Kosten per locatie'!A7 -> Naam dienstverlener | B7: ='2-Kosten per locatie'!B7 -> 0
A8: ='2-Kosten per locatie'!A8 -> Prijspeil | B8: ='2-Kosten per locatie'!B8 -> 46023
A10: Locatie | B10: Omschrijving werkzaamheden | C10: Aantal of m2 | D10: frequentie per jaar | E10: uren per m2/ beurt | F10: uren per jaar | G10: uurtarief | H10: kosten per jaar
A11: Rotterdam - Metaalhof 44 | B11: Dieptereininging keukenvloer | C11: 22.32 | D11: 2 | F11: =E11*D11*C11 -> 0 | H11: =G11*F11 -> 0
A12: Rotterdam - Bosland 30 | B12: Dieptereininging keukenvloer | C12: 24.4 | D12: 2 | F12: =E12*D12*C12 -> 0 | H12: =G12*F12 -> 0
A13: Algemeen | B13: Schoonmaak binnenzijde koelkasten en THT verwijderen | C13: 23 | D13: 12 | F13: =E13*D13*C13 -> 0 | H13: =G13*F13 -> 0
A14: Algemeen | B14: Schoonmaken binnenzijde magnetron | C14: 23 | D14: 12 | F14: =E14*D14*C14 -> 0 | H14: =G14*F14 -> 0
A15: Hoek van Holland - Rechtestraat 20 | B15: Schoonmaak strandpost zomerseizoen ma-vr | C15: 250 | D15: 110 | F15: Vervallen
A16: Hoek van Holland - Rechtestraat 20 | B16: Schoonmaak strandpost zomerseizoen weekeind | C16: 250 | D16: 44 | F16: Vervallen
A17: Rotterdam - Sicilieboulevard 227 | B17: Schoonmaak strandpost zomerseizoen ma-vr | C17: 90 | D17: 110 | F17: Vervallen
A18: Rotterdam - Sicilieboulevard 227 | B18: Schoonmaak strandpost zomerseizoen weekeind | C18: 90 | D18: 44 | F18: Vervallen
A20: Locatie | B20: Omschrijving levering | C20: Aantal | G20: Prijs per stuk | H20: kosten per jaar
A21: Algemeen | B21: Dispenserbox met 100 alcohol reinigingsdoekjes | C21: 200 | H21: =G21*C21 -> 0
A23: Totaal | F23: =SUM(F11:F21) -> 0 | H23: =SUM(H11:H21) -> 0
A25: Aan de opgegeven aantallen kunnen geen rechten worden ontleend.

Sheet 9-Afroepprijs
A1: Invoervelden
A3: ='2-Kosten per locatie'!A3 -> Naam opdrachtgever | B3: ='2-Kosten per locatie'!B3 -> Veiligheidsregio Rotterdam-Rijnmond
A4: ='2-Kosten per locatie'!A4 -> Calculatie onderdeel | B4: =MID(CELL("bestandsnaam",$C$9),SEARCH("]",CELL("bestandsnaam",$C$9),1)+1,256) -> 9-Afroepprijs
A5: ='2-Kosten per locatie'!A5 -> Gebouw/plaats | B5: ='2-Kosten per locatie'!B5 -> Perceel 1 schoonmaak en glasbewassing
A6: ='2-Kosten per locatie'!A6 -> Referentie nummer | B6: ='2-Kosten per locatie'!B6 -> 522549
A7: ='2-Kosten per locatie'!A7 -> Naam dienstverlener | B7: ='2-Kosten per locatie'!B7 -> 0
A8: ='2-Kosten per locatie'!A8 -> Prijspeil | B8: ='2-Kosten per locatie'!B8 -> 46023
A10: Vloerenonderhoud (inclusief uit-/inruimen van het meubilair)
C12: Prijs p/m² excl. btw
A13: Activiteit | B13: Toelichting | C13: 0-100m² | D13: 101-500m² | E13: 501-1000m² | F13: > 1000m²
A14: Lino-/marmoleum top-coaten | B14: 2 lagen
A15: Lino-/marmoleum re-coaten | B15: 2 lagen
A16: Lino-/marmoleum sprayen | B16: geheel
A17: Steen/PVC schrobben
A18: Tapijt sproeiextraheren
A20: Reinigen Meubilair
A22: Soort | B22: Toelichting | E22: Prijs p/st onder 25 stuks excl. btw | F22: Prijs p/st boven 25 stuks excl. btw
A23: Bureaustoel | B23: Stoomreiniging
A24: Bureaustoel | B24: Sproei extractie methode
A25: Vergaderstoel | B25: Stoomreiniging
A26: Vergaderstoel | B26: Sproei extractie methode
A28: Reinigen raambekleding
A30: Soort | B30: Toelichting | E30: Prijs p/m² onder 100m² excl. btw | F30: Prijs p/m² boven 100m² excl. btw
A31: Vitrage | B31: Afhalen, wassen en ophangen
A32: Overgordijnen | B32: Afhalen, wassen en ophangen
A33: Verticale lamellen stof | B33: Stofzuigen
A34: Verticale lamellen metaal/kunststof | B34: Klamvochting afnemen
A35: Horizontale lamellen | B35: Ultrasonoor reinigen
A37: Regietarieven
A39: Activiteit | B39: Toelichting | F39: Prijs p/uur excl. btw
A40: Schoonmaakonderhoud | B40: Maandag - Vrijdag
A41: Schoonmaakonderhoud | B41: Zaterdag - zondag (incl. 50% toeslag conform cao)
A42: Schoonmaakonderhoud | B42: Feestdagen (incl. 150% toeslag conform cao)
A43: Glazenwasserswerkzaamheden | B43: Maandag - Vrijdag
A45: Diverse werkzaamheden
A46: Locatie | B46: Activiteit | E46: Prijs p/beurt excl. btw
A47: Alle | B47: Schoonmaak binnenzijde koelkasten per stuk
A48: Alle (linoleum vloeren) | B48: Recoaten van de vloer | C48: (prijs opgeven per m2)
A49: Rotterdam - Wilhelminakade 947 (WPC) | B49: Schoonmaak binnenzijde koelkasten meldkamer (3 stuks)
A50: Rotterdam - Wilhelminakade 947 (WPC) | B50: Schoonmaken houten wanden
A51: Rotterdam - Wilhelminakade 947 (WPC) | B51: Legen centraalstofzuigersysteem
A52: Spijkenisse - Van Hogendorpstr 50 | B52: Stofzuigen, spinrag verwijderen, kasten stofvrij maken
A54: Opmerking:
A55: Alle prijzen inclusief materialen en middelen, voorrijkosten en overige bijkomende kosten.
A56: Mits anders aangegeven is de uitvoering op reguliere werktijden: maandag t/m vrijdag [06.00 en 21.30 uur]

Sheet 10-Glasbewassing
A1: Invoervelden
E2: Glassoort | G2: M² prijs
A3: ='2-Kosten per locatie'!A3 -> Naam opdrachtgever | B3: ='2-Kosten per locatie'!B3 -> Veiligheidsregio Rotterdam-Rijnmond | E3: Buitenzijde | G3: 0
A4: ='2-Kosten per locatie'!A4 -> Calculatie onderdeel | B4: =MID(CELL("bestandsnaam",$C$9),SEARCH("]",CELL("bestandsnaam",$C$9),1)+1,256) -> 10-Glasbewassing | E4: Binnenzijde | G4: 0
A5: ='2-Kosten per locatie'!A5 -> Gebouw/plaats | B5: ='2-Kosten per locatie'!B5 -> Perceel 1 schoonmaak en glasbewassing | E5: Separatieglas dubbelzijdig | G5: 0
A6: ='2-Kosten per locatie'!A6 -> Referentie nummer | B6: ='2-Kosten per locatie'!B6 -> 522549 | E6: Gevelbeplating buitenzijde | G6: 0
A7: ='2-Kosten per locatie'!A7 -> Naam dienstverlener | B7: ='2-Kosten per locatie'!B7 -> 0 | E7: Overhead deuren dubbelzijdig | G7: 0
A8: ='2-Kosten per locatie'!A8 -> Prijspeil | B8: ='2-Kosten per locatie'!B8 -> 46023
A10: Locatie | B10: Glassoort | C10: Aanvullende omschrijving | D10: Aantal m2 | E10: Kosten per m2 | F10: Kosten per beurt | G10: Frequentie per jaar | H10: Totaalkosten per jaar
A11: Ridderkerk - Mr. Troelstrastraat 2 | B11: Buitenzijde | D11: 417.95 | E11: =VLOOKUP(B11,$E$3:$G$9,3,FALSE) -> 0 | F11: =E11*D11 -> 0 | G11: 2 | H11: =G11*F11 -> 0
A12: Ridderkerk - Mr. Troelstrastraat 2 | B12: Binnenzijde | D12: 417.95 | E12: =VLOOKUP(B12,$E$3:$G$9,3,FALSE) -> 0 | F12: =E12*D12 -> 0 | G12: 2 | H12: =G12*F12 -> 0
A13: Ridderkerk - Mr. Troelstrastraat 2 | B13: Separatieglas dubbelzijdig | D13: 459.96 | E13: =VLOOKUP(B13,$E$3:$G$9,3,FALSE) -> 0 | F13: =E13*D13 -> 0 | G13: 2 | H13: =G13*F13 -> 0
A14: Ridderkerk - Mr. Troelstrastraat 2 | B14: Overhead deuren dubbelzijdig | C14: 9 | D14: 360 | E14: =VLOOKUP(B14,$E$3:$G$9,3,FALSE) -> 0 | F14: =E14*D14 -> 0 | G14: 2 | H14: =G14*F14 -> 0
A15: Rotterdam - Groenetuin 321 | B15: Buitenzijde | D15: 135.8 | E15: =VLOOKUP(B15,$E$3:$G$9,3,FALSE) -> 0 | F15: =E15*D15 -> 0 | G15: 2 | H15: =G15*F15 -> 0
A16: Rotterdam - Groenetuin 321 | B16: Binnenzijde | D16: 135.8 | E16: =VLOOKUP(B16,$E$3:$G$9,3,FALSE) -> 0 | F16: =E16*D16 -> 0 | G16: 2 | H16: =G16*F16 -> 0
A17: Rotterdam - Groenetuin 321 | B17: Separatieglas dubbelzijdig | D17: 49.33 | E17: =VLOOKUP(B17,$E$3:$G$9,3,FALSE) -> 0 | F17: =E17*D17 -> 0 | G17: 2 | H17: =G17*F17 -> 0
A18: Rotterdam - Groenetuin 321 | B18: Overhead deuren dubbelzijdig | C18: 3 | D18: 120 | E18: =VLOOKUP(B18,$E$3:$G$9,3,FALSE) -> 0 | F18: =E18*D18 -> 0 | G18: 2 | H18: =G18*F18 -> 0
A19: Rotterdam - Mijnsherenlaan 180 | B19: Buitenzijde | D19: 676.13 | E19: =VLOOKUP(B19,$E$3:$G$9,3,FALSE) -> 0 | F19: =E19*D19 -> 0 | G19: 2 | H19: =G19*F19 -> 0
A20: Rotterdam - Mijnsherenlaan 180 | B20: Binnenzijde | D20: 676.13 | E20: =VLOOKUP(B20,$E$3:$G$9,3,FALSE) -> 0 | F20: =E20*D20 -> 0 | G20: 2 | H20: =G20*F20 -> 0
A21: Rotterdam - Mijnsherenlaan 180 | B21: Separatieglas dubbelzijdig | D21: 846.01 | E21: =VLOOKUP(B21,$E$3:$G$9,3,FALSE) -> 0 | F21: =E21*D21 -> 0 | G21: 2 | H21: =G21*F21 -> 0
A22: Rotterdam - Mijnsherenlaan 180 | B22: Overhead deuren dubbelzijdig | C22: 5 | D22: 200 | E22: =VLOOKUP(B22,$E$3:$G$9,3,FALSE) -> 0 | F22: =E22*D22 -> 0 | G22: 2 | H22: =G22*F22 -> 0
A23: Rotterdam - Frobenstraat 8 | B23: Buitenzijde | D23: 229.43 | E23: =VLOOKUP(B23,$E$3:$G$9,3,FALSE) -> 0 | F23: =E23*D23 -> 0 | G23: 2 | H23: =G23*F23 -> 0
A24: Rotterdam - Frobenstraat 8 | B24: Binnenzijde | D24: 229.43 | E24: =VLOOKUP(B24,$E$3:$G$9,3,FALSE) -> 0 | F24: =E24*D24 -> 0 | G24: 2 | H24: =G24*F24 -> 0
A25: Rotterdam - Frobenstraat 8 | B25: Separatieglas dubbelzijdig | D25: 1140.3 | E25: =VLOOKUP(B25,$E$3:$G$9,3,FALSE) -> 0 | F25: =E25*D25 -> 0 | G25: 2 | H25: =G25*F25 -> 0
A26: Rotterdam - Frobenstraat 8 | B26: Bereikbaarheidsvoorzieningen | C26: Klimmateriaal | G26: 2 | H26: =G26*F26 -> 0
A27: Rotterdam - Frobenstraat 8 | B27: Overhead deuren dubbelzijdig | C27: 10 | D27: 400 | E27: =VLOOKUP(B27,$E$3:$G$9,3,FALSE) -> 0 | F27: =E27*D27 -> 0 | G27: 2 | H27: =G27*F27 -> 0
A28: Rotterdam - Brugwachter 12 | B28: Buitenzijde | D28: 0 | E28: =VLOOKUP(B28,$E$3:$G$9,3,FALSE) -> 0 | G28: 2 | H28: =G28*F28 -> 0 | I28: inmeten bij eerste beurt
A29: Rotterdam - Brugwachter 12 | B29: Binnenzijde | D29: 0 | E29: =VLOOKUP(B29,$E$3:$G$9,3,FALSE) -> 0 | G29: 2 | H29: =G29*F29 -> 0 | I29: inmeten bij eerste beurt
A30: Rotterdam - Brugwachter 12 | B30: Separatieglas dubbelzijdig | D30: 0 | E30: =VLOOKUP(B30,$E$3:$G$9,3,FALSE) -> 0 | G30: 2 | H30: =G30*F30 -> 0 | I30: inmeten bij eerste beurt
A31: Rotterdam - Brugwachter 12 | B31: Gevelbeplating buitenzijde | D31: 0 | E31: =VLOOKUP(B31,$E$3:$G$9,3,FALSE) -> 0 | G31: 2 | H31: =G31*F31 -> 0 | I31: inmeten bij eerste beurt
A32: Rotterdam - Brugwachter 12 | B32: Overhead deuren dubbelzijdig | C32: 15 | D32: 600 | E32: =VLOOKUP(B32,$E$3:$G$9,3,FALSE) -> 0 | F32: =E32*D32 -> 0 | G32: 2 | H32: =G32*F32 -> 0
A33: Berkel - Berkelse Poort 25 | B33: Buitenzijde | D33: 808.71 | E33: =VLOOKUP(B33,$E$3:$G$9,3,FALSE) -> 0 | F33: =E33*D33 -> 0 | G33: 2 | H33: =G33*F33 -> 0
A34: Berkel - Berkelse Poort 25 | B34: Binnenzijde | D34: 808.71 | E34: =VLOOKUP(B34,$E$3:$G$9,3,FALSE) -> 0 | F34: =E34*D34 -> 0 | G34: 2 | H34: =G34*F34 -> 0
A35: Berkel - Berkelse Poort 25 | B35: Separatieglas dubbelzijdig | D35: 375.9 | E35: =VLOOKUP(B35,$E$3:$G$9,3,FALSE) -> 0 | F35: =E35*D35 -> 0 | G35: 2 | H35: =G35*F35 -> 0
A36: Berkel - Berkelse Poort 25 | B36: Bereikbaarheidsvoorzieningen | C36: Klimmateriaal | G36: 2 | H36: =G36*F36 -> 0
A37: Berkel - Berkelse Poort 25 | B37: Overhead deuren dubbelzijdig | C37: 3 | D37: 120 | E37: =VLOOKUP(B37,$E$3:$G$9,3,FALSE) -> 0 | F37: =E37*D37 -> 0 | G37: 2 | H37: =G37*F37 -> 0
A38: Bleiswijk - J. v/d Heydenstraat 6 | B38: Buitenzijde | D38: 68.25 | E38: =VLOOKUP(B38,$E$3:$G$9,3,FALSE) -> 0 | F38: =E38*D38 -> 0 | G38: 2 | H38: =G38*F38 -> 0
A39: Bleiswijk - J. v/d Heydenstraat 6 | B39: Binnenzijde | D39: 68.25 | E39: =VLOOKUP(B39,$E$3:$G$9,3,FALSE) -> 0 | F39: =E39*D39 -> 0 | G39: 2 | H39: =G39*F39 -> 0
A40: Bleiswijk - J. v/d Heydenstraat 6 | B40: Separatieglas dubbelzijdig | D40: 14.49 | E40: =VLOOKUP(B40,$E$3:$G$9,3,FALSE) -> 0 | F40: =E40*D40 -> 0 | G40: 2 | H40: =G40*F40 -> 0
A41: Bleiswijk - J. v/d Heydenstraat 6 | B41: Overhead deuren dubbelzijdig | C41: 2 | D41: 80 | E41: =VLOOKUP(B41,$E$3:$G$9,3,FALSE) -> 0 | F41: =E41*D41 -> 0 | G41: 2 | H41: =G41*F41 -> 0
A42: Rotterdam - Ketelaarstraat 15 | B42: Buitenzijde | D42: 869.09 | E42: =VLOOKUP(B42,$E$3:$G$9,3,FALSE) -> 0 | F42: =E42*D42 -> 0 | G42: 2 | H42: =G42*F42 -> 0
A43: Rotterdam - Ketelaarstraat 15 | B43: Binnenzijde | D43: 869.09 | E43: =VLOOKUP(B43,$E$3:$G$9,3,FALSE) -> 0 | F43: =E43*D43 -> 0 | G43: 2 | H43: =G43*F43 -> 0
A44: Rotterdam - Ketelaarstraat 15 | B44: Separatieglas dubbelzijdig | D44: 110.67 | E44: =VLOOKUP(B44,$E$3:$G$9,3,FALSE) -> 0 | F44: =E44*D44 -> 0 | G44: 2 | H44: =G44*F44 -> 0
A45: Rotterdam - Ketelaarstraat 15 | B45: Bereikbaarheidsvoorzieningen | C45: Hoogwerker | G45: 2 | H45: =G45*F45 -> 0
A46: Rotterdam - Ketelaarstraat 15 | B46: Overhead deuren dubbelzijdig | C46: 5 | D46: 200 | E46: =VLOOKUP(B46,$E$3:$G$9,3,FALSE) -> 0 | F46: =E46*D46 -> 0 | G46: 2 | H46: =G46*F46 -> 0
A47: Krimpen a/d Ijssel - Nieuwe Tiendeweg 19+19a | B47: Buitenzijde | D47: 236.62 | E47: =VLOOKUP(B47,$E$3:$G$9,3,FALSE) -> 0 | F47: =E47*D47 -> 0 | G47: 2 | H47: =G47*F47 -> 0
A48: Krimpen a/d Ijssel - Nieuwe Tiendeweg 19+19a | B48: Binnenzijde | D48: 236.62 | E48: =VLOOKUP(B48,$E$3:$G$9,3,FALSE) -> 0 | F48: =E48*D48 -> 0 | G48: 2 | H48: =G48*F48 -> 0
A49: Krimpen a/d Ijssel - Nieuwe Tiendeweg 19+19a | B49: Separatieglas dubbelzijdig | D49: 112.64 | E49: =VLOOKUP(B49,$E$3:$G$9,3,FALSE) -> 0 | F49: =E49*D49 -> 0 | G49: 2 | H49: =G49*F49 -> 0
A50: Krimpen a/d Ijssel - Nieuwe Tiendeweg 19+19a | B50: Overhead deuren dubbelzijdig | C50: 7 | D50: 280 | E50: =VLOOKUP(B50,$E$3:$G$9,3,FALSE) -> 0 | F50: =E50*D50 -> 0 | G50: 2 | H50: =G50*F50 -> 0
A51: Maassluis - Elektraweg 3 | B51: Buitenzijde | D51: 160.43 | E51: =VLOOKUP(B51,$E$3:$G$9,3,FALSE) -> 0 | F51: =E51*D51 -> 0 | G51: 2 | H51: =G51*F51 -> 0
A52: Maassluis - Elektraweg 3 | B52: Binnenzijde | D52: 160.43 | E52: =VLOOKUP(B52,$E$3:$G$9,3,FALSE) -> 0 | F52: =E52*D52 -> 0 | G52: 2 | H52: =G52*F52 -> 0
A53: Maassluis - Elektraweg 3 | B53: Separatieglas dubbelzijdig | D53: 175.77 | E53: =VLOOKUP(B53,$E$3:$G$9,3,FALSE) -> 0 | F53: =E53*D53 -> 0 | G53: 2 | H53: =G53*F53 -> 0
A54: Maassluis - Elektraweg 3 | B54: Overhead deuren dubbelzijdig | C54: 7 | D54: 280 | E54: =VLOOKUP(B54,$E$3:$G$9,3,FALSE) -> 0 | F54: =E54*D54 -> 0 | G54: 2 | H54: =G54*F54 -> 0
A55: Vlaardingen - Hoogstad 501 | B55: Buitenzijde | D55: 533.94 | E55: =VLOOKUP(B55,$E$3:$G$9,3,FALSE) -> 0 | F55: =E55*D55 -> 0 | G55: 2 | H55: =G55*F55 -> 0
A56: Vlaardingen - Hoogstad 501 | B56: Binnenzijde | D56: 533.94 | E56: =VLOOKUP(B56,$E$3:$G$9,3,FALSE) -> 0 | F56: =E56*D56 -> 0 | G56: 2 | H56: =G56*F56 -> 0
A57: Vlaardingen - Hoogstad 501 | B57: Separatieglas dubbelzijdig | D57: 345.7 | E57: =VLOOKUP(B57,$E$3:$G$9,3,FALSE) -> 0 | F57: =E57*D57 -> 0 | G57: 2 | H57: =G57*F57 -> 0
A58: Vlaardingen - Hoogstad 501 | B58: Bereikbaarheidsvoorzieningen | C58: Klimmateriaal | G58: 2 | H58: =G58*F58 -> 0
A59: Vlaardingen - Hoogstad 501 | B59: Overhead deuren dubbelzijdig | C59: 9 | D59: 360 | E59: =VLOOKUP(B59,$E$3:$G$9,3,FALSE) -> 0 | F59: =E59*D59 -> 0 | G59: 2 | H59: =G59*F59 -> 0
A60: HoekvHolland - Planciushof 88 | B60: Buitenzijde | D60: 86.87 | E60: =VLOOKUP(B60,$E$3:$G$9,3,FALSE) -> 0 | F60: =E60*D60 -> 0 | G60: 2 | H60: =G60*F60 -> 0
A61: HoekvHolland - Planciushof 88 | B61: Binnenzijde | D61: 86.87 | E61: =VLOOKUP(B61,$E$3:$G$9,3,FALSE) -> 0 | F61: =E61*D61 -> 0 | G61: 2 | H61: =G61*F61 -> 0
A62: HoekvHolland - Planciushof 88 | B62: Separatieglas dubbelzijdig | D62: 85.68 | E62: =VLOOKUP(B62,$E$3:$G$9,3,FALSE) -> 0 | F62: =E62*D62 -> 0 | G62: 2 | H62: =G62*F62 -> 0
A63: HoekvHolland - Planciushof 88 | B63: Overhead deuren dubbelzijdig | C63: 2 | D63: 80 | E63: =VLOOKUP(B63,$E$3:$G$9,3,FALSE) -> 0 | F63: =E63*D63 -> 0 | G63: 2 | H63: =G63*F63 -> 0
A64: Spijkenisse - Schenkelweg 90 | B64: Buitenzijde | C64: uitvoering verhuurder | D64: 660.11 | E64: =VLOOKUP(B64,$E$3:$G$9,3,FALSE) -> 0 | F64: =E64*D64 -> 0 | G64: 0 | H64: =G64*F64 -> 0
A65: Spijkenisse - Schenkelweg 90 | B65: Binnenzijde | D65: 660.11 | E65: =VLOOKUP(B65,$E$3:$G$9,3,FALSE) -> 0 | F65: =E65*D65 -> 0 | G65: 2 | H65: =G65*F65 -> 0
A66: Spijkenisse - Schenkelweg 90 | B66: Separatieglas dubbelzijdig | D66: 164.51 | E66: =VLOOKUP(B66,$E$3:$G$9,3,FALSE) -> 0 | F66: =E66*D66 -> 0 | G66: 2 | H66: =G66*F66 -> 0
A67: Spijkenisse - Schenkelweg 90 | B67: Overhead deuren dubbelzijdig | C67: 14 | D67: 560 | E67: =VLOOKUP(B67,$E$3:$G$9,3,FALSE) -> 0 | F67: =E67*D67 -> 0 | G67: 2 | H67: =G67*F67 -> 0
A68: Hellevoetsluis - Tolweg 45a | B68: Buitenzijde | D68: 169.47 | E68: =VLOOKUP(B68,$E$3:$G$9,3,FALSE) -> 0 | F68: =E68*D68 -> 0 | G68: 2 | H68: =G68*F68 -> 0
A69: Hellevoetsluis - Tolweg 45a | B69: Binnenzijde | D69: 169.47 | E69: =VLOOKUP(B69,$E$3:$G$9,3,FALSE) -> 0 | F69: =E69*D69 -> 0 | G69: 2 | H69: =G69*F69 -> 0
A70: Hellevoetsluis - Tolweg 45a | B70: Separatieglas dubbelzijdig | D70: 126.21 | E70: =VLOOKUP(B70,$E$3:$G$9,3,FALSE) -> 0 | F70: =E70*D70 -> 0 | G70: 2 | H70: =G70*F70 -> 0
A71: Hellevoetsluis - Tolweg 45a | B71: Overhead deuren dubbelzijdig | C71: 6 | D71: 240 | E71: =VLOOKUP(B71,$E$3:$G$9,3,FALSE) -> 0 | F71: =E71*D71 -> 0 | G71: 2 | H71: =G71*F71 -> 0
A72: Schiedam -Zoomweg 20 | B72: Buitenzijde | D72: 87.57 | E72: =VLOOKUP(B72,$E$3:$G$9,3,FALSE) -> 0 | F72: =E72*D72 -> 0 | G72: 2 | H72: =G72*F72 -> 0
A73: Schiedam -Zoomweg 20 | B73: Binnenzijde | D73: 88 | E73: =VLOOKUP(B73,$E$3:$G$9,3,FALSE) -> 0 | F73: =E73*D73 -> 0 | G73: 2 | H73: =G73*F73 -> 0
A74: Schiedam -Zoomweg 20 | B74: Separatieglas dubbelzijdig | D74: 16.36 | E74: =VLOOKUP(B74,$E$3:$G$9,3,FALSE) -> 0 | F74: =E74*D74 -> 0 | G74: 2 | H74: =G74*F74 -> 0
A75: Schiedam -Zoomweg 20 | B75: Overhead deuren dubbelzijdig | C75: 3 | D75: 120 | E75: =VLOOKUP(B75,$E$3:$G$9,3,FALSE) -> 0 | F75: =E75*D75 -> 0 | G75: 2 | H75: =G75*F75 -> 0
A76: Brielle - Amer 7 | B76: Buitenzijde | D76: 52.76 | E76: =VLOOKUP(B76,$E$3:$G$9,3,FALSE) -> 0 | F76: =E76*D76 -> 0 | G76: 2 | H76: =G76*F76 -> 0
A77: Brielle - Amer 7 | B77: Binnenzijde | D77: 52.76 | E77: =VLOOKUP(B77,$E$3:$G$9,3,FALSE) -> 0 | F77: =E77*D77 -> 0 | G77: 2 | H77: =G77*F77 -> 0
A78: Brielle - Amer 7 | B78: Separatieglas dubbelzijdig | D78: 0 | E78: =VLOOKUP(B78,$E$3:$G$9,3,FALSE) -> 0 | F78: =E78*D78 -> 0 | G78: 2 | H78: =G78*F78 -> 0
A79: Brielle - Amer 7 | B79: Overhead deuren dubbelzijdig | C79: 2 | D79: 80 | E79: =VLOOKUP(B79,$E$3:$G$9,3,FALSE) -> 0 | F79: =E79*D79 -> 0 | G79: 2 | H79: =G79*F79 -> 0
A80: Rotterdam - Wilhelminakade 947 (WPC) | B80: Buitenzijde | D80: 0 | E80: =VLOOKUP(B80,$E$3:$G$9,3,FALSE) -> 0 | F80: =E80*D80 -> 0 | G80: 0 | H80: =G80*F80 -> 0
A81: Rotterdam - Wilhelminakade 947 (WPC) | B81: Binnenzijde | C81: 23e | D81: 211.71 | E81: =VLOOKUP(B81,$E$3:$G$9,3,FALSE) -> 0 | F81: =E81*D81 -> 0 | G81: 2 | H81: =G81*F81 -> 0
A82: Rotterdam - Wilhelminakade 947 (WPC) | B82: Binnenzijde | C82: 24e | D82: 203.625 | E82: =VLOOKUP(B82,$E$3:$G$9,3,FALSE) -> 0 | F82: =E82*D82 -> 0 | G82: 2 | H82: =G82*F82 -> 0
A83: Rotterdam - Wilhelminakade 947 (WPC) | B83: Binnenzijde | C83: 25e | D83: 203.6235 | E83: =VLOOKUP(B83,$E$3:$G$9,3,FALSE) -> 0 | F83: =E83*D83 -> 0 | G83: 2 | H83: =G83*F83 -> 0
A84: Rotterdam - Wilhelminakade 947 (WPC) | B84: Separatieglas dubbelzijdig | C84: 23e | D84: 248.96 | E84: =VLOOKUP(B84,$E$3:$G$9,3,FALSE) -> 0 | F84: =E84*D84 -> 0 | G84: 2 | H84: =G84*F84 -> 0
A85: Rotterdam - Wilhelminakade 947 (WPC) | B85: Separatieglas dubbelzijdig | C85: 24e | D85: 216.67 | E85: =VLOOKUP(B85,$E$3:$G$9,3,FALSE) -> 0 | F85: =E85*D85 -> 0 | G85: 2 | H85: =G85*F85 -> 0
A86: Rotterdam - Wilhelminakade 947 (WPC) | B86: Separatieglas dubbelzijdig | C86: 25e | D86: 247.5 | E86: =VLOOKUP(B86,$E$3:$G$9,3,FALSE) -> 0 | F86: =E86*D86 -> 0 | G86: 2 | H86: =G86*F86 -> 0
A87: Rotterdam - Breevaartstraat 1 - 9 | B87: Buitenzijde | C87: uitvoering verhuurder | D87: 513.24 | E87: =VLOOKUP(B87,$E$3:$G$9,3,FALSE) -> 0 | F87: =E87*D87 -> 0 | G87: 0 | H87: =G87*F87 -> 0
A88: Rotterdam - Breevaartstraat 1 - 9 | B88: Binnenzijde | D88: 513.24 | E88: =VLOOKUP(B88,$E$3:$G$9,3,FALSE) -> 0 | F88: =E88*D88 -> 0 | G88: 2 | H88: =G88*F88 -> 0
A89: Rotterdam - Breevaartstraat 1 - 9 | B89: Separatieglas dubbelzijdig | D89: 286.86 | E89: =VLOOKUP(B89,$E$3:$G$9,3,FALSE) -> 0 | F89: =E89*D89 -> 0 | G89: 2 | H89: =G89*F89 -> 0
A90: Rotterdam - Breevaartstraat 1 - 9 | B90: Overhead deuren dubbelzijdig | C90: 6 | D90: 240 | E90: =VLOOKUP(B90,$E$3:$G$9,3,FALSE) -> 0 | F90: =E90*D90 -> 0 | G90: 2 | H90: =G90*F90 -> 0
A91: Schiedam - 's Gravenlandseweg 551 | B91: Buitenzijde | D91: 238.5 | E91: =VLOOKUP(B91,$E$3:$G$9,3,FALSE) -> 0 | F91: =E91*D91 -> 0 | G91: 2 | H91: =G91*F91 -> 0
A92: Schiedam - 's Gravenlandseweg 551 | B92: Binnenzijde | D92: 238.5 | E92: =VLOOKUP(B92,$E$3:$G$9,3,FALSE) -> 0 | F92: =E92*D92 -> 0 | G92: 2 | H92: =G92*F92 -> 0
A93: Schiedam - 's Gravenlandseweg 551 | B93: Bereikbaarheidsvoorzieningen | C93: Klimmateriaal | G93: 2 | H93: =G93*F93 -> 0
A94: Schiedam - 's Gravenlandseweg 551 | B94: Overhead deuren dubbelzijdig | C94: 6 | D94: 240 | E94: =VLOOKUP(B94,$E$3:$G$9,3,FALSE) -> 0 | F94: =E94*D94 -> 0 | G94: 2 | H94: =G94*F94 -> 0
A95: Goedereede - Provincialeweg 18a | B95: Buitenzijde | D95: 61.17 | E95: =VLOOKUP(B95,$E$3:$G$9,3,FALSE) -> 0 | F95: =E95*D95 -> 0 | G95: 2 | H95: =G95*F95 -> 0
A96: Goedereede - Provincialeweg 18a | B96: Binnenzijde | D96: 61.17 | E96: =VLOOKUP(B96,$E$3:$G$9,3,FALSE) -> 0 | F96: =E96*D96 -> 0 | G96: 2 | H96: =G96*F96 -> 0
A97: Goedereede - Provincialeweg 18a | B97: Separatieglas dubbelzijdig | D97: 0 | E97: =VLOOKUP(B97,$E$3:$G$9,3,FALSE) -> 0 | F97: =E97*D97 -> 0 | G97: 2 | H97: =G97*F97 -> 0
A98: Goedereede - Provincialeweg 18a | B98: Overhead deuren dubbelzijdig | C98: 6 | D98: 240 | E98: =VLOOKUP(B98,$E$3:$G$9,3,FALSE) -> 0 | F98: =E98*D98 -> 0 | G98: 2 | H98: =G98*F98 -> 0
A99: Barendrecht - Dr. Kuijperstraat 25 | B99: Buitenzijde | D99: 85.07 | E99: =VLOOKUP(B99,$E$3:$G$9,3,FALSE) -> 0 | F99: =E99*D99 -> 0 | G99: 2 | H99: =G99*F99 -> 0
A100: Barendrecht - Dr. Kuijperstraat 25 | B100: Binnenzijde | D100: 85.07 | E100: =VLOOKUP(B100,$E$3:$G$9,3,FALSE) -> 0 | F100: =E100*D100 -> 0 | G100: 2 | H100: =G100*F100 -> 0
A101: Barendrecht - Dr. Kuijperstraat 25 | B101: Separatieglas dubbelzijdig | D101: 0 | E101: =VLOOKUP(B101,$E$3:$G$9,3,FALSE) -> 0 | F101: =E101*D101 -> 0 | G101: 2 | H101: =G101*F101 -> 0 | I101: inmeten bij eerste beurt
...

Sheet 11-Vloeronderhoud
A1: Invoervelden
E2: Handeling | F2: M² prijs (incl uit- en inruimen)
A3: ='2-Kosten per locatie'!A3 -> Naam opdrachtgever | B3: ='2-Kosten per locatie'!B3 -> Veiligheidsregio Rotterdam-Rijnmond | E3: Sprayen
A4: ='2-Kosten per locatie'!A4 -> Calculatie onderdeel | B4: =MID(CELL("bestandsnaam",$C$9),SEARCH("]",CELL("bestandsnaam",$C$9),1)+1,256) -> 11-Vloeronderhoud | E4: Topcoaten
A5: ='2-Kosten per locatie'!A5 -> Gebouw/plaats | B5: ='2-Kosten per locatie'!B5 -> Perceel 1 schoonmaak en glasbewassing | E5: …………………
A6: ='2-Kosten per locatie'!A6 -> Referentie nummer | B6: ='2-Kosten per locatie'!B6 -> 522549 | E6: …………………………………
A7: ='2-Kosten per locatie'!A7 -> Naam dienstverlener | B7: ='2-Kosten per locatie'!B7 -> 0 | E7: …………………………………
A8: ='2-Kosten per locatie'!A8 -> Prijspeil | B8: ='2-Kosten per locatie'!B8 -> 46023
A10: Locatie | B10: Vloerafwerking | C10: Handeling | D10: Aantal m2 | E10: Kosten per m2 | F10: Kosten per beurt | G10: Frequentie per jaar | H10: Totaalkosten per jaar
A11: Rotterdam - Mijnsherenlaan 180 | B11: Linoleum | C11: Sprayen | D11: =SUMIFS('4-Basis ruimtestaat'!H:H,'4-Basis ruimtestaat'!G:G,'11-Vloeronderhoud'!B11,'4-Basis ruimtestaat'!B:B,'11-Vloeronderhoud'!A11) -> 236.418 | E11: =VLOOKUP(C11,$E$3:$F$9,2,FALSE) -> 0 | F11: =(D11*E11) -> 0 | G11: 4 | H11: =G11*F11 -> 0
A12: Rotterdam - Mijnsherenlaan 180 | B12: Linoleum | C12: Topcoaten | D12: =SUMIFS('4-Basis ruimtestaat'!H:H,'4-Basis ruimtestaat'!G:G,'11-Vloeronderhoud'!B12,'4-Basis ruimtestaat'!B:B,'11-Vloeronderhoud'!A12) -> 236.418 | E12: =VLOOKUP(C12,$E$3:$F$9,2,FALSE) -> 0 | F12: =(D12*E12) -> 0 | G12: 1 | H12: =G12*F12 -> 0
A13: Portugaal - S.vd.Kolklaan 77 | B13: Linoleum | C13: Sprayen | D13: =SUMIFS('4-Basis ruimtestaat'!H:H,'4-Basis ruimtestaat'!G:G,'11-Vloeronderhoud'!B13,'4-Basis ruimtestaat'!B:B,'11-Vloeronderhoud'!A13) -> 32.55 | E13: =VLOOKUP(C13,$E$3:$F$9,2,FALSE) -> 0 | F13: =(D13*E13) -> 0 | G13: 4 | H13: =G13*F13 -> 0
A14: Portugaal - S.vd.Kolklaan 77 | B14: Linoleum | C14: Topcoaten | D14: =SUMIFS('4-Basis ruimtestaat'!H:H,'4-Basis ruimtestaat'!G:G,'11-Vloeronderhoud'!B14,'4-Basis ruimtestaat'!B:B,'11-Vloeronderhoud'!A14) -> 32.55 | E14: =VLOOKUP(C14,$E$3:$F$9,2,FALSE) -> 0 | F14: =(D14*E14) -> 0 | G14: 1 | H14: =G14*F14 -> 0
A15: Krimpen a/d Ijssel - Nieuwe Tiendeweg 19+19a | B15: Linoleum | C15: Sprayen | D15: =SUMIFS('4-Basis ruimtestaat'!H:H,'4-Basis ruimtestaat'!G:G,'11-Vloeronderhoud'!B15,'4-Basis ruimtestaat'!B:B,'11-Vloeronderhoud'!A15) -> 126.9 | E15: =VLOOKUP(C15,$E$3:$F$9,2,FALSE) -> 0 | F15: =(D15*E15) -> 0 | G15: 4 | H15: =G15*F15 -> 0
A16: Krimpen a/d Ijssel - Nieuwe Tiendeweg 19+19a | B16: Linoleum | C16: Topcoaten | D16: =SUMIFS('4-Basis ruimtestaat'!H:H,'4-Basis ruimtestaat'!G:G,'11-Vloeronderhoud'!B16,'4-Basis ruimtestaat'!B:B,'11-Vloeronderhoud'!A16) -> 126.9 | E16: =VLOOKUP(C16,$E$3:$F$9,2,FALSE) -> 0 | F16: =(D16*E16) -> 0 | G16: 1 | H16: =G16*F16 -> 0
A17: Brielle - Amer 7 | B17: Linoleum | C17: Sprayen | D17: =SUMIFS('4-Basis ruimtestaat'!H:H,'4-Basis ruimtestaat'!G:G,'11-Vloeronderhoud'!B17,'4-Basis ruimtestaat'!B:B,'11-Vloeronderhoud'!A17) -> 103.488 | E17: =VLOOKUP(C17,$E$3:$F$9,2,FALSE) -> 0 | F17: =(D17*E17) -> 0 | G17: 4 | H17: =G17*F17 -> 0
A18: Brielle - Amer 7 | B18: Linoleum | C18: Topcoaten | D18: =SUMIFS('4-Basis ruimtestaat'!H:H,'4-Basis ruimtestaat'!G:G,'11-Vloeronderhoud'!B18,'4-Basis ruimtestaat'!B:B,'11-Vloeronderhoud'!A18) -> 103.488 | E18: =VLOOKUP(C18,$E$3:$F$9,2,FALSE) -> 0 | F18: =(D18*E18) -> 0 | G18: 1 | H18: =G18*F18 -> 0
A19: HoekvHolland - Planciushof 88 | B19: Linoleum | C19: Sprayen | D19: =SUMIFS('4-Basis ruimtestaat'!H:H,'4-Basis ruimtestaat'!G:G,'11-Vloeronderhoud'!B19,'4-Basis ruimtestaat'!B:B,'11-Vloeronderhoud'!A19) -> 63.84 | E19: =VLOOKUP(C19,$E$3:$F$9,2,FALSE) -> 0 | F19: =(D19*E19) -> 0 | G19: 4 | H19: =G19*F19 -> 0
A20: HoekvHolland - Planciushof 88 | B20: Linoleum | C20: Topcoaten | D20: =SUMIFS('4-Basis ruimtestaat'!H:H,'4-Basis ruimtestaat'!G:G,'11-Vloeronderhoud'!B20,'4-Basis ruimtestaat'!B:B,'11-Vloeronderhoud'!A20) -> 63.84 | E20: =VLOOKUP(C20,$E$3:$F$9,2,FALSE) -> 0 | F20: =(D20*E20) -> 0 | G20: 1 | H20: =G20*F20 -> 0
A21: Rotterdam - Breevaartstraat 1 - 9 | B21: Linoleum | C21: Sprayen | D21: =SUMIFS('4-Basis ruimtestaat'!H:H,'4-Basis ruimtestaat'!G:G,'11-Vloeronderhoud'!B21,'4-Basis ruimtestaat'!B:B,'11-Vloeronderhoud'!A21) -> 554.05 | E21: =VLOOKUP(C21,$E$3:$F$9,2,FALSE) -> 0 | F21: =(D21*E21) -> 0 | G21: 4 | H21: =G21*F21 -> 0
A22: Rotterdam - Breevaartstraat 1 - 9 | B22: Linoleum | C22: Topcoaten | D22: =SUMIFS('4-Basis ruimtestaat'!H:H,'4-Basis ruimtestaat'!G:G,'11-Vloeronderhoud'!B22,'4-Basis ruimtestaat'!B:B,'11-Vloeronderhoud'!A22) -> 554.05 | E22: =VLOOKUP(C22,$E$3:$F$9,2,FALSE) -> 0 | F22: =(D22*E22) -> 0 | G22: 1 | H22: =G22*F22 -> 0
... A50: Barendrecht - Breslau 4 | B50: Linoleum | C50: Topcoaten | D50: =SUMIFS('4-Basis ruimtestaat'!H:H,'4-Basis ruimtestaat'!G:G,'11-Vloeronderhoud'!B50,'4-Basis ruimtestaat'!B:B,'11-Vloeronderhoud'!A50) -> 131 | E50: =VLOOKUP(C50,$E$3:$F$9,2,FALSE) -> 0 | F50: =(D50*E50) -> 0 | G50: 1 | H50: =G50*F50 -> 0
A58: Totaal | D58: =SUM(D11:D57) -> 7550.484 | H58: =SUM(H11:H57) -> 0

Sheet 12-Diepreiniging sanitair
A1: Invoervelden | G1: Voorziening inclusief verbruiksartikelen | L1: Prijs per beurt
G2: Toilet hangend
A3: ='2-Kosten per locatie'!A3 -> Naam opdrachtgever | B3: ='2-Kosten per locatie'!B3 -> Veiligheidsregio Rotterdam-Rijnmond | G3: Urinoir
A4: ='2-Kosten per locatie'!A4 -> Calculatie onderdeel | B4: =MID(CELL("bestandsnaam",$C$9),SEARCH("]",CELL("bestandsnaam",$C$9),1)+1,256) -> 12-Diepreiniging sanitair | G4: Douche cabine
A5: ='2-Kosten per locatie'!A5 -> Gebouw/plaats | B5: ='2-Kosten per locatie'!B5 -> Perceel 1 schoonmaak en glasbewassing | G5: Wastafel
A6: ='2-Kosten per locatie'!A6 -> Referentie nummer | B6: ='2-Kosten per locatie'!B6 -> 522549 | G6: Wastrog
A7: ='2-Kosten per locatie'!A7 -> Naam dienstverlener | B7: ='2-Kosten per locatie'!B7 -> 0 | G7: Ventilatie roosters
A8: ='2-Kosten per locatie'!A8 -> Prijspeil | B8: ='2-Kosten per locatie'!B8 -> 46023 | G8: Vloer (m2)
G9: Wand (m2)
G10: Schrob put
G11: Aanrecht
A13: Aantallen per locatie
A14: Locatie | B14: =G2 -> Toilet hangend | C14: =G3 -> Urinoir | D14: =G4 -> Douche cabine | E14: =G5 -> Wastafel | F14: =G6 -> Wastrog | G14: =G7 -> Ventilatie roosters | H14: =G8 -> Vloer (m2) | I14: =G9 -> Wand (m2) | J14: =G10 -> Schrob put | K14: =G11 -> Aanrecht
A15: Barendrecht - Breslau 2 | B15: 17 | C15: 4 | D15: 2 | E15: 14 | F15: 1 | G15: 18 | H15: 115 | I15: 146 | J15: 2
A16: Barendrecht - Breslau 4 | P16: aantallen opnemen bij eertse beurt
A17: Barendrecht - Dr. Kuijperstraat 25 | B17: 6 | C17: 2 | D17: 2 | E17: 5 | G17: 12 | H17: 76 | I17: 155 | J17: 1
A18: Berkel - Berkelse Poort 25 | B18: 12 | C18: 4 | E18: 11 | F18: 1 | G18: 20 | H18: 88 | I18: 242
A19: Bleiswijk - J. v/d Heydenstraat 6 | B19: 3 | C19: 1 | E19: 2 | F19: 1 | G19: 6 | H19: 13 | I19: 54 | J19: 1
A20: Brielle - Amer 7 | B20: 2 | D20: 2 | E20: 3 | G20: 4 | H20: 16 | I20: 6
A21: Brielle - Krammer 2 | P21: aantallen opnemen bij eertse beurt
A22: Capelle a/d Ijssel - Slotlaan 121 | B22: 10 | C22: 5 | D22: 10 | E22: 26 | G22: 21 | H22: 153 | I22: 190 | J22: 1
A23: Dirksland - Philipshoofjesweg 57a | P23: aantallen opnemen bij eertse beurt
A24: Dirksland - Watertoren 45d | B24: 1 | C24: 1 | D24: 1 | E24: 2 | G24: 2 | H24: 4 | I24: 20
A25: Goedereede - Provincialeweg 18a | P25: aantallen opnemen bij eertse beurt
A26: Hellevoetsluis - Tolweg 45a | B26: 6 | C26: 2 | D26: 3 | E26: 6 | G26: 12 | H26: 29 | I26: 136
A27: Hellevoetsluis - Zwartedijk 2 | P27: aantallen opnemen bij eertse beurt
A28: HoekvHolland - Planciushof 88 | B28: 4 | D28: 2 | E28: 4 | G28: 4 | H28: 9 | I28: 70
A29: Ouddorp - Hofdijksweg 27 | P29: aantallen opnemen bij eertse beurt
A30: Krimpen a/d Ijssel - Nieuwe Tiendeweg 19+19a | B30: 7 | C30: 6 | D30: 1 | E30: 8 | F30: 1 | G30: 12 | H30: 65 | I30: 135
A31: Maassluis - Elektraweg 3 | B31: 4 | C31: 4 | D31: 3 | E31: 5 | F31: 1 | G31: 11 | H31: 39 | I31: 88
A32: Sommelsdijk - Olympiaweg 38 | P32: aantallen opnemen bij eertse beurt
A33: Middelharnis - Stevinweg 11 | P33: aantallen opnemen bij eertse beurt
A34: Nieuwe-Tonge - Molendijk 138C | B34: 2 | E34: 2 | G34: 2 | H34: 4 | I34: 16
A35: Oostvoorne - Langeweg 32C | P35: aantallen opnemen bij eertse beurt
